Workbook
Name propHomesSince2002: 'Draught Stripping'!$B$18
Name propGasRegular: Assumptions!$B$42
Name VulnerableHouseholdsLikely: Assumptions!$D$31
Name numOtherElectricHeatersEngland: Assumptions!$C$94
Name MeanDomesticOilBill: Assumptions!$B$54
Name Therm1CSaving: Assumptions!$D$77
Name MeanOilBill2022: Assumptions!$B$55
Name propTolerantShorterHeatingSeasonHigh: 'Shorter Heating Season'!$D$48
Name gasBillPropSpace: Assumptions!$B$41
Name carbonGasPerGWh: Assumptions!$B$6
Name carbonElectricityPerkWh: Assumptions!$B$7
Name YearTotalDD: 'Shorter Heating Season'!$B$16
Name propOtherElectricHeatersEngland: Assumptions!$B$94
Name DDFactorLow: 'Shorter Heating Season'!$B$25
Name ReduceTherm1Clow: 'Reduce Room Thermostat'!$G$23
Name ReduceTherm2Clikely: 'Reduce Room Thermostat'!$I$24
Name numStorageHeatersEngland: Assumptions!$C$93
Name PropGasBillDuetoSpHeating: 'Shorter Heating Season'!$B$27
Name kwhPerKtoe: Assumptions!$B$4
Name numberDwellingsUK: Assumptions!$B$19
Name DDFactorHigh: 'Shorter Heating Season'!$D$25
Name TotalStorageHeaters: Assumptions!$C$126
Name propTolerantShorterHeatingSeasonLow: 'Shorter Heating Season'!$B$48
Name TotalGasBoilers: Assumptions!$C$124
Name TotalDomesticElecHeating: Assumptions!$C$128
Name propStorageHeatersEngland: Assumptions!$B$93
Name ReduceTherm2Clow: 'Reduce Room Thermostat'!$G$24
Name MeanElectricHeatingBill2022: Assumptions!$B$70
Name propHomesGasHeating: Assumptions!$B$43
Name NewTotalDomesticGasKwh: Assumptions!$B$35
Name SelectedPricePeriod: Tariffs!$B$10
Name numberHomesOtherElectricHeaters: Assumptions!$B$66
Name Therm2CSavingLow: 'Reduce Room Thermostat'!$G$24
Name MeanTotalDomesticGasBill2022: Assumptions!$B$40
Name numberHomesGasHeating: Assumptions!$B$38
Name ReduceTherm1Clikely: 'Reduce Room Thermostat'!$I$23
Name gasStandingCharge: Tariffs!$E$11
Name oilBillPropSpace: Assumptions!$B$56
Name VulnerableHouseholdsHigh: Assumptions!$C$31
Name PropAlreadyDraughts: 'Draught Stripping'!$B$19
Name ReduceTherm1Chigh: 'Reduce Room Thermostat'!$H$23
Name TotalOtherElectrickWh: Assumptions!$B$72
Name carbonElectricitryPerkWh: Assumptions!$B$7
Name propTherm18OKLikely: 'Reduce Room Thermostat'!$D$18
Name numberHomesOilHeating: Assumptions!$B$52
Name propTherm19OKLow: 'Reduce Room Thermostat'!$B$17
Name TotalOtherElectricHeaters: Assumptions!$C$127
Name NewHomesLowFlowBoilers: 'Reducing radiator temp'!$C$110
Name propTherm19OKHigh: 'Reduce Room Thermostat'!$C$17
Name MeanElectricBill2022: Assumptions!$B$70
Name propTherm19OKLikely: 'Reduce Room Thermostat'!$D$17
Name kwhPerToe: Assumptions!$B$3
Name OffPeakTariff: Tariffs!$B$39
Name propTolerantShorterHeatingSeasonMedium: 'Shorter Heating Season'!$C$48
Name propOilRegular: Assumptions!$B$57
Name elecPricePerkWh: Tariffs!$B$11
Name propHomesCentralTherm: 'Reduce Room Thermostat'!$D$25
Name propTherm18OKHigh: 'Reduce Room Thermostat'!$C$18
Name carbonGasTperGWh: Assumptions!$B$6
Name propTherm18OKLow: 'Reduce Room Thermostat'!$B$18

Sheet Cover sheet
K3: These energy-saving estimates were originally assembled by Cambridge Architectural Research in August-September 2022, under contract to Nesta, the UK innovation agency for social good. This work built on the work CAR carried out for the Department of Energy and Climate Change (now DESNZ) in 2012. NESTA commissioned CAR to revise the estimates in June-July 2026, to coincide with Ofgem's higher energy-price caps. We reveiwed and incorporated new evidence, updated methods, and revised housing and population data to reflect the larger, slightly more energy efficiency housing stock. Note that all of the estimates have been revised, and these findings are not directly comparable to earlier work. In all cases, per-dwelling energy savings are estimated using the best-available evidence, supplemented by modelling and explicit assumptions that are recorded in the worksheets here. In many cases the evidence base is limited, and likely to improve over time. This workbook is intended to be updated iteratively over time as more evidence becomes available. There is more information about the Cambridge Housing Model, used as a starting point for some of the estimates, here: http://tinyurl.com/HousingFactFile There is also more information about CODE, the Cost-Optimal Domestic Electrification model, which is also used for some estimates, here: https://www.gov.uk/government/publications/cost-optimal-domestic-electrification-code CAR's original work quantifying energy-saving behaviours is available here: https://www.gov.uk/government/publications/how-much-energy-could-be-saved-by-making-small-changes-to-everyday-household-behaviours Our original work for NESTA is available here: https://www.nesta.org.uk/report/free-and-low-cost-energy-saving-actions-to-bring-down-bills-improve-energy-security-and-help-the-planet/
K9: Worksheets | L9: Overview
K10: Summary | L10: An overview of our findings, drawing information from all other sheets
K11: Packages | L11: Illustrative packages of multiple energy-saving actions. Note that in most cases savings cannot be simply added together.
K12: Other sheets | L12: Detailed discussion and calculations behind each of the Energy-Saving Actions listed in the Summary sheet

Sheet Packages
A1: PACKAGES OF MEASURES
B4: Bill savings per household kWh/year (gas) | E4: Bill savings per household kWh/year (oil) *** | I4: Multiplication factor for bill
B5: Low | C5: Medium | D5: High | E5: Low | F5: Medium | G5: High | I5: Low | J5: Medium | K5: High
A6: No upfront cost (Combi boiler)
A7: Reduce flow temperature to 60°C * | B7: {=INDEX(Summary!B$5:B$44,MATCH($M7,Summary!$A$5:$A$44,0))} -> 470 | C7: {=INDEX(Summary!C$5:C$44,MATCH($M7,Summary!$A$5:$A$44,0))} -> 720 | D7: {=INDEX(Summary!D$5:D$44,MATCH($M7,Summary!$A$5:$A$44,0))} -> 800 | E7: {=INDEX(Summary!E$5:E$44,MATCH($M7,Summary!$A$5:$A$44,0))} -> 0 | F7: {=INDEX(Summary!F$5:F$44,MATCH($M7,Summary!$A$5:$A$44,0))} -> 0 | G7: {=INDEX(Summary!G$5:G$44,MATCH($M7,Summary!$A$5:$A$44,0))} -> 0 | H7: {=INDEX(Summary!AJ$5:AJ$44,MATCH($M7,Summary!$A$5:$A$44,0))} -> Multiply | I7: =IF($H7="Multiply",(1-B7/MeanDomesticGasBill),1) -> 0.95241073 | J7: =IF($H7="Multiply",(1-C7/MeanDomesticGasBill),1) -> 0.92709729 | K7: =IF($H7="Multiply",(1-D7/MeanDomesticGasBill),1) -> 0.91899699 | M7: … to Flow 60°C (lower indoor temp) | P7: *Note that oil boilers do not benefit in the same way as gas boilers from lower flow temperatures, so there are no savings.
A8: Close curtains at night | B8: {=INDEX(Summary!B$5:B$44,MATCH($M8,Summary!$A$5:$A$44,0))} -> 30 | C8: {=INDEX(Summary!C$5:C$44,MATCH($M8,Summary!$A$5:$A$44,0))} -> 90 | D8: {=INDEX(Summary!D$5:D$44,MATCH($M8,Summary!$A$5:$A$44,0))} -> 180 | E8: {=INDEX(Summary!E$5:E$44,MATCH($M8,Summary!$A$5:$A$44,0))} -> 50 | F8: {=INDEX(Summary!F$5:F$44,MATCH($M8,Summary!$A$5:$A$44,0))} -> 160 | G8: {=INDEX(Summary!G$5:G$44,MATCH($M8,Summary!$A$5:$A$44,0))} -> 300 | H8: {=INDEX(Summary!AJ$5:AJ$44,MATCH($M8,Summary!$A$5:$A$44,0))} -> Add | I8: =IF($H8="Multiply",(1-B8/MeanDomesticGasBill),1) -> 1 | J8: =IF($H8="Multiply",(1-C8/MeanDomesticGasBill),1) -> 1 | K8: =IF($H8="Multiply",(1-D8/MeanDomesticGasBill),1) -> 1 | M8: Closing curtains at night
A9: Turn off pre-heat facility | B9: {=INDEX(Summary!$B$5:B$44,MATCH($M9,Summary!$A$5:$A$44,0))} -> 2.5735294 | C9: {=INDEX(Summary!C$5:C$44,MATCH($M9,Summary!$A$5:$A$44,0))} -> 92.647059 | D9: {=INDEX(Summary!D$5:D$44,MATCH($M9,Summary!$A$5:$A$44,0))} -> 466.66667 | E9: {=INDEX(Summary!E$5:E$44,MATCH($M9,Summary!$A$5:$A$44,0))} -> 0 | F9: {=INDEX(Summary!F$5:F$44,MATCH($M9,Summary!$A$5:$A$44,0))} -> 0 | G9: {=INDEX(Summary!G$5:G$44,MATCH($M9,Summary!$A$5:$A$44,0))} -> 0 | H9: {=INDEX(Summary!AJ$5:AJ$44,MATCH($M9,Summary!$A$5:$A$44,0))} -> Add | I9: =IF($H9="Multiply",(1-B9/MeanDomesticGasBill),1) -> 1 | J9: =IF($H9="Multiply",(1-C9/MeanDomesticGasBill),1) -> 1 | K9: =IF($H9="Multiply",(1-D9/MeanDomesticGasBill),1) -> 1 | M9: Turn off pre-heat facility
A10: Readjusting existing TRVs outside the living room to 1.5°C cooler than before | B10: {=INDEX(Summary!B$5:B$44,MATCH($M10,Summary!$A$5:$A$44,0))} -> 0 | C10: {=INDEX(Summary!C$5:C$44,MATCH($M10,Summary!$A$5:$A$44,0))} -> 510 | D10: {=INDEX(Summary!D$5:D$44,MATCH($M10,Summary!$A$5:$A$44,0))} -> 1010 | E10: {=INDEX(Summary!E$5:E$44,MATCH($M10,Summary!$A$5:$A$44,0))} -> 0 | F10: {=INDEX(Summary!F$5:F$44,MATCH($M10,Summary!$A$5:$A$44,0))} -> 850 | G10: {=INDEX(Summary!G$5:G$44,MATCH($M10,Summary!$A$5:$A$44,0))} -> 1700 | H10: {=INDEX(Summary!AJ$5:AJ$44,MATCH($M10,Summary!$A$5:$A$44,0))} -> Multiply | I10: =IF($H10="Multiply",(1-B10/MeanDomesticGasBill),1) -> 1 | J10: =IF($H10="Multiply",(1-C10/MeanDomesticGasBill),1) -> 0.94836058 | K10: =IF($H10="Multiply",(1-D10/MeanDomesticGasBill),1) -> 0.8977337 | M10: Readjusting existing TRVs outside the living room to 1.5°C cooler than before
A12: Sum of added measures** | B12: =SUMIFS(B7:B10,$H7:$H10,"Add") -> 32.573529 | C12: =SUMIFS(C7:C10,$H7:$H10,"Add") -> 182.64706 | D12: =SUMIFS(D7:D10,$H7:$H10,"Add") -> 646.66667 | E12: =SUMIFS(E7:E10,$H7:$H10,"Add") -> 50 | F12: =SUMIFS(F7:F10,$H7:$H10,"Add") -> 160 | G12: =SUMIFS(G7:G10,$H7:$H10,"Add") -> 300 | H12: kWh | P12: **Since pre-heat savings do not apply to oil boilers, the pattern of added measures follows a different pattern from other combinations of measures.
A13: Multiply factor, after adding savings, for measures combined by adding together | B13: =1-B12/MeanDomesticGasBill -> 0.99670181 | C13: =1-C12/MeanDomesticGasBill -> 0.9815063 | D13: =1-D12/MeanDomesticGasBill -> 0.93452257 | E13: =1-E12/MeanDomesticOilBill -> 0.99698576 | F13: =1-F12/MeanDomesticOilBill -> 0.99035444 | G13: =1-G12/MeanDomesticOilBill -> 0.98191458
A14: Apply multiplicative savings | B14: =PRODUCT(B13,I7:I10) -> 0.9492695 | C14: =PRODUCT(C13,J7:J10) -> 0.86296245 | D14: =PRODUCT(D13,K7:K10) -> 0.77099473 | E14: =PRODUCT(E13,I7:I10) -> 0.94953994 | F14: =PRODUCT(F13,J7:J10) -> 0.87074194 | G14: =PRODUCT(G13,K7:K10) -> 0.81009384
A15: Bill savings as proportion of bill | B15: =1-B14 -> 0.050730502 | C15: =1-C14 -> 0.13703755 | D15: =1-D14 -> 0.22900527 | E15: =1-E14 -> 0.050460059 | F15: =1-F14 -> 0.12925806 | G15: =1-G14 -> 0.18990616 | H15: %
A16: Resulting savings | B16: =ROUND(MeanDomesticGasBill*(1-B14)*gasPricePerkWh/100,-1) -> 40 | C16: =ROUND(MeanDomesticGasBill*(1-C14)*gasPricePerkWh/100,-1) -> 110 | D16: =ROUND(MeanDomesticGasBill*(1-D14)*gasPricePerkWh/100,-1) -> 180 | E16: =ROUND(MeanDomesticGasBill*(1-E14)*oilPricePerkWh/100,-1) -> 50 | F16: =ROUND(MeanDomesticGasBill*(1-F14)*oilPricePerkWh/100,-1) -> 120 | G16: =ROUND(MeanDomesticGasBill*(1-G14)*oilPricePerkWh/100,-1) -> 180
A18: No upfront cost (System boiler)
A19: Reducing the cylinder temperature to 60°C | B19: {=INDEX(Summary!B$5:B$44,MATCH($M19,Summary!$A$5:$A$44,0))} -> 80 | C19: {=INDEX(Summary!C$5:C$44,MATCH($M19,Summary!$A$5:$A$44,0))} -> 230 | D19: {=INDEX(Summary!D$5:D$44,MATCH($M19,Summary!$A$5:$A$44,0))} -> 390 | E19: {=INDEX(Summary!E$5:E$44,MATCH($M19,Summary!$A$5:$A$44,0))} -> 230 | F19: {=INDEX(Summary!F$5:F$44,MATCH($M19,Summary!$A$5:$A$44,0))} -> 430 | G19: {=INDEX(Summary!G$5:G$44,MATCH($M19,Summary!$A$5:$A$44,0))} -> 590 | H19: {=INDEX(Summary!AJ$5:AJ$44,MATCH($M19,Summary!$A$5:$A$44,0))} -> Add | I19: =IF($H19="Multiply",(1-E19/MeanDomesticGasBill),1) -> 1 | J19: =IF($H19="Multiply",(1-F19/MeanDomesticGasBill),1) -> 1 | K19: =IF($H19="Multiply",(1-G19/MeanDomesticGasBill),1) -> 1 | M19: Reducing the cylinder temperature to 60°C
A20: Close curtains at night | B20: {=INDEX(Summary!B$5:B$44,MATCH($M20,Summary!$A$5:$A$44,0))} -> 30 | C20: {=INDEX(Summary!C$5:C$44,MATCH($M20,Summary!$A$5:$A$44,0))} -> 90 | D20: {=INDEX(Summary!D$5:D$44,MATCH($M20,Summary!$A$5:$A$44,0))} -> 180 | E20: {=INDEX(Summary!E$5:E$44,MATCH($M20,Summary!$A$5:$A$44,0))} -> 50 | F20: {=INDEX(Summary!F$5:F$44,MATCH($M20,Summary!$A$5:$A$44,0))} -> 160 | G20: {=INDEX(Summary!G$5:G$44,MATCH($M20,Summary!$A$5:$A$44,0))} -> 300 | H20: {=INDEX(Summary!AJ$5:AJ$44,MATCH($M20,Summary!$A$5:$A$44,0))} -> Add | I20: =IF($H20="Multiply",(1-E20/MeanDomesticGasBill),1) -> 1 | J20: =IF($H20="Multiply",(1-F20/MeanDomesticGasBill),1) -> 1 | K20: =IF($H20="Multiply",(1-G20/MeanDomesticGasBill),1) -> 1 | M20: Closing curtains at night
A21: Readjusting existing TRVs outside the living room to 1.5°C cooler than before | B21: {=INDEX(Summary!B$5:B$44,MATCH($M21,Summary!$A$5:$A$44,0))} -> 0 | C21: {=INDEX(Summary!C$5:C$44,MATCH($M21,Summary!$A$5:$A$44,0))} -> 510 | D21: {=INDEX(Summary!D$5:D$44,MATCH($M21,Summary!$A$5:$A$44,0))} -> 1010 | E21: {=INDEX(Summary!E$5:E$44,MATCH($M21,Summary!$A$5:$A$44,0))} -> 0 | F21: {=INDEX(Summary!F$5:F$44,MATCH($M21,Summary!$A$5:$A$44,0))} -> 850 | G21: {=INDEX(Summary!G$5:G$44,MATCH($M21,Summary!$A$5:$A$44,0))} -> 1700 | H21: {=INDEX(Summary!AJ$5:AJ$44,MATCH($M21,Summary!$A$5:$A$44,0))} -> Multiply | I21: =IF($H21="Multiply",(1-B21/MeanDomesticGasBill),1) -> 1 | J21: =IF($H21="Multiply",(1-C21/MeanDomesticGasBill),1) -> 0.94836058 | K21: =IF($H21="Multiply",(1-D21/MeanDomesticGasBill),1) -> 0.8977337 | M21: Readjusting existing TRVs outside the living room to 1.5°C cooler than before
A23: Sum of added measures | B23: =SUMIFS(B19:B21,$H19:$H21,"Add") -> 110 | C23: =SUMIFS(C19:C21,$H19:$H21,"Add") -> 320 | D23: =SUMIFS(D19:D21,$H19:$H21,"Add") -> 570 | E23: =SUMIFS(E19:E21,$H19:$H21,"Add") -> 280 | F23: =SUMIFS(F19:F21,$H19:$H21,"Add") -> 590 | G23: =SUMIFS(G19:G21,$H19:$H21,"Add") -> 890 | H23: kWh
A24: =A13 -> Multiply factor, after adding savings, for measures combined by adding together | B24: =1-B23/MeanDomesticGasBill -> 0.98886209 | C24: =1-C23/MeanDomesticGasBill -> 0.9675988 | D24: =1-D23/MeanDomesticGasBill -> 0.94228536 | E24: =1-E23/MeanDomesticOilBill -> 0.98312028 | F24: =1-F23/MeanDomesticOilBill -> 0.96443201 | G24: =1-G23/MeanDomesticOilBill -> 0.94634659
A25: =A14 -> Apply multiplicative savings | B25: =PRODUCT(B24,I19:I21) -> 0.98886209 | C25: =PRODUCT(C24,J19:J21) -> 0.91763256 | D25: =PRODUCT(D24,K19:K21) -> 0.84592132 | E25: =PRODUCT(E24,I19:I21) -> 0.98312028 | F25: =PRODUCT(F24,J19:J21) -> 0.9146293 | G25: =PRODUCT(G24,K19:K21) -> 0.84956723
A26: =A15 -> Bill savings as proportion of bill | B26: =1-B25 -> 0.011137914 | C26: =1-C25 -> 0.082367442 | D26: =1-D25 -> 0.15407868 | E26: =1-E25 -> 0.016879723 | F26: =1-F25 -> 0.085370696 | G26: =1-G25 -> 0.15043277 | H26: %
A27: Resulting savings | B27: =ROUND(MeanDomesticGasBill*(1-B25)*gasPricePerkWh/100,-1) -> 10 | C27: =ROUND(MeanDomesticGasBill*(1-C25)*gasPricePerkWh/100,-1) -> 60 | D27: =ROUND(MeanDomesticGasBill*(1-D25)*gasPricePerkWh/100,-1) -> 120 | E27: =ROUND(MeanDomesticGasBill*(1-E25)*oilPricePerkWh/100,-1) -> 20 | F27: =ROUND(MeanDomesticGasBill*(1-F25)*oilPricePerkWh/100,-1) -> 80 | G27: =ROUND(MeanDomesticGasBill*(1-G25)*oilPricePerkWh/100,-1) -> 140
A29: Thermal comfort
A30: Upgrade loft insulation from 50-100 mm to 300mm | B30: {=INDEX(Summary!B$5:B$44,MATCH($M30,Summary!$A$5:$A$44,0))} -> 540 | C30: {=INDEX(Summary!C$5:C$44,MATCH($M30,Summary!$A$5:$A$44,0))} -> 710 | D30: {=INDEX(Summary!D$5:D$44,MATCH($M30,Summary!$A$5:$A$44,0))} -> 800 | E30: {=INDEX(Summary!E$5:E$44,MATCH($M30,Summary!$A$5:$A$44,0))} -> 880 | F30: {=INDEX(Summary!F$5:F$44,MATCH($M30,Summary!$A$5:$A$44,0))} -> 1150 | G30: {=INDEX(Summary!G$5:G$44,MATCH($M30,Summary!$A$5:$A$44,0))} -> 1290 | H30: {=INDEX(Summary!AJ$5:AJ$44,MATCH($M30,Summary!$A$5:$A$44,0))} -> Add | I30: =IF($H30="Multiply",(1-B30/MeanDomesticGasBill),1) -> 1 | J30: =IF($H30="Multiply",(1-C30/MeanDomesticGasBill),1) -> 1 | K30: =IF($H30="Multiply",(1-D30/MeanDomesticGasBill),1) -> 1 | M30: 50-100 to 300mm*
A31: Install smart thermostat | B31: {=INDEX(Summary!B$5:B$44,MATCH($M31,Summary!$A$5:$A$44,0))} -> 220 | C31: {=INDEX(Summary!C$5:C$44,MATCH($M31,Summary!$A$5:$A$44,0))} -> 480 | D31: {=INDEX(Summary!D$5:D$44,MATCH($M31,Summary!$A$5:$A$44,0))} -> 740 | E31: {=INDEX(Summary!E$5:E$44,MATCH($M31,Summary!$A$5:$A$44,0))} -> 400 | F31: {=INDEX(Summary!F$5:F$44,MATCH($M31,Summary!$A$5:$A$44,0))} -> 870 | G31: {=INDEX(Summary!G$5:G$44,MATCH($M31,Summary!$A$5:$A$44,0))} -> 1340 | H31: {=INDEX(Summary!AJ$5:AJ$44,MATCH($M31,Summary!$A$5:$A$44,0))} -> Multiply | I31: =IF($H31="Multiply",(1-B31/MeanDomesticGasBill),1) -> 0.97772417 | J31: =IF($H31="Multiply",(1-C31/MeanDomesticGasBill),1) -> 0.95139819 | K31: =IF($H31="Multiply",(1-D31/MeanDomesticGasBill),1) -> 0.92507222 | M31: Smart thermostats (e.g. NEST)
A32: Add window film to all windows | B32: {=INDEX(Summary!B$5:B$44,MATCH($M32,Summary!$A$5:$A$44,0))} -> 250 | C32: {=INDEX(Summary!C$5:C$44,MATCH($M32,Summary!$A$5:$A$44,0))} -> 380 | D32: {=INDEX(Summary!D$5:D$44,MATCH($M32,Summary!$A$5:$A$44,0))} -> 500 | E32: {=INDEX(Summary!E$5:E$44,MATCH($M32,Summary!$A$5:$A$44,0))} -> 440 | F32: {=INDEX(Summary!F$5:F$44,MATCH($M32,Summary!$A$5:$A$44,0))} -> 650 | G32: {=INDEX(Summary!G$5:G$44,MATCH($M32,Summary!$A$5:$A$44,0))} -> 860 | H32: {=INDEX(Summary!AJ$5:AJ$44,MATCH($M32,Summary!$A$5:$A$44,0))} -> Add | I32: =IF($H32="Multiply",(1-B32/MeanDomesticGasBill),1) -> 1 | J32: =IF($H32="Multiply",(1-C32/MeanDomesticGasBill),1) -> 1 | K32: =IF($H32="Multiply",(1-D32/MeanDomesticGasBill),1) -> 1 | M32: Add window film to all windows
A33: Reduce flow temperature to 60C (efficiency only) | B33: {=INDEX(Summary!B$5:B$44,MATCH($M33,Summary!$A$5:$A$44,0))} -> 220 | C33: {=INDEX(Summary!C$5:C$44,MATCH($M33,Summary!$A$5:$A$44,0))} -> 320 | D33: {=INDEX(Summary!D$5:D$44,MATCH($M33,Summary!$A$5:$A$44,0))} -> 420 | E33: {=INDEX(Summary!E$5:E$44,MATCH($M33,Summary!$A$5:$A$44,0))} -> 0 | F33: {=INDEX(Summary!F$5:F$44,MATCH($M33,Summary!$A$5:$A$44,0))} -> 0 | G33: {=INDEX(Summary!G$5:G$44,MATCH($M33,Summary!$A$5:$A$44,0))} -> 0 | H33: {=INDEX(Summary!AJ$5:AJ$44,MATCH($M33,Summary!$A$5:$A$44,0))} -> Multiply | I33: =IF($H33="Multiply",(1-B33/MeanDomesticGasBill),1) -> 0.97772417 | J33: =IF($H33="Multiply",(1-C33/MeanDomesticGasBill),1) -> 0.9675988 | K33: =IF($H33="Multiply",(1-D33/MeanDomesticGasBill),1) -> 0.95747342 | M33: … to Flow 60°C (same indoor temp)
A35: =A23 -> Sum of added measures | B35: =SUMIFS(B30:B33,$H30:$H33,"Add") -> 790 | C35: =SUMIFS(C30:C33,$H30:$H33,"Add") -> 1090 | D35: =SUMIFS(D30:D33,$H30:$H33,"Add") -> 1300 | E35: =SUMIFS(E30:E33,$H30:$H33,"Add") -> 1320 | F35: =SUMIFS(F30:F33,$H30:$H33,"Add") -> 1800 | G35: =SUMIFS(G30:G33,$H30:$H33,"Add") -> 2150 | H35: kWh
A36: =A24 -> Multiply factor, after adding savings, for measures combined by adding together | B36: =1-B35/MeanDomesticGasBill -> 0.92000953 | C36: =1-C35/MeanDomesticGasBill -> 0.8896334 | D36: =1-D35/MeanDomesticGasBill -> 0.86837011 | E36: =1-E35/MeanDomesticOilBill -> 0.92042416 | F36: =1-F35/MeanDomesticOilBill -> 0.8914875 | G36: =1-G35/MeanDomesticOilBill -> 0.87038784
A37: =A25 -> Apply multiplicative savings | B37: =PRODUCT(B36,I30:I33) -> 0.8794781 | C37: =PRODUCT(C36,J30:J33) -> 0.81897137 | D37: =PRODUCT(D36,K30:K33) -> 0.76914325 | E37: =PRODUCT(E36,I30:I33) -> 0.87987447 | F37: =PRODUCT(F36,J30:J33) -> 0.8206782 | G37: =PRODUCT(G36,K30:K33) -> 0.77093042
A38: =A26 -> Bill savings as proportion of bill | B38: =1-B37 -> 0.1205219 | C38: =1-C37 -> 0.18102863 | D38: =1-D37 -> 0.23085675 | E38: =1-E37 -> 0.12012553 | F38: =1-F37 -> 0.1793218 | G38: =1-G37 -> 0.22906958 | H38: %
A39: Resulting savings | B39: =ROUND(MeanDomesticGasBill*(1-B37)*gasPricePerkWh/100,-1) -> 90 | C39: =ROUND(MeanDomesticGasBill*(1-C37)*gasPricePerkWh/100,-1) -> 140 | D39: =ROUND(MeanDomesticGasBill*(1-D37)*gasPricePerkWh/100,-1) -> 180 | E39: =ROUND(MeanDomesticGasBill*(1-E37)*oilPricePerkWh/100,-1) -> 110 | F39: =ROUND(MeanDomesticGasBill*(1-F37)*oilPricePerkWh/100,-1) -> 170 | G39: =ROUND(MeanDomesticGasBill*(1-G37)*oilPricePerkWh/100,-1) -> 220
A41: High bill savings (Combi Boiler)
A42: Install TRVs and ajust them to 3°C cooler outside the living room | B42: {=INDEX(Summary!B$5:B$44,MATCH($M42,Summary!$A$5:$A$44,0))} -> 690 | C42: {=INDEX(Summary!C$5:C$44,MATCH($M42,Summary!$A$5:$A$44,0))} -> 1010 | D42: {=INDEX(Summary!D$5:D$44,MATCH($M42,Summary!$A$5:$A$44,0))} -> 1330 | E42: {=INDEX(Summary!E$5:E$44,MATCH($M42,Summary!$A$5:$A$44,0))} -> 1160 | F42: {=INDEX(Summary!F$5:F$44,MATCH($M42,Summary!$A$5:$A$44,0))} -> 1700 | G42: {=INDEX(Summary!G$5:G$44,MATCH($M42,Summary!$A$5:$A$44,0))} -> 2240 | H42: {=INDEX(Summary!AJ$5:AJ$44,MATCH($M42,Summary!$A$5:$A$44,0))} -> Multiply | I42: =IF($H42="Multiply",(1-B42/MeanDomesticGasBill),1) -> 0.9301349 | J42: =IF($H42="Multiply",(1-C42/MeanDomesticGasBill),1) -> 0.8977337 | K42: =IF($H42="Multiply",(1-D42/MeanDomesticGasBill),1) -> 0.8653325 | M42: Starting from all rooms at the same temperature, adjust TRVs to 3°C cooler outside the living room
A43: Install smart thermostat | B43: {=INDEX(Summary!B$5:B$44,MATCH($M43,Summary!$A$5:$A$44,0))} -> 220 | C43: {=INDEX(Summary!C$5:C$44,MATCH($M43,Summary!$A$5:$A$44,0))} -> 480 | D43: {=INDEX(Summary!D$5:D$44,MATCH($M43,Summary!$A$5:$A$44,0))} -> 740 | E43: {=INDEX(Summary!E$5:E$44,MATCH($M43,Summary!$A$5:$A$44,0))} -> 400 | F43: {=INDEX(Summary!F$5:F$44,MATCH($M43,Summary!$A$5:$A$44,0))} -> 870 | G43: {=INDEX(Summary!G$5:G$44,MATCH($M43,Summary!$A$5:$A$44,0))} -> 1340 | H43: {=INDEX(Summary!AJ$5:AJ$44,MATCH($M43,Summary!$A$5:$A$44,0))} -> Multiply | I43: =IF($H43="Multiply",(1-B43/MeanDomesticGasBill),1) -> 0.97772417 | J43: =IF($H43="Multiply",(1-C43/MeanDomesticGasBill),1) -> 0.95139819 | K43: =IF($H43="Multiply",(1-D43/MeanDomesticGasBill),1) -> 0.92507222 | M43: Smart thermostats (e.g. NEST)
A44: Upgrade loft insulation from 50-100 mm to 300mm | B44: {=INDEX(Summary!B$5:B$44,MATCH($M44,Summary!$A$5:$A$44,0))} -> 540 | C44: {=INDEX(Summary!C$5:C$44,MATCH($M44,Summary!$A$5:$A$44,0))} -> 710 | D44: {=INDEX(Summary!D$5:D$44,MATCH($M44,Summary!$A$5:$A$44,0))} -> 800 | E44: {=INDEX(Summary!E$5:E$44,MATCH($M44,Summary!$A$5:$A$44,0))} -> 880 | F44: {=INDEX(Summary!F$5:F$44,MATCH($M44,Summary!$A$5:$A$44,0))} -> 1150 | G44: {=INDEX(Summary!G$5:G$44,MATCH($M44,Summary!$A$5:$A$44,0))} -> 1290 | H44: {=INDEX(Summary!AJ$5:AJ$44,MATCH($M44,Summary!$A$5:$A$44,0))} -> Add | I44: =IF($H44="Multiply",(1-B44/MeanDomesticGasBill),1) -> 1 | J44: =IF($H44="Multiply",(1-C44/MeanDomesticGasBill),1) -> 1 | K44: =IF($H44="Multiply",(1-D44/MeanDomesticGasBill),1) -> 1 | M44: 50-100 to 300mm*
A45: Reduce flow temperature to 55°C (lower indoor temp) | B45: {=INDEX(Summary!B$5:B$44,MATCH($M45,Summary!$A$5:$A$44,0))} -> 670 | C45: {=INDEX(Summary!C$5:C$44,MATCH($M45,Summary!$A$5:$A$44,0))} -> 1030 | D45: {=INDEX(Summary!D$5:D$44,MATCH($M45,Summary!$A$5:$A$44,0))} -> 1130 | E45: {=INDEX(Summary!E$5:E$44,MATCH($M45,Summary!$A$5:$A$44,0))} -> 0 | F45: {=INDEX(Summary!F$5:F$44,MATCH($M45,Summary!$A$5:$A$44,0))} -> 0 | G45: {=INDEX(Summary!G$5:G$44,MATCH($M45,Summary!$A$5:$A$44,0))} -> 0 | H45: {=INDEX(Summary!AJ$5:AJ$44,MATCH($M45,Summary!$A$5:$A$44,0))} -> Multiply | I45: =IF($H45="Multiply",(1-B45/MeanDomesticGasBill),1) -> 0.93215998 | J45: =IF($H45="Multiply",(1-C45/MeanDomesticGasBill),1) -> 0.89570863 | K45: =IF($H45="Multiply",(1-D45/MeanDomesticGasBill),1) -> 0.88558325 | M45: … to Flow 55°C (lower indoor temp)
A47: Sum of added measures | B47: =SUMIFS(B42:B45,$H42:$H45,"Add") -> 540 | C47: =SUMIFS(C42:C45,$H42:$H45,"Add") -> 710 | D47: =SUMIFS(D42:D45,$H42:$H45,"Add") -> 800 | E47: =SUMIFS(E42:E45,$H42:$H45,"Add") -> 880 | F47: =SUMIFS(F42:F45,$H42:$H45,"Add") -> 1150 | G47: =SUMIFS(G42:G45,$H42:$H45,"Add") -> 1290 | H47: kWh
A48: =A24 -> Multiply factor, after adding savings, for measures combined by adding together | B48: =1-B47/MeanDomesticGasBill -> 0.94532297 | C48: =1-C47/MeanDomesticGasBill -> 0.92810983 | D48: =1-D47/MeanDomesticGasBill -> 0.91899699 | E48: =1-E47/MeanDomesticOilBill -> 0.94694944 | F48: =1-F47/MeanDomesticOilBill -> 0.93067257 | G48: =1-G47/MeanDomesticOilBill -> 0.92223271
A49: =A25 -> Apply multiplicative savings | B49: =PRODUCT(B48,I42:I45) -> 0.80136978 | C49: =PRODUCT(C48,J42:J45) -> 0.71002883 | D49: =PRODUCT(D48,K42:K45) -> 0.65148157 | E49: =PRODUCT(E48,I42:I45) -> 0.80274857 | F49: =PRODUCT(F48,J42:J45) -> 0.71198939 | G49: =PRODUCT(G48,K42:K45) -> 0.65377538
A50: =A26 -> Bill savings as proportion of bill | B50: =1-B49 -> 0.19863022 | C50: =1-C49 -> 0.28997117 | D50: =1-D49 -> 0.34851843 | E50: =1-E49 -> 0.19725143 | F50: =1-F49 -> 0.28801061 | G50: =1-G49 -> 0.34622462 | H50: %
A51: Resulting savings | B51: =ROUND(MeanDomesticGasBill*(1-B49)*gasPricePerkWh/100,-1) -> 160 | C51: =ROUND(MeanDomesticGasBill*(1-C49)*gasPricePerkWh/100,-1) -> 230 | D51: =ROUND(MeanDomesticGasBill*(1-D49)*gasPricePerkWh/100,-1) -> 270 | E51: =ROUND(MeanDomesticGasBill*(1-E49)*oilPricePerkWh/100,-1) -> 190 | F51: =ROUND(MeanDomesticGasBill*(1-F49)*oilPricePerkWh/100,-1) -> 270 | G51: =ROUND(MeanDomesticGasBill*(1-G49)*oilPricePerkWh/100,-1) -> 330
A53: High bill savings (System Boiler)
A54: Install TRVs and adjust them to 3°C cooler outside the living room | B54: {=INDEX(Summary!B$5:B$44,MATCH($M54,Summary!$A$5:$A$44,0))} -> 690 | C54: {=INDEX(Summary!C$5:C$44,MATCH($M54,Summary!$A$5:$A$44,0))} -> 1010 | D54: {=INDEX(Summary!D$5:D$44,MATCH($M54,Summary!$A$5:$A$44,0))} -> 1330 | E54: {=INDEX(Summary!E$5:E$44,MATCH($M54,Summary!$A$5:$A$44,0))} -> 1160 | F54: {=INDEX(Summary!F$5:F$44,MATCH($M54,Summary!$A$5:$A$44,0))} -> 1700 | G54: {=INDEX(Summary!G$5:G$44,MATCH($M54,Summary!$A$5:$A$44,0))} -> 2240 | H54: {=INDEX(Summary!AJ$5:AJ$44,MATCH($M54,Summary!$A$5:$A$44,0))} -> Multiply | I54: =IF($H54="Multiply",(1-E54/MeanDomesticGasBill),1) -> 0.88254564 | J54: =IF($H54="Multiply",(1-F54/MeanDomesticGasBill),1) -> 0.82786861 | K54: =IF($H54="Multiply",(1-G54/MeanDomesticGasBill),1) -> 0.77319158 | M54: Starting from all rooms at the same temperature, adjust TRVs to 3°C cooler outside the living room
A55: Smart thermostats (e.g. NEST) | B55: {=INDEX(Summary!B$5:B$44,MATCH($M55,Summary!$A$5:$A$44,0))} -> 220 | C55: {=INDEX(Summary!C$5:C$44,MATCH($M55,Summary!$A$5:$A$44,0))} -> 480 | D55: {=INDEX(Summary!D$5:D$44,MATCH($M55,Summary!$A$5:$A$44,0))} -> 740 | E55: {=INDEX(Summary!E$5:E$44,MATCH($M55,Summary!$A$5:$A$44,0))} -> 400 | F55: {=INDEX(Summary!F$5:F$44,MATCH($M55,Summary!$A$5:$A$44,0))} -> 870 | G55: {=INDEX(Summary!G$5:G$44,MATCH($M55,Summary!$A$5:$A$44,0))} -> 1340 | H55: {=INDEX(Summary!AJ$5:AJ$44,MATCH($M55,Summary!$A$5:$A$44,0))} -> Multiply | I55: =IF($H55="Multiply",(1-E55/MeanDomesticGasBill),1) -> 0.9594985 | J55: =IF($H55="Multiply",(1-F55/MeanDomesticGasBill),1) -> 0.91190923 | K55: =IF($H55="Multiply",(1-G55/MeanDomesticGasBill),1) -> 0.86431996 | M55: Smart thermostats (e.g. NEST)
A56: Upgrade loft insulation from 50-100 mm to 300mm | B56: {=INDEX(Summary!B$5:B$44,MATCH($M56,Summary!$A$5:$A$44,0))} -> 540 | C56: {=INDEX(Summary!C$5:C$44,MATCH($M56,Summary!$A$5:$A$44,0))} -> 710 | D56: {=INDEX(Summary!D$5:D$44,MATCH($M56,Summary!$A$5:$A$44,0))} -> 800 | E56: {=INDEX(Summary!E$5:E$44,MATCH($M56,Summary!$A$5:$A$44,0))} -> 880 | F56: {=INDEX(Summary!F$5:F$44,MATCH($M56,Summary!$A$5:$A$44,0))} -> 1150 | G56: {=INDEX(Summary!G$5:G$44,MATCH($M56,Summary!$A$5:$A$44,0))} -> 1290 | H56: {=INDEX(Summary!AJ$5:AJ$44,MATCH($M56,Summary!$A$5:$A$44,0))} -> Add | I56: =IF($H56="Multiply",(1-E56/MeanDomesticGasBill),1) -> 1 | J56: =IF($H56="Multiply",(1-F56/MeanDomesticGasBill),1) -> 1 | K56: =IF($H56="Multiply",(1-G56/MeanDomesticGasBill),1) -> 1 | M56: 50-100 to 300mm*
A57: Reduce the cylinder temperature to 60°C | B57: {=INDEX(Summary!B$5:B$44,MATCH($M57,Summary!$A$5:$A$44,0))} -> 80 | C57: {=INDEX(Summary!C$5:C$44,MATCH($M57,Summary!$A$5:$A$44,0))} -> 230 | D57: {=INDEX(Summary!D$5:D$44,MATCH($M57,Summary!$A$5:$A$44,0))} -> 390 | E57: {=INDEX(Summary!E$5:E$44,MATCH($M57,Summary!$A$5:$A$44,0))} -> 230 | F57: {=INDEX(Summary!F$5:F$44,MATCH($M57,Summary!$A$5:$A$44,0))} -> 430 | G57: {=INDEX(Summary!G$5:G$44,MATCH($M57,Summary!$A$5:$A$44,0))} -> 590 | H57: {=INDEX(Summary!AJ$5:AJ$44,MATCH($M57,Summary!$A$5:$A$44,0))} -> Add | I57: =IF($H57="Multiply",(1-E57/MeanDomesticGasBill),1) -> 1 | J57: =IF($H57="Multiply",(1-F57/MeanDomesticGasBill),1) -> 1 | K57: =IF($H57="Multiply",(1-G57/MeanDomesticGasBill),1) -> 1 | M57: Reducing the cylinder temperature to 60°C
A59: =A47 -> Sum of added measures | B59: =SUMIFS(B54:B57,$H54:$H57,"Add") -> 620 | C59: =SUMIFS(C54:C57,$H54:$H57,"Add") -> 940 | D59: =SUMIFS(D54:D57,$H54:$H57,"Add") -> 1190 | E59: =SUMIFS(E54:E57,$H54:$H57,"Add") -> 1110 | F59: =SUMIFS(F54:F57,$H54:$H57,"Add") -> 1580 | G59: =SUMIFS(G54:G57,$H54:$H57,"Add") -> 1880 | H59: kWh
A60: =A48 -> Multiply factor, after adding savings, for measures combined by adding together | B60: =1-B59/MeanDomesticGasBill -> 0.93722267 | C60: =1-C59/MeanDomesticGasBill -> 0.90482146 | D60: =1-D59/MeanDomesticGasBill -> 0.87950802 | E60: =1-E59/MeanDomesticOilBill -> 0.93308396 | F60: =1-F59/MeanDomesticOilBill -> 0.90475013 | G60: =1-G59/MeanDomesticOilBill -> 0.88666472
A61: =A49 -> Apply multiplicative savings | B61: =PRODUCT(B60,I54:I57) -> 0.79364129 | C61: =PRODUCT(C60,J54:J57) -> 0.68308684 | D61: =PRODUCT(D60,K54:K57) -> 0.58776194 | E61: =PRODUCT(E60,I54:I57) -> 0.79013662 | F61: =PRODUCT(F60,J54:J57) -> 0.68303299 | G61: =PRODUCT(G60,K54:K57) -> 0.59254465
A62: =A50 -> Bill savings as proportion of bill | B62: =1-B61 -> 0.20635871 | C62: =1-C61 -> 0.31691316 | D62: =1-D61 -> 0.41223806 | E62: =1-E61 -> 0.20986338 | F62: =1-F61 -> 0.31696701 | G62: =1-G61 -> 0.40745535 | H62: %
A63: Resulting savings | B63: =ROUND(MeanDomesticGasBill*(1-B61)*gasPricePerkWh/100,-1) -> 160 | C63: =ROUND(MeanDomesticGasBill*(1-C61)*gasPricePerkWh/100,-1) -> 250 | D63: =ROUND(MeanDomesticGasBill*(1-D61)*gasPricePerkWh/100,-1) -> 320 | E63: =ROUND(MeanDomesticGasBill*(1-E61)*oilPricePerkWh/100,-1) -> 200 | F63: =ROUND(MeanDomesticGasBill*(1-F61)*oilPricePerkWh/100,-1) -> 300 | G63: =ROUND(MeanDomesticGasBill*(1-G61)*oilPricePerkWh/100,-1) -> 390
A65: No upfront cost (combi) with shorter heating season (vulnerable households)
A66: =A7 -> Reduce flow temperature to 60°C * | B66: =B7 -> 470 | C66: =C7 -> 720 | D66: =D7 -> 800 | E66: =E7 -> 0 | F66: =F7 -> 0 | G66: =G7 -> 0 | H66: =H7 -> Multiply | ... K66: =K7 -> 0.91899699
A67: =A8 -> Close curtains at night | B67: =B8 -> 30 | C67: =C8 -> 90 | D67: =D8 -> 180 | E67: =E8 -> 50 | F67: =F8 -> 160 | G67: =G8 -> 300 | H67: =H8 -> Add | ... K67: =K8 -> 1
A68: =A9 -> Turn off pre-heat facility | B68: =B9 -> 2.5735294 | C68: =C9 -> 92.647059 | D68: =D9 -> 466.66667 | E68: =E9 -> 0 | F68: =F9 -> 0 | G68: =G9 -> 0 | H68: =H9 -> Add | ... K68: =K9 -> 1
A69: Reduce thermostat temperature to 19°C | B69: =Summary!B11 -> 717.20045 | C69: =Summary!C11 -> 843.76524 | D69: =Summary!D11 -> 1063.1442 | E69: =Summary!E11 -> 1204.6044 | F69: =Summary!F11 -> 1417.1816 | G69: =Summary!G11 -> 1785.6488 | H69: Multiply | I69: =IF($H69="Multiply",(1-B69/MeanDomesticGasBill),1) -> 0.92738076 | J69: =IF($H69="Multiply",(1-C69/MeanDomesticGasBill),1) -> 0.9145656 | K69: =IF($H69="Multiply",(1-D69/MeanDomesticGasBill),1) -> 0.89235265
A70: Shorter heating season (1 month) | B70: =Summary!B15 -> 536.23056 | C70: =Summary!C15 -> 595.81173 | D70: =Summary!D15 -> 655.3929 | E70: =Summary!E15/2 -> 450.32436 | F70: =Summary!F15/2 -> 500.3604 | G70: =Summary!G15/2 -> 550.39644 | H70: Multiply | I70: =IF($H70="Multiply",(1-B70/MeanDomesticGasBill),1) -> 0.94570464 | J70: =IF($H70="Multiply",(1-C70/MeanDomesticGasBill),1) -> 0.93967182 | K70: =IF($H70="Multiply",(1-D70/MeanDomesticGasBill),1) -> 0.933639
A71: Applicable proportion of households | B71: =VulnerableHouseholdsLikely * propHomesGasCombi -> 0.17767753
A73: =A12 -> Sum of added measures** | B73: =SUMIFS(B66:B70,$H66:$H70,"Add") -> 32.573529 | C73: =SUMIFS(C66:C70,$H66:$H70,"Add") -> 182.64706 | D73: =SUMIFS(D66:D70,$H66:$H70,"Add") -> 646.66667 | E73: =SUMIFS(E66:E70,$H66:$H70,"Add") -> 50 | F73: =SUMIFS(F66:F70,$H66:$H70,"Add") -> 160 | G73: =SUMIFS(G66:G70,$H66:$H70,"Add") -> 300 | H73: kWh
A74: =A13 -> Multiply factor, after adding savings, for measures combined by adding together | B74: =1-B73/MeanDomesticGasBill -> 0.99670181 | C74: =1-C73/MeanDomesticGasBill -> 0.9815063 | D74: =1-D73/MeanDomesticGasBill -> 0.93452257 | E74: =1-E73/MeanDomesticOilBill -> 0.99698576 | F74: =1-F73/MeanDomesticOilBill -> 0.99035444 | G74: =1-G73/MeanDomesticOilBill -> 0.98191458
A75: =A14 -> Apply multiplicative savings | B75: =PRODUCT(B74,I66:I70) -> 0.8325362 | C75: =PRODUCT(C74,J66:J70) -> 0.78200489 | D75: =PRODUCT(D74,K66:K70) -> 0.71551606 | E75: =PRODUCT(E74,I66:I70) -> 0.83277339 | F75: =PRODUCT(F74,J66:J70) -> 0.78905455 | G75: =PRODUCT(G74,K66:K70) -> 0.7518017
A76: =A15 -> Bill savings as proportion of bill | B76: =1-B75 -> 0.1674638 | C76: =1-C75 -> 0.21799511 | D76: =1-D75 -> 0.28448394 | E76: =1-E75 -> 0.16722661 | F76: =1-F75 -> 0.21094545 | G76: =1-G75 -> 0.2481983 | H76: %
A77: Resulting savings | B77: =ROUND(MeanDomesticGasBill*(1-B75)*gasPricePerkWh/100,-1) -> 130 | C77: =ROUND(MeanDomesticGasBill*(1-C75)*gasPricePerkWh/100,-1) -> 170 | D77: =ROUND(MeanDomesticGasBill*(1-D75)*gasPricePerkWh/100,-1) -> 220 | E77: =ROUND(MeanDomesticGasBill*(1-E75)*oilPricePerkWh/100,-1) -> 160 | F77: =ROUND(MeanDomesticGasBill*(1-F75)*oilPricePerkWh/100,-1) -> 200 | G77: =ROUND(MeanDomesticGasBill*(1-G75)*oilPricePerkWh/100,-1) -> 240
A80: No upfront cost (combi) with shorter heating season (other households)
A81: =A66 -> Reduce flow temperature to 60°C * | B81: =B66 -> 470 | C81: =C66 -> 720 | D81: =D66 -> 800 | E81: =E66 -> 0 | F81: =F66 -> 0 | G81: =G66 -> 0 | H81: =H66 -> Multiply | ... K81: =K66 -> 0.91899699
A82: =A67 -> Close curtains at night | B82: =B67 -> 30 | C82: =C67 -> 90 | D82: =D67 -> 180 | E82: =E67 -> 50 | F82: =F67 -> 160 | G82: =G67 -> 300 | H82: =H67 -> Add | ... K82: =K67 -> 1
A83: =A68 -> Turn off pre-heat facility | B83: =B68 -> 2.5735294 | C83: =C68 -> 92.647059 | D83: =D68 -> 466.66667 | E83: =E68 -> 0 | F83: =F68 -> 0 | G83: =G68 -> 0 | H83: =H68 -> Add | ... K83: =K68 -> 1
A84: Reduce thermostat temperature to 18°C | B84: =Summary!B12 -> 1417.6318 | C84: =Summary!C12 -> 1667.8022 | D84: =Summary!D12 -> 2101.4307 | E84: =Summary!E12 -> 2381.0435 | F84: =Summary!F12 -> 2801.2277 | G84: =Summary!G12 -> 3529.5469 | H84: =H69 -> Multiply | I84: =IF($H84="Multiply",(1-B84/MeanDomesticGasBill),1) -> 0.85645945 | J84: =IF($H84="Multiply",(1-C84/MeanDomesticGasBill),1) -> 0.83112876 | K84: =IF($H84="Multiply",(1-D84/MeanDomesticGasBill),1) -> 0.78722224
A85: Shorter heating season (1 month) | B85: =B70 -> 536.23056 | C85: =C70 -> 595.81173 | D85: =D70 -> 655.3929 | E85: =E70 -> 450.32436 | F85: =F70 -> 500.3604 | G85: =G70 -> 550.39644 | H85: =H70 -> Multiply | I85: =I70 -> 0.94570464 | ... K85: =K70 -> 0.933639
A86: =A71 -> Applicable proportion of households | B86: =(1-VulnerableHouseholdsLikely) * propHomesGasCombi -> 0.39061997
A88: =A23 -> Sum of added measures | B88: =SUMIFS(B81:B85,$H81:$H85,"Add") -> 32.573529 | C88: =SUMIFS(C81:C85,$H81:$H85,"Add") -> 182.64706 | D88: =SUMIFS(D81:D85,$H81:$H85,"Add") -> 646.66667 | E88: =SUMIFS(E81:E85,$H81:$H85,"Add") -> 50 | F88: =SUMIFS(F81:F85,$H81:$H85,"Add") -> 160 | G88: =SUMIFS(G81:G85,$H81:$H85,"Add") -> 300 | H88: kWh
A89: =A24 -> Multiply factor, after adding savings, for measures combined by adding together | B89: =1-B88/MeanDomesticGasBill -> 0.99670181 | C89: =1-C88/MeanDomesticGasBill -> 0.9815063 | D89: =1-D88/MeanDomesticGasBill -> 0.93452257 | E89: =1-E88/MeanDomesticOilBill -> 0.99698576 | F89: =1-F88/MeanDomesticOilBill -> 0.99035444 | G89: =1-G88/MeanDomesticOilBill -> 0.98191458
A90: =A25 -> Apply multiplicative savings | B90: =PRODUCT(B89,I81:I85) -> 0.76886811 | C90: =PRODUCT(C89,J81:J85) -> 0.71066171 | D90: =PRODUCT(D89,K81:K85) -> 0.63121923 | E90: =PRODUCT(E89,I81:I85) -> 0.76908716 | F90: =PRODUCT(F89,J81:J85) -> 0.71706823 | G90: =PRODUCT(G89,K81:K85) -> 0.66322996
A91: =A26 -> Bill savings as proportion of bill | B91: =1-B90 -> 0.23113189 | C91: =1-C90 -> 0.28933829 | D91: =1-D90 -> 0.36878077 | E91: =1-E90 -> 0.23091284 | F91: =1-F90 -> 0.28293177 | G91: =1-G90 -> 0.33677004 | H91: %
A92: Resulting savings | B92: =ROUND(MeanDomesticGasBill*(1-B90)*gasPricePerkWh/100,-1) -> 180 | C92: =ROUND(MeanDomesticGasBill*(1-C90)*gasPricePerkWh/100,-1) -> 230 | D92: =ROUND(MeanDomesticGasBill*(1-D90)*gasPricePerkWh/100,-1) -> 290 | E92: =ROUND(MeanDomesticGasBill*(1-E90)*oilPricePerkWh/100,-1) -> 220 | F92: =ROUND(MeanDomesticGasBill*(1-F90)*oilPricePerkWh/100,-1) -> 270 | G92: =ROUND(MeanDomesticGasBill*(1-G90)*oilPricePerkWh/100,-1) -> 320
A94: FINAL PACKAGE: No upfront cost (combi) with shorter heating season
A95: Reduce flow temperature to 60°C (lower indoor temp)* | B95: {=INDEX(Summary!B$5:B$44,MATCH($M95,Summary!$A$5:$A$44,0))} -> 470 | C95: {=INDEX(Summary!C$5:C$44,MATCH($M95,Summary!$A$5:$A$44,0))} -> 720 | D95: {=INDEX(Summary!D$5:D$44,MATCH($M95,Summary!$A$5:$A$44,0))} -> 800 | E95: {=INDEX(Summary!E$5:E$44,MATCH($M95,Summary!$A$5:$A$44,0))} -> 0 | F95: {=INDEX(Summary!F$5:F$44,MATCH($M95,Summary!$A$5:$A$44,0))} -> 0 | G95: {=INDEX(Summary!G$5:G$44,MATCH($M95,Summary!$A$5:$A$44,0))} -> 0 | H95: {=INDEX(Summary!AJ$5:AJ$44,MATCH($M95,Summary!$A$5:$A$44,0))} -> Multiply | I95: =IF($H95="Multiply",(1-B95/MeanDomesticGasBill),1) -> 0.95241073 | J95: =IF($H95="Multiply",(1-C95/MeanDomesticGasBill),1) -> 0.92709729 | K95: =IF($H95="Multiply",(1-D95/MeanDomesticGasBill),1) -> 0.91899699 | M95: … to Flow 60°C (lower indoor temp) | P95: *Note that oil boilers do not benefit in the same way as gas boilers from lower flow temperatures, so there are no savings.
A96: Close curtains at night | B96: {=INDEX(Summary!B$5:B$44,MATCH($M96,Summary!$A$5:$A$44,0))} -> 30 | C96: {=INDEX(Summary!C$5:C$44,MATCH($M96,Summary!$A$5:$A$44,0))} -> 90 | D96: {=INDEX(Summary!D$5:D$44,MATCH($M96,Summary!$A$5:$A$44,0))} -> 180 | E96: {=INDEX(Summary!E$5:E$44,MATCH($M96,Summary!$A$5:$A$44,0))} -> 50 | F96: {=INDEX(Summary!F$5:F$44,MATCH($M96,Summary!$A$5:$A$44,0))} -> 160 | G96: {=INDEX(Summary!G$5:G$44,MATCH($M96,Summary!$A$5:$A$44,0))} -> 300 | H96: {=INDEX(Summary!AJ$5:AJ$44,MATCH($M96,Summary!$A$5:$A$44,0))} -> Add | I96: =IF($H96="Multiply",(1-B96/MeanDomesticGasBill),1) -> 1 | J96: =IF($H96="Multiply",(1-C96/MeanDomesticGasBill),1) -> 1 | K96: =IF($H96="Multiply",(1-D96/MeanDomesticGasBill),1) -> 1 | M96: Closing curtains at night
A97: Turn off pre-heat facility | B97: {=INDEX(Summary!B$5:B$44,MATCH($M97,Summary!$A$5:$A$44,0))} -> 2.5735294 | C97: {=INDEX(Summary!C$5:C$44,MATCH($M97,Summary!$A$5:$A$44,0))} -> 92.647059 | D97: {=INDEX(Summary!D$5:D$44,MATCH($M97,Summary!$A$5:$A$44,0))} -> 466.66667 | E97: {=INDEX(Summary!E$5:E$44,MATCH($M97,Summary!$A$5:$A$44,0))} -> 0 | F97: {=INDEX(Summary!F$5:F$44,MATCH($M97,Summary!$A$5:$A$44,0))} -> 0 | G97: {=INDEX(Summary!G$5:G$44,MATCH($M97,Summary!$A$5:$A$44,0))} -> 0 | H97: {=INDEX(Summary!AJ$5:AJ$44,MATCH($M97,Summary!$A$5:$A$44,0))} -> Add | I97: =IF($H97="Multiply",(1-B97/MeanDomesticGasBill),1) -> 1 | J97: =IF($H97="Multiply",(1-C97/MeanDomesticGasBill),1) -> 1 | K97: =IF($H97="Multiply",(1-D97/MeanDomesticGasBill),1) -> 1 | M97: Turn off pre-heat facility
A98: Readjusting existing TRVs outside the living room to 1.5°C cooler than before | B98: {=INDEX(Summary!B$5:B$44,MATCH($M98,Summary!$A$5:$A$44,0))} -> 0 | C98: {=INDEX(Summary!C$5:C$44,MATCH($M98,Summary!$A$5:$A$44,0))} -> 510 | D98: {=INDEX(Summary!D$5:D$44,MATCH($M98,Summary!$A$5:$A$44,0))} -> 1010 | E98: {=INDEX(Summary!E$5:E$44,MATCH($M98,Summary!$A$5:$A$44,0))} -> 0 | F98: {=INDEX(Summary!F$5:F$44,MATCH($M98,Summary!$A$5:$A$44,0))} -> 850 | G98: {=INDEX(Summary!G$5:G$44,MATCH($M98,Summary!$A$5:$A$44,0))} -> 1700 | H98: {=INDEX(Summary!AJ$5:AJ$44,MATCH($M98,Summary!$A$5:$A$44,0))} -> Multiply | I98: =IF($H98="Multiply",(1-B98/MeanDomesticGasBill),1) -> 1 | J98: =IF($H98="Multiply",(1-C98/MeanDomesticGasBill),1) -> 0.94836058 | K98: =IF($H98="Multiply",(1-D98/MeanDomesticGasBill),1) -> 0.8977337 | M98: Readjusting existing TRVs outside the living room to 1.5°C cooler than before
A99: Reduce thermostat temperature to 19°C | B99: =Summary!B11 -> 717.20045 | C99: =Summary!C11 -> 843.76524 | D99: =Summary!D11 -> 1063.1442 | E99: =Summary!E11 -> 1204.6044 | F99: =Summary!F11 -> 1417.1816 | G99: =Summary!G11 -> 1785.6488 | H99: Multiply | I99: =IF($H99="Multiply",(1-B99/MeanDomesticGasBill),1) -> 0.92738076 | J99: =IF($H99="Multiply",(1-C99/MeanDomesticGasBill),1) -> 0.9145656 | K99: =IF($H99="Multiply",(1-D99/MeanDomesticGasBill),1) -> 0.89235265
A100: Shorter heating season (early finish) | B100: =Summary!B14 -> 738.92148 | C100: =Summary!C14 -> 821.02387 | D100: =Summary!D14 -> 903.12625 | E100: =Summary!E14 -> 1241.0868 | F100: =Summary!F14 -> 1378.9854 | G100: =Summary!G14 -> 1516.8839 | H100: Multiply | I100: =IF($H100="Multiply",(1-B100/MeanDomesticGasBill),1) -> 0.92518142 | J100: =IF($H100="Multiply",(1-C100/MeanDomesticGasBill),1) -> 0.91686825 | K100: =IF($H100="Multiply",(1-D100/MeanDomesticGasBill),1) -> 0.90855507
A102: Sum of added measures** | B102: =SUMIFS(B95:B100,$H95:$H100,"Add") -> 32.573529 | C102: =SUMIFS(C95:C100,$H95:$H100,"Add") -> 182.64706 | D102: =SUMIFS(D95:D100,$H95:$H100,"Add") -> 646.66667 | E102: =SUMIFS(E95:E98,$H95:$H98,"Add") -> 50 | F102: =SUMIFS(F95:F98,$H95:$H98,"Add") -> 160 | G102: =SUMIFS(G95:G98,$H95:$H98,"Add") -> 300 | H102: kWh | P102: **Since pre-heat savings do not apply to oil boilers, the pattern of added measures follows a different pattern from other combinations of measures.
A103: Multiply factor, after adding savings, for measures combined by adding together | B103: =1-B102/MeanDomesticGasBill -> 0.99670181 | C103: =1-C102/MeanDomesticGasBill -> 0.9815063 | D103: =1-D102/MeanDomesticGasBill -> 0.93452257 | E103: =1-E102/MeanDomesticOilBill -> 0.99698576 | F103: =1-F102/MeanDomesticOilBill -> 0.99035444 | G103: =1-G102/MeanDomesticOilBill -> 0.98191458
A104: Apply multiplicative savings | B104: =PRODUCT(B103,I95:I100) -> 0.81446891 | C104: =PRODUCT(C103,J95:J100) -> 0.72362521 | D104: =PRODUCT(D103,K95:K100) -> 0.62508516 | E104: =PRODUCT(E103,I95:I100) -> 0.81470095 | F104: =PRODUCT(F103,J95:J100) -> 0.73014859 | G104: =PRODUCT(G103,K95:K100) -> 0.65678481
A105: Bill savings as proportion of bill | B105: =1-B104 -> 0.18553109 | C105: =1-C104 -> 0.27637479 | D105: =1-D104 -> 0.37491484 | E105: =1-E104 -> 0.18529905 | F105: =1-F104 -> 0.26985141 | G105: =1-G104 -> 0.34321519 | H105: %
A106: Resulting savings | B106: =ROUND(MeanDomesticGasBill*(1-B104)*gasPricePerkWh/100,-1) -> 150 | C106: =ROUND(MeanDomesticGasBill*(1-C104)*gasPricePerkWh/100,-1) -> 220 | D106: =ROUND(MeanDomesticGasBill*(1-D104)*gasPricePerkWh/100,-1) -> 300 | E106: =ROUND(MeanDomesticGasBill*(1-E104)*oilPricePerkWh/100,-1) -> 180 | F106: =ROUND(MeanDomesticGasBill*(1-F104)*oilPricePerkWh/100,-1) -> 260 | G106: =ROUND(MeanDomesticGasBill*(1-G104)*oilPricePerkWh/100,-1) -> 330
E109: ***Note that Bill savings for Oil Packages are indicative only. The multiplicative element of the packages is based on gas savings. Strictly, it should be calculated differently for homes with oil heating. For this reason the oil savings are shown grey.
A111: To modify a package
A112: 1) Add or modify the blue rows - ensuring that the corresponding value in Column J exactly matches the text in Column A of the Summary sheet. Copy Columns B-H from the examples to fetch the savings and multiplication factors from the Summary sheet.
A113: 2) If necesssary (if the number of items in the package has changed) modify the formulae in the row 'Sum of added measures' to sum the action rows and in 'Apply savings via multiply' to multiply the action rows.
A114: Note: Making packages with 'Shorter heating season' or 'Reduced thermostat temperature' is complicated; you will probably need help from CAR to do this correctly.
A116: To add a package
A117: Copy an existing package and modify it as above.

Sheet Summary
A2: Activity | B2: Bill savings per participating household kWh/year | K2: Indicative % saving from gas bill (gas only, Medium) | L2: Millions of homes (UK) that can do this | U2: Proportion of dwellings that could adopt the measure | X2: Bill savings per participating household £/year | AA2: UK Stock total carbon savings kt/year | AD2: UK Stock total energy savings TWh/year | AG2: UK Stock total energy savings £ (medium only) | AH2: Comfort improvement | AI2: Evidence base (*=weak, ***=adequate) | AJ2: Add or multiply to calculate packages
B3: Gas | E3: Oil | H3: Electricity | L3: Gas | O3: Oil | R3: Electricity
B4: Low | C4: Medium | D4: High | E4: Low | F4: Medium | G4: High | H4: Low | I4: Medium | J4: High | L4: Low | M4: Medium | N4: High | O4: Low | P4: Medium | Q4: High | R4: Low | S4: Medium | T4: High | U4: Low | V4: Medium | W4: High | X4: Low | Y4: Medium | Z4: High | AA4: Low | AB4: Medium | AC4: High | AD4: Low | AE4: Medium | AF4: High
A5: ='Reducing radiator temp'!A118 -> Reducing radiator temperatures (set and forget)
A6: ='Reducing radiator temp'!A119 -> … to Flow 60°C (same indoor temp) | B6: =ROUND('Reducing radiator temp'!B119,-1) -> 220 | C6: =ROUND('Reducing radiator temp'!C119,-1) -> 320 | D6: =ROUND('Reducing radiator temp'!D119,-1) -> 420 | E6: =ROUND('Reducing radiator temp'!E119,-1) -> 0 | F6: =ROUND('Reducing radiator temp'!F119,-1) -> 0 | G6: =ROUND('Reducing radiator temp'!G119,-1) -> 0 | H6: =ROUND('Reducing radiator temp'!H119,-1) -> 0 | I6: =ROUND('Reducing radiator temp'!I119,-1) -> 0 | J6: =ROUND('Reducing radiator temp'!J119,-1) -> 0 | K6: =C6/MeanDomesticGasBill -> 0.032401204 | L6: ='Reducing radiator temp'!K119/1000 -> 6.4208484 | M6: ='Reducing radiator temp'!L119/1000 -> 7.5176062 | N6: ='Reducing radiator temp'!M119/1000 -> 8.6699137 | O6: ='Reducing radiator temp'!N119/1000 -> 0 | P6: ='Reducing radiator temp'!O119/1000 -> 0 | Q6: ='Reducing radiator temp'!P119/1000 -> 0 | R6: ='Reducing radiator temp'!Q119/1000 -> 0 | S6: ='Reducing radiator temp'!R119/1000 -> 0 | T6: ='Reducing radiator temp'!S119/1000 -> 0 | U6: =(L6+O6+R6)/numberDwellingsUK*1000000 -> 0.20947704 | V6: =(M6+P6+S6)/numberDwellingsUK*1000000 -> 0.24525823 | W6: =(N6+Q6+T6)/numberDwellingsUK*1000000 -> 0.2828517 | X6: =(B6*gasPricePerkWh*L6+E6*oilPriceP*O6+H6*OffPeakTariff*R6)/100/SUM(L6,O6,R6) -> 17.534 | Y6: =(C6*gasPricePerkWh*M6+F6*oilPriceP*P6+I6*OffPeakTariff*S6)/100/SUM(M6,P6,S6) -> 25.504 | Z6: =(D6*gasPricePerkWh*N6+G6*oilPriceP*Q6+J6*OffPeakTariff*T6)/100/SUM(N6,Q6,T6) -> 33.474 | AA6: =(B6*L6*carbonGasPerkWh+E6*O6*carbonOilPerkWh + H6*R6*carbonElectricityPerkWh) -> 258.50336 | AB6: =(C6*M6*carbonGasPerkWh+F6*P6*carbonOilPerkWh + I6*S6*carbonElectricityPerkWh) -> 440.23102 | AC6: =(D6*N6*carbonGasPerkWh+G6*Q6*carbonOilPerkWh + J6*T6*carbonElectricityPerkWh) -> 666.36956 | AD6: =(B6*L6+E6*O6+H6*R6)/1000 -> 1.4125866 | AE6: =(C6*M6+F6*P6+I6*S6)/1000 -> 2.405634 | AF6: =(D6*N6+G6*Q6+J6*T6)/1000 -> 3.6413637 | AG6: =ROUND(10000*(C6*M6*gasPricePerkWh+F6*P6*oilPricePerkWh+I6*S6*OffPeakTariff),-3) -> 191729000 | AH6: ='Reducing radiator temp'!T119 -> - | AI6: ** | AJ6: Multiply
A7: ='Reducing radiator temp'!A120 -> … to Flow 55°C (same indoor temp) | B7: =ROUND('Reducing radiator temp'!B120,-1) -> 310 | C7: =ROUND('Reducing radiator temp'!C120,-1) -> 410 | D7: =ROUND('Reducing radiator temp'!D120,-1) -> 510 | E7: =ROUND('Reducing radiator temp'!E120,-1) -> 0 | F7: =ROUND('Reducing radiator temp'!F120,-1) -> 0 | G7: =ROUND('Reducing radiator temp'!G120,-1) -> 0 | H7: =ROUND('Reducing radiator temp'!H120,-1) -> 0 | I7: =ROUND('Reducing radiator temp'!I120,-1) -> 0 | J7: =ROUND('Reducing radiator temp'!J120,-1) -> 0 | K7: =C7/MeanDomesticGasBill -> 0.041514042 | L7: ='Reducing radiator temp'!K120/1000 -> 5.2456778 | M7: ='Reducing radiator temp'!L120/1000 -> 6.9216086 | N7: ='Reducing radiator temp'!M120/1000 -> 8.8462586 | O7: ='Reducing radiator temp'!N120/1000 -> 0 | P7: ='Reducing radiator temp'!O120/1000 -> 0 | Q7: ='Reducing radiator temp'!P120/1000 -> 0 | R7: ='Reducing radiator temp'!Q120/1000 -> 0 | S7: ='Reducing radiator temp'!R120/1000 -> 0 | T7: ='Reducing radiator temp'!S120/1000 -> 0 | U7: =(L7+O7+R7)/numberDwellingsUK*1000000 -> 0.17113768 | V7: =(M7+P7+S7)/numberDwellingsUK*1000000 -> 0.2258141 | W7: =(N7+Q7+T7)/numberDwellingsUK*1000000 -> 0.28860487 | X7: =(B7*gasPricePerkWh*L7+E7*oilPriceP*O7+H7*OffPeakTariff*R7)/100/SUM(L7,O7,R7) -> 24.707 | Y7: =(C7*gasPricePerkWh*M7+F7*oilPriceP*P7+I7*OffPeakTariff*S7)/100/SUM(M7,P7,S7) -> 32.677 | Z7: =(D7*gasPricePerkWh*N7+G7*oilPriceP*Q7+J7*OffPeakTariff*T7)/100/SUM(N7,Q7,T7) -> 40.647 | AA7: =(B7*L7*carbonGasPerkWh+E7*O7*carbonOilPerkWh + H7*R7*carbonElectricityPerkWh) -> 297.5873 | AB7: =(C7*M7*carbonGasPerkWh+F7*P7*carbonOilPerkWh + I7*S7*carbonElectricityPerkWh) -> 519.3283 | AC7: =(D7*N7*carbonGasPerkWh+G7*Q7*carbonOilPerkWh + J7*T7*carbonElectricityPerkWh) -> 825.62132 | AD7: =(B7*L7+E7*O7+H7*R7)/1000 -> 1.6261601 | AE7: =(C7*M7+F7*P7+I7*S7)/1000 -> 2.8378595 | AF7: =(D7*N7+G7*Q7+J7*T7)/1000 -> 4.5115919 | AG7: =ROUND(10000*(C7*M7*gasPricePerkWh+F7*P7*oilPricePerkWh+I7*S7*OffPeakTariff),-3) -> 226177000 | AH7: ='Reducing radiator temp'!T120 -> - | AI7: ** | AJ7: Multiply
A8: ='Reducing radiator temp'!A121 -> … to Flow 60°C (lower indoor temp) | B8: =ROUND('Reducing radiator temp'!B121,-1) -> 470 | C8: =ROUND('Reducing radiator temp'!C121,-1) -> 720 | D8: =ROUND('Reducing radiator temp'!D121,-1) -> 800 | E8: =ROUND('Reducing radiator temp'!E121,-1) -> 0 | F8: =ROUND('Reducing radiator temp'!F121,-1) -> 0 | G8: =ROUND('Reducing radiator temp'!G121,-1) -> 0 | H8: =ROUND('Reducing radiator temp'!H121,-1) -> 0 | I8: =ROUND('Reducing radiator temp'!I121,-1) -> 0 | J8: =ROUND('Reducing radiator temp'!J121,-1) -> 0 | K8: =C8/MeanDomesticGasBill -> 0.072902708 | L8: ='Reducing radiator temp'!K121/1000 -> 6.4208484 | M8: ='Reducing radiator temp'!L121/1000 -> 7.5176062 | N8: ='Reducing radiator temp'!M121/1000 -> 8.6699137 | O8: ='Reducing radiator temp'!N121/1000 -> 0 | P8: ='Reducing radiator temp'!O121/1000 -> 0 | Q8: ='Reducing radiator temp'!P121/1000 -> 0 | R8: ='Reducing radiator temp'!Q121/1000 -> 0 | S8: ='Reducing radiator temp'!R121/1000 -> 0 | T8: ='Reducing radiator temp'!S121/1000 -> 0 | U8: =(L8+O8+R8)/numberDwellingsUK*1000000 -> 0.20947704 | V8: =(M8+P8+S8)/numberDwellingsUK*1000000 -> 0.24525823 | W8: =(N8+Q8+T8)/numberDwellingsUK*1000000 -> 0.2828517 | X8: =(B8*gasPricePerkWh*L8+E8*oilPriceP*O8+H8*OffPeakTariff*R8)/100/SUM(L8,O8,R8) -> 37.459 | Y8: =(C8*gasPricePerkWh*M8+F8*oilPriceP*P8+I8*OffPeakTariff*S8)/100/SUM(M8,P8,S8) -> 57.384 | Z8: =(D8*gasPricePerkWh*N8+G8*oilPriceP*Q8+J8*OffPeakTariff*T8)/100/SUM(N8,Q8,T8) -> 63.76 | AA8: =(B8*L8*carbonGasPerkWh+E8*O8*carbonOilPerkWh + H8*R8*carbonElectricityPerkWh) -> 552.25717 | AB8: =(C8*M8*carbonGasPerkWh+F8*P8*carbonOilPerkWh + I8*S8*carbonElectricityPerkWh) -> 990.51979 | AC8: =(D8*N8*carbonGasPerkWh+G8*Q8*carbonOilPerkWh + J8*T8*carbonElectricityPerkWh) -> 1269.2754 | AD8: =(B8*L8+E8*O8+H8*R8)/1000 -> 3.0177987 | AE8: =(C8*M8+F8*P8+I8*S8)/1000 -> 5.4126765 | AF8: =(D8*N8+G8*Q8+J8*T8)/1000 -> 6.9359309 | AG8: =ROUND(10000*(C8*M8*gasPricePerkWh+F8*P8*oilPricePerkWh+I8*S8*OffPeakTariff),-3) -> 431390000 | AH8: ='Reducing radiator temp'!T121 -> comfort reduction | AI8: * | AJ8: Multiply
A9: ='Reducing radiator temp'!A122 -> … to Flow 55°C (lower indoor temp) | B9: =ROUND('Reducing radiator temp'!B122,-1) -> 670 | C9: =ROUND('Reducing radiator temp'!C122,-1) -> 1030 | D9: =ROUND('Reducing radiator temp'!D122,-1) -> 1130 | E9: =ROUND('Reducing radiator temp'!E122,-1) -> 0 | F9: =ROUND('Reducing radiator temp'!F122,-1) -> 0 | G9: =ROUND('Reducing radiator temp'!G122,-1) -> 0 | H9: =ROUND('Reducing radiator temp'!H122,-1) -> 0 | I9: =ROUND('Reducing radiator temp'!I122,-1) -> 0 | J9: =ROUND('Reducing radiator temp'!J122,-1) -> 0 | K9: =C9/MeanDomesticGasBill -> 0.10429137 | L9: ='Reducing radiator temp'!K122/1000 -> 5.2456778 | M9: ='Reducing radiator temp'!L122/1000 -> 6.9216086 | N9: ='Reducing radiator temp'!M122/1000 -> 8.8462586 | O9: ='Reducing radiator temp'!N122/1000 -> 0 | P9: ='Reducing radiator temp'!O122/1000 -> 0 | Q9: ='Reducing radiator temp'!P122/1000 -> 0 | R9: ='Reducing radiator temp'!Q122/1000 -> 0 | S9: ='Reducing radiator temp'!R122/1000 -> 0 | T9: ='Reducing radiator temp'!S122/1000 -> 0 | U9: =(L9+O9+R9)/numberDwellingsUK*1000000 -> 0.17113768 | V9: =(M9+P9+S9)/numberDwellingsUK*1000000 -> 0.2258141 | W9: =(N9+Q9+T9)/numberDwellingsUK*1000000 -> 0.28860487 | X9: =(B9*gasPricePerkWh*L9+E9*oilPriceP*O9+H9*OffPeakTariff*R9)/100/SUM(L9,O9,R9) -> 53.399 | Y9: =(C9*gasPricePerkWh*M9+F9*oilPriceP*P9+I9*OffPeakTariff*S9)/100/SUM(M9,P9,S9) -> 82.091 | Z9: =(D9*gasPricePerkWh*N9+G9*oilPriceP*Q9+J9*OffPeakTariff*T9)/100/SUM(N9,Q9,T9) -> 90.061 | AA9: =(B9*L9*carbonGasPerkWh+E9*O9*carbonOilPerkWh + H9*R9*carbonElectricityPerkWh) -> 643.17256 | AB9: =(C9*M9*carbonGasPerkWh+F9*P9*carbonOilPerkWh + I9*S9*carbonElectricityPerkWh) -> 1304.654 | AC9: =(D9*N9*carbonGasPerkWh+G9*Q9*carbonOilPerkWh + J9*T9*carbonElectricityPerkWh) -> 1829.3178 | AD9: =(B9*L9+E9*O9+H9*R9)/1000 -> 3.5146041 | AE9: =(C9*M9+F9*P9+I9*S9)/1000 -> 7.1292569 | AF9: =(D9*N9+G9*Q9+J9*T9)/1000 -> 9.9962723 | AG9: =ROUND(10000*(C9*M9*gasPricePerkWh+F9*P9*oilPricePerkWh+I9*S9*OffPeakTariff),-3) -> 568202000 | AH9: ='Reducing radiator temp'!T122 -> comfort reduction | AI9: * | AJ9: Multiply
A10: Reducing room thermostat (radiator temperature unchanged)
A11: to 19°C | B11: ='Reduce Room Thermostat'!B58 -> 717.20045 | C11: ='Reduce Room Thermostat'!C58 -> 843.76524 | D11: ='Reduce Room Thermostat'!D58 -> 1063.1442 | E11: ='Reduce Room Thermostat'!B59 -> 1204.6044 | F11: ='Reduce Room Thermostat'!C59 -> 1417.1816 | G11: ='Reduce Room Thermostat'!D59 -> 1785.6488 | H11: ='Reduce Room Thermostat'!B60 -> 403.28503 | I11: ='Reduce Room Thermostat'!C60 -> 474.45298 | J11: ='Reduce Room Thermostat'!D60 -> 597.81075 | K11: ='Reduce Room Thermostat'!C53 -> 0.085434404 | L11: =TotalGasBoilers*'Reduce Room Thermostat'!$B17/1000000 -> 10.887088 | M11: =TotalGasBoilers*'Reduce Room Thermostat'!$D17/1000000 -> 11.527505 | N11: =TotalGasBoilers*'Reduce Room Thermostat'!$C17/1000000 -> 12.167922 | O11: =TotalOilBoilers*'Reduce Room Thermostat'!$B17/1000000 -> 0.69576538 | P11: =TotalOilBoilers*'Reduce Room Thermostat'!$D17/1000000 -> 0.73669275 | Q11: =TotalOilBoilers*'Reduce Room Thermostat'!$C17/1000000 -> 0.77762012 | R11: =(TotalStorageHeaters+TotalOtherElectricHeaters)*'Reduce Room Thermostat'!$B17/1000000 -> 0.99321055 | S11: =(TotalStorageHeaters+TotalOtherElectricHeaters)*'Reduce Room Thermostat'!$D17/1000000 -> 1.0516347 | T11: =(TotalStorageHeaters+TotalOtherElectricHeaters)*'Reduce Room Thermostat'!$C17/1000000 -> 1.1100588 | U11: ='Reduce Room Thermostat'!B17 -> 0.425 | V11: ='Reduce Room Thermostat'!D17 -> 0.45 | W11: ='Reduce Room Thermostat'!C17 -> 0.475 | X11: ='Reduce Room Thermostat'!E62 -> 61.901189 | Y11: ='Reduce Room Thermostat'!F62 -> 72.832233 | Z11: ='Reduce Room Thermostat'!G62 -> 92.302735 | AA11: =(B11*L11*carbonGasPerkWh+E11*O11*carbonOilPerkWh + H11*R11*carbonElectricityPerkWh) -> 1726.0949 | AB11: =(C11*M11*carbonGasPerkWh+F11*P11*carbonOilPerkWh + I11*S11*carbonElectricityPerkWh) -> 2150.1528 | AC11: =(D11*N11*carbonGasPerkWh+G11*Q11*carbonOilPerkWh + J11*T11*carbonElectricityPerkWh) -> 2859.7032 | AD11: =(B11*L11+E11*O11+H11*R11)/1000 -> 9.0468936 | AE11: =(C11*M11+F11*P11+I11*S11)/1000 -> 11.269487 | AF11: =(D11*N11+G11*Q11+J11*T11)/1000 -> 14.988418 | AG11: =ROUND(10000*(C11*M11*gasPricePerkWh+F11*P11*oilPricePerkWh+I11*S11*OffPeakTariff),-3) -> 950918000 | AH11: comfort reduction | AI11: ** | AJ11: Multiply
A12: to 18°C | B12: ='Reduce Room Thermostat'!B63 -> 1417.6318 | C12: ='Reduce Room Thermostat'!C63 -> 1667.8022 | D12: ='Reduce Room Thermostat'!D63 -> 2101.4307 | E12: ='Reduce Room Thermostat'!B64 -> 2381.0435 | F12: ='Reduce Room Thermostat'!C64 -> 2801.2277 | G12: ='Reduce Room Thermostat'!D64 -> 3529.5469 | H12: ='Reduce Room Thermostat'!B65 -> 1082.8699 | I12: ='Reduce Room Thermostat'!C65 -> 1273.9646 | J12: ='Reduce Room Thermostat'!D65 -> 1605.1954 | K12: ='Reduce Room Thermostat'!C54 -> 0.16887124 | L12: =TotalGasBoilers*'Reduce Room Thermostat'!$B18/1000000 -> 7.4832532 | M12: =TotalGasBoilers*'Reduce Room Thermostat'!$D18/1000000 -> 7.9234445 | N12: =TotalGasBoilers*'Reduce Room Thermostat'!$C18/1000000 -> 8.3636359 | O12: =TotalOilBoilers*'Reduce Room Thermostat'!$B18/1000000 -> 0.47823516 | P12: =TotalOilBoilers*'Reduce Room Thermostat'!$D18/1000000 -> 0.50636664 | Q12: =TotalOilBoilers*'Reduce Room Thermostat'!$C18/1000000 -> 0.53449812 | R12: =(TotalStorageHeaters+TotalOtherElectricHeaters)*'Reduce Room Thermostat'!$B18/1000000 -> 0.68268446 | S12: =(TotalStorageHeaters+TotalOtherElectricHeaters)*'Reduce Room Thermostat'!$D18/1000000 -> 0.72284237 | T12: =(TotalStorageHeaters+TotalOtherElectricHeaters)*'Reduce Room Thermostat'!$C18/1000000 -> 0.76300028 | U12: =propTherm18OKLow -> 0.29212426 | V12: =propTherm18OKLikely -> 0.30930804 | W12: =propTherm18OKHigh -> 0.32649182 | X12: ='Reduce Room Thermostat'!E67 -> 127.08659 | Y12: ='Reduce Room Thermostat'!F67 -> 149.59837 | Z12: ='Reduce Room Thermostat'!G67 -> 187.97985 | AA12: =(B12*L12*carbonGasPerkWh+E12*O12*carbonOilPerkWh + H12*R12*carbonElectricityPerkWh) -> 2379.6525 | AB12: =(C12*M12*carbonGasPerkWh+F12*P12*carbonOilPerkWh + I12*S12*carbonElectricityPerkWh) -> 2964.273 | AC12: =(D12*N12*carbonGasPerkWh+G12*Q12*carbonOilPerkWh + J12*T12*carbonElectricityPerkWh) -> 3942.4831 | AD12: =(B12*L12+E12*O12+H12*R12)/1000 -> 12.486455 | AE12: =(C12*M12+F12*P12+I12*S12)/1000 -> 15.554062 | AF12: =(D12*N12+G12*Q12+J12*T12)/1000 -> 20.686902 | AG12: =ROUND(10000*(C12*M12*gasPricePerkWh+F12*P12*oilPricePerkWh+I12*S12*OffPeakTariff),-3) -> 1328394000 | AH12: comfort reduction | AI12: ** | AJ12: Multiply
A13: Shorter Heating Season (usually Oct-Apr)
A14: Early finish: October through March | B14: ='Shorter Heating Season'!B38 -> 738.92148 | C14: ='Shorter Heating Season'!C38 -> 821.02387 | D14: ='Shorter Heating Season'!D38 -> 903.12625 | E14: ='Shorter Heating Season'!E38 -> 1241.0868 | F14: ='Shorter Heating Season'!F38 -> 1378.9854 | G14: ='Shorter Heating Season'!G38 -> 1516.8839 | H14: ='Shorter Heating Season'!H38 -> 415.49886 | I14: ='Shorter Heating Season'!I38 -> 461.6654 | J14: ='Shorter Heating Season'!J38 -> 507.83194 | K14: =C14/MeanDomesticGasBill -> 0.083131754 | L14: =TotalGasBoilers* propTolerantShorterHeatingSeasonLow/1000000 -> 7.1776588 | M14: =TotalGasBoilers* propTolerantShorterHeatingSeasonMedium/1000000 -> 8.8038273 | N14: =TotalGasBoilers* propTolerantShorterHeatingSeasonHigh/1000000 -> 10.362697 | O14: =TotalOilBoilers*propTolerantShorterHeatingSeasonLow/1000000 -> 0.45870542 | P14: =TotalOilBoilers*propTolerantShorterHeatingSeasonMedium/1000000 -> 0.5626296 | Q14: =TotalOilBoilers*propTolerantShorterHeatingSeasonHigh/1000000 -> 0.66225291 | R14: =TotalDomesticElecHeating*propTolerantShorterHeatingSeasonLow/1000000 -> 0.6548056 | S14: =TotalDomesticElecHeating*propTolerantShorterHeatingSeasonMedium/1000000 -> 0.80315819 | T14: =TotalDomesticElecHeating*propTolerantShorterHeatingSeasonHigh/1000000 -> 0.94537124 | U14: =propTolerantShorterHeatingSeasonLow -> 0.28019475 | V14: =propTolerantShorterHeatingSeasonMedium -> 0.3436756 | W14: =propTolerantShorterHeatingSeasonHigh -> 0.40452931 | X14: =(B14*gasPricePerkWh*L14+E14*oilPriceP*O14+H14*OffPeakTariff*R14)/100/SUM(L14,O14,R14) -> 62.539041 | Y14: =(C14*gasPricePerkWh*M14+F14*oilPriceP*P14+I14*OffPeakTariff*S14)/100/SUM(M14,P14,S14) -> 69.487823 | Z14: =(D14*gasPricePerkWh*N14+G14*oilPriceP*Q14+J14*OffPeakTariff*T14)/100/SUM(N14,Q14,T14) -> 76.436606 | AA14: =(B14*L14*carbonGasPerkWh+E14*O14*carbonOilPerkWh + H14*R14*carbonElectricityPerkWh) -> 1172.4477 | AB14: =(C14*M14*carbonGasPerkWh+F14*P14*carbonOilPerkWh + I14*S14*carbonElectricityPerkWh) -> 1597.8634 | AC14: =(D14*N14*carbonGasPerkWh+G14*Q14*carbonOilPerkWh + J14*T14*carbonElectricityPerkWh) -> 2068.8721 | AD14: =(B14*L14+E14*O14+H14*R14)/1000 -> 6.1450905 | AE14: =(C14*M14+F14*P14+I14*S14)/1000 -> 8.3748007 | AF14: =(D14*N14+G14*Q14+J14*T14)/1000 -> 10.843474 | AG14: =ROUND(10000*(C14*M14*gasPricePerkWh+F14*P14*oilPricePerkWh+I14*S14*OffPeakTariff),-3) -> 706664000 | AH14: comfort reduction | AI14: * | AJ14: Multiply
A15: Later start: November through April | B15: ='Shorter Heating Season'!B39 -> 536.23056 | C15: ='Shorter Heating Season'!C39 -> 595.81173 | D15: ='Shorter Heating Season'!D39 -> 655.3929 | E15: ='Shorter Heating Season'!E39 -> 900.64873 | F15: ='Shorter Heating Season'!F39 -> 1000.7208 | G15: ='Shorter Heating Season'!G39 -> 1100.7929 | H15: ='Shorter Heating Season'!H39 -> 301.52485 | I15: ='Shorter Heating Season'!I39 -> 335.02761 | J15: ='Shorter Heating Season'!J39 -> 368.53037 | K15: =C15/MeanDomesticGasBill -> 0.060328178 | L15: =TotalGasBoilers* propTolerantShorterHeatingSeasonLow/1000000 -> 7.1776588 | M15: =TotalGasBoilers* propTolerantShorterHeatingSeasonMedium/1000000 -> 8.8038273 | N15: =TotalGasBoilers* propTolerantShorterHeatingSeasonHigh/1000000 -> 10.362697 | O15: =TotalOilBoilers*propTolerantShorterHeatingSeasonLow/1000000 -> 0.45870542 | P15: =TotalOilBoilers*propTolerantShorterHeatingSeasonMedium/1000000 -> 0.5626296 | Q15: =TotalOilBoilers*propTolerantShorterHeatingSeasonHigh/1000000 -> 0.66225291 | R15: =TotalDomesticElecHeating*propTolerantShorterHeatingSeasonLow/1000000 -> 0.6548056 | S15: =TotalDomesticElecHeating*propTolerantShorterHeatingSeasonMedium/1000000 -> 0.80315819 | T15: =TotalDomesticElecHeating*propTolerantShorterHeatingSeasonHigh/1000000 -> 0.94537124 | U15: =propTolerantShorterHeatingSeasonLow -> 0.28019475 | V15: =propTolerantShorterHeatingSeasonMedium -> 0.3436756 | W15: =propTolerantShorterHeatingSeasonHigh -> 0.40452931 | X15: =(B15*gasPricePerkWh*L15+E15*oilPriceP*O15+H15*OffPeakTariff*R15)/100/SUM(L15,O15,R15) -> 45.384179 | Y15: =(C15*gasPricePerkWh*M15+F15*oilPriceP*P15+I15*OffPeakTariff*S15)/100/SUM(M15,P15,S15) -> 50.426866 | Z15: =(D15*gasPricePerkWh*N15+G15*oilPriceP*Q15+J15*OffPeakTariff*T15)/100/SUM(N15,Q15,T15) -> 55.469552 | AA15: =(B15*L15*carbonGasPerkWh+E15*O15*carbonOilPerkWh + H15*R15*carbonElectricityPerkWh) -> 850.83771 | AB15: =(C15*M15*carbonGasPerkWh+F15*P15*carbonOilPerkWh + I15*S15*carbonElectricityPerkWh) -> 1159.5592 | AC15: =(D15*N15*carbonGasPerkWh+G15*Q15*carbonOilPerkWh + J15*T15*carbonElectricityPerkWh) -> 1501.3671 | AD15: =(B15*L15+E15*O15+H15*R15)/1000 -> 4.4594526 | AE15: =(C15*M15+F15*P15+I15*S15)/1000 -> 6.0775389 | AF15: =(D15*N15+G15*Q15+J15*T15)/1000 -> 7.8690395 | AG15: =ROUND(10000*(C15*M15*gasPricePerkWh+F15*P15*oilPricePerkWh+I15*S15*OffPeakTariff),-3) -> 512822000 | AH15: comfort reduction | AI15: * | AJ15: Multiply
A16: Later start and early finish: November through March | B16: ='Shorter Heating Season'!B40 -> 1275.152 | C16: ='Shorter Heating Season'!C40 -> 1416.8356 | D16: ='Shorter Heating Season'!D40 -> 1558.5192 | E16: ='Shorter Heating Season'!E40 -> 2141.7356 | F16: ='Shorter Heating Season'!F40 -> 2379.7062 | G16: ='Shorter Heating Season'!G40 -> 2617.6768 | H16: ='Shorter Heating Season'!H40 -> 717.02371 | I16: ='Shorter Heating Season'!I40 -> 796.69301 | J16: ='Shorter Heating Season'!J40 -> 876.36231 | K16: =C16/MeanDomesticGasBill -> 0.14345993 | L16: =TotalGasBoilers* propTolerantShorterHeatingSeasonLow/1000000 -> 7.1776588 | M16: =TotalGasBoilers* propTolerantShorterHeatingSeasonMedium/1000000 -> 8.8038273 | N16: =TotalGasBoilers* propTolerantShorterHeatingSeasonHigh/1000000 -> 10.362697 | O16: =TotalOilBoilers*propTolerantShorterHeatingSeasonLow/1000000 -> 0.45870542 | P16: =TotalOilBoilers*propTolerantShorterHeatingSeasonMedium/1000000 -> 0.5626296 | Q16: =TotalOilBoilers*propTolerantShorterHeatingSeasonHigh/1000000 -> 0.66225291 | R16: =TotalDomesticElecHeating*propTolerantShorterHeatingSeasonLow/1000000 -> 0.6548056 | S16: =TotalDomesticElecHeating*propTolerantShorterHeatingSeasonMedium/1000000 -> 0.80315819 | T16: =TotalDomesticElecHeating*propTolerantShorterHeatingSeasonHigh/1000000 -> 0.94537124 | U16: =propTolerantShorterHeatingSeasonLow -> 0.28019475 | V16: =propTolerantShorterHeatingSeasonMedium -> 0.3436756 | W16: =propTolerantShorterHeatingSeasonHigh -> 0.40452931 | X16: =(B16*gasPricePerkWh*L16+E16*oilPriceP*O16+H16*OffPeakTariff*R16)/100/SUM(L16,O16,R16) -> 107.92322 | Y16: =(C16*gasPricePerkWh*M16+F16*oilPriceP*P16+I16*OffPeakTariff*S16)/100/SUM(M16,P16,S16) -> 119.91469 | Z16: =(D16*gasPricePerkWh*N16+G16*oilPriceP*Q16+J16*OffPeakTariff*T16)/100/SUM(N16,Q16,T16) -> 131.90616 | AA16: =(B16*L16*carbonGasPerkWh+E16*O16*carbonOilPerkWh + H16*R16*carbonElectricityPerkWh) -> 2023.2854 | AB16: =(C16*M16*carbonGasPerkWh+F16*P16*carbonOilPerkWh + I16*S16*carbonElectricityPerkWh) -> 2757.4226 | AC16: =(D16*N16*carbonGasPerkWh+G16*Q16*carbonOilPerkWh + J16*T16*carbonElectricityPerkWh) -> 3570.2392 | AD16: =(B16*L16+E16*O16+H16*R16)/1000 -> 10.604543 | AE16: =(C16*M16+F16*P16+I16*S16)/1000 -> 14.45234 | AF16: =(D16*N16+G16*Q16+J16*T16)/1000 -> 18.712514 | AG16: =ROUND(10000*(C16*M16*gasPricePerkWh+F16*P16*oilPricePerkWh+I16*S16*OffPeakTariff),-3) -> 1219486000 | AH16: comfort reduction | AI16: * | AJ16: Multiply
A17: Draught stripping
A18: Doors | B18: ='Draught Stripping'!B49 -> 0 | C18: ='Draught Stripping'!C49 -> 73.870587 | D18: ='Draught Stripping'!D49 -> 147.74117 | E18: ='Draught Stripping'!E49 -> 0 | F18: ='Draught Stripping'!F49 -> 124.07247 | G18: ='Draught Stripping'!G49 -> 248.14494 | H18: ='Draught Stripping'!H49 -> 0 | I18: ='Draught Stripping'!I49 -> 41.537762 | J18: ='Draught Stripping'!J49 -> 83.075525 | K18: =C18/MeanDomesticGasBill -> 0.0074796748 | L18: ='Draught Stripping'!K49 -> 8.8620747 | M18: ='Draught Stripping'!L49 -> 11.077593 | N18: ='Draught Stripping'!M49 -> 12.185353 | O18: ='Draught Stripping'!N49 -> 0.56635204 | P18: ='Draught Stripping'!O49 -> 0.70794005 | Q18: ='Draught Stripping'!P49 -> 0.77873406 | R18: ='Draught Stripping'!Q49 -> 0.808472 | S18: ='Draught Stripping'!R49 -> 1.01059 | T18: ='Draught Stripping'!S49 -> 1.111649 | U18: =(L18+O18+R18)/numberDwellingsUK*1000000 -> 0.33397382 | V18: =(M18+P18+S18)/numberDwellingsUK*1000000 -> 0.41746727 | W18: =(N18+Q18+T18)/numberDwellingsUK*1000000 -> 0.459214 | X18: =(B18*gasPricePerkWh*L18+E18*oilPriceP*O18+H18*OffPeakTariff*R18)/100/SUM(L18,O18,R18) -> 0 | Y18: =(C18*gasPricePerkWh*M18+F18*oilPriceP*P18+I18*OffPeakTariff*S18)/100/SUM(M18,P18,S18) -> 6.2520793 | Z18: =(D18*gasPricePerkWh*N18+G18*oilPriceP*Q18+J18*OffPeakTariff*T18)/100/SUM(N18,Q18,T18) -> 12.504159 | AA18: =(B18*L18*carbonGasPerkWh+E18*O18*carbonOilPerkWh + H18*R18*carbonElectricityPerkWh) -> 0 | AB18: =(C18*M18*carbonGasPerkWh+F18*P18*carbonOilPerkWh + I18*S18*carbonElectricityPerkWh) -> 180.89615 | AC18: =(D18*N18*carbonGasPerkWh+G18*Q18*carbonOilPerkWh + J18*T18*carbonElectricityPerkWh) -> 397.97154 | AD18: =(B18*L18+E18*O18+H18*R18)/1000 -> 0 | AE18: =(C18*M18+F18*P18+I18*S18)/1000 -> 0.94812185 | AF18: =(D18*N18+G18*Q18+J18*T18)/1000 -> 2.0858681 | AG18: =ROUND(10000*(C18*M18*gasPricePerkWh+F18*P18*oilPricePerkWh+I18*S18*OffPeakTariff),-3) -> 80002000 | AH18: medium | AI18: * | AJ18: Multiply
A19: Windows | B19: ='Draught Stripping'!B50 -> 0 | C19: ='Draught Stripping'!C50 -> 321.17647 | D19: ='Draught Stripping'!D50 -> 642.35293 | E19: ='Draught Stripping'!E50 -> 0 | F19: ='Draught Stripping'!F50 -> 539.44553 | G19: ='Draught Stripping'!G50 -> 1078.8911 | H19: ='Draught Stripping'!H50 -> 0 | I19: ='Draught Stripping'!I50 -> 180.59897 | J19: ='Draught Stripping'!J50 -> 361.19793 | K19: =C19/MeanDomesticGasBill -> 0.032520325 | L19: ='Draught Stripping'!K50 -> 8.8620747 | M19: ='Draught Stripping'!L50 -> 11.077593 | N19: ='Draught Stripping'!M50 -> 12.185353 | O19: ='Draught Stripping'!N50 -> 0.56635204 | P19: ='Draught Stripping'!O50 -> 0.70794005 | Q19: ='Draught Stripping'!P50 -> 0.77873406 | R19: ='Draught Stripping'!Q50 -> 0.808472 | S19: ='Draught Stripping'!R50 -> 1.01059 | T19: ='Draught Stripping'!S50 -> 1.111649 | U19: =(L19+O19+R19)/numberDwellingsUK*1000000 -> 0.33397382 | V19: =(M19+P19+S19)/numberDwellingsUK*1000000 -> 0.41746727 | W19: =(N19+Q19+T19)/numberDwellingsUK*1000000 -> 0.459214 | X19: =(B19*gasPricePerkWh*L19+E19*oilPriceP*O19+H19*OffPeakTariff*R19)/100/SUM(L19,O19,R19) -> 0 | Y19: =(C19*gasPricePerkWh*M19+F19*oilPriceP*P19+I19*OffPeakTariff*S19)/100/SUM(M19,P19,S19) -> 27.182954 | Z19: =(D19*gasPricePerkWh*N19+G19*oilPriceP*Q19+J19*OffPeakTariff*T19)/100/SUM(N19,Q19,T19) -> 54.365907 | AA19: =(B19*L19*carbonGasPerkWh+E19*O19*carbonOilPerkWh + H19*R19*carbonElectricityPerkWh) -> 0 | AB19: =(C19*M19*carbonGasPerkWh+F19*P19*carbonOilPerkWh + I19*S19*carbonElectricityPerkWh) -> 786.50501 | AC19: =(D19*N19*carbonGasPerkWh+G19*Q19*carbonOilPerkWh + J19*T19*carbonElectricityPerkWh) -> 1730.311 | AD19: =(B19*L19+E19*O19+H19*R19)/1000 -> 0 | AE19: =(C19*M19+F19*P19+I19*S19)/1000 -> 4.1222689 | AF19: =(D19*N19+G19*Q19+J19*T19)/1000 -> 9.0689916 | AG19: =ROUND(10000*(C19*M19*gasPricePerkWh+F19*P19*oilPricePerkWh+I19*S19*OffPeakTariff),-3) -> 347836000 | AH19: medium | AI19: * | AJ19: Multiply
A20: Doors and windows* | B20: ='Draught Stripping'!B51 -> 0 | C20: ='Draught Stripping'!C51 -> 395.04705 | D20: ='Draught Stripping'!D51 -> 790.09411 | E20: ='Draught Stripping'!E51 -> 0 | F20: ='Draught Stripping'!F51 -> 663.518 | G20: ='Draught Stripping'!G51 -> 1327.036 | H20: ='Draught Stripping'!H51 -> 0 | I20: ='Draught Stripping'!I51 -> 222.13673 | J20: ='Draught Stripping'!J51 -> 444.27346 | K20: =C20/MeanDomesticGasBill -> 0.04 | L20: =L19 -> 8.8620747 | M20: =M19 -> 11.077593 | N20: =N19 -> 12.185353 | O20: =O19 -> 0.56635204 | P20: =P19 -> 0.70794005 | Q20: =Q19 -> 0.77873406 | R20: =R19 -> 0.808472 | S20: =S19 -> 1.01059 | T20: =T19 -> 1.111649 | U20: =(L20+O20+R20)/numberDwellingsUK*1000000 -> 0.33397382 | V20: =(M20+P20+S20)/numberDwellingsUK*1000000 -> 0.41746727 | W20: =(N20+Q20+T20)/numberDwellingsUK*1000000 -> 0.459214 | X20: =(B20*gasPricePerkWh*L20+E20*oilPriceP*O20+H20*OffPeakTariff*R20)/100/SUM(L20,O20,R20) -> 0 | Y20: =(C20*gasPricePerkWh*M20+F20*oilPriceP*P20+I20*OffPeakTariff*S20)/100/SUM(M20,P20,S20) -> 33.435033 | Z20: =(D20*gasPricePerkWh*N20+G20*oilPriceP*Q20+J20*OffPeakTariff*T20)/100/SUM(N20,Q20,T20) -> 66.870066 | AA20: =(B20*L20*carbonGasPerkWh+E20*O20*carbonOilPerkWh + H20*R20*carbonElectricityPerkWh) -> 0 | AB20: =(C20*M20*carbonGasPerkWh+F20*P20*carbonOilPerkWh + I20*S20*carbonElectricityPerkWh) -> 967.40116 | AC20: =(D20*N20*carbonGasPerkWh+G20*Q20*carbonOilPerkWh + J20*T20*carbonElectricityPerkWh) -> 2128.2826 | AD20: =(B20*L20+E20*O20+H20*R20)/1000 -> 0 | AE20: =(C20*M20+F20*P20+I20*S20)/1000 -> 5.0703907 | AF20: =(D20*N20+G20*Q20+J20*T20)/1000 -> 11.15486 | AG20: =ROUND(10000*(C20*M20*gasPricePerkWh+F20*P20*oilPricePerkWh+I20*S20*OffPeakTariff),-3) -> 427839000 | AH20: high | AI20: * | AJ20: Multiply
A21: ='Reduce heating hours'!A65 -> Reducing hours of heating by 5 hours/week (set and forget) | B21: =ROUND('Reduce heating hours'!B65,-1) -> 100 | C21: =ROUND('Reduce heating hours'!C65,-1) -> 120 | D21: =ROUND('Reduce heating hours'!D65,-1) -> 160 | E21: =ROUND('Reduce heating hours'!E65,-1) -> 220 | F21: =ROUND('Reduce heating hours'!F65,-1) -> 280 | G21: =ROUND('Reduce heating hours'!G65,-1) -> 360 | H21: =ROUND('Reduce heating hours'!H65,-1) -> 20 | I21: =ROUND('Reduce heating hours'!I65,-1) -> 40 | J21: =ROUND('Reduce heating hours'!J65,-1) -> 50 | K21: =C21/MeanDomesticGasBill -> 0.012150451 | L21: ='Reduce heating hours'!K65/1000 -> 2.5616678 | M21: ='Reduce heating hours'!L65/1000 -> 5.1233357 | N21: ='Reduce heating hours'!M65/1000 -> 7.6850035 | O21: ='Reduce heating hours'!N65/1000 -> 0.1637095 | P21: ='Reduce heating hours'!O65/1000 -> 0.327419 | Q21: ='Reduce heating hours'!P65/1000 -> 0.4911285 | R21: ='Reduce heating hours'!Q65/1000 -> 0.090065892 | S21: ='Reduce heating hours'!R65/1000 -> 0.18013178 | T21: ='Reduce heating hours'!S65/1000 -> 0.27019768 | U21: =(L21+O21+R21)/numberDwellingsUK*1000000 -> 0.09185246 | V21: =(M21+P21+S21)/numberDwellingsUK*1000000 -> 0.18370492 | W21: =(N21+Q21+T21)/numberDwellingsUK*1000000 -> 0.27555738 | X21: =(B21*gasPricePerkWh*L21+E21*oilPriceP*O21+H21*OffPeakTariff*R21)/100/SUM(L21,O21,R21) -> 8.5835529 | Y21: =(C21*gasPricePerkWh*M21+F21*oilPriceP*P21+I21*OffPeakTariff*S21)/100/SUM(M21,P21,S21) -> 10.466928 | Z21: =(D21*gasPricePerkWh*N21+G21*oilPriceP*Q21+J21*OffPeakTariff*T21)/100/SUM(N21,Q21,T21) -> 13.865002 | AA21: =(B21*L21*carbonGasPerkWh+E21*O21*carbonOilPerkWh + H21*R21*carbonElectricityPerkWh) -> 56.921699 | AB21: =(C21*M21*carbonGasPerkWh+F21*P21*carbonOilPerkWh + I21*S21*carbonElectricityPerkWh) -> 138.53666 | AC21: =(D21*N21*carbonGasPerkWh+G21*Q21*carbonOilPerkWh + J21*T21*carbonElectricityPerkWh) -> 275.14584 | AD21: =(B21*L21+E21*O21+H21*R21)/1000 -> 0.29398419 | AE21: =(C21*M21+F21*P21+I21*S21)/1000 -> 0.71368287 | AF21: =(D21*N21+G21*Q21+J21*T21)/1000 -> 1.4199167 | AG21: =ROUND(10000*(C21*M21*gasPricePerkWh+F21*P21*oilPricePerkWh+I21*S21*OffPeakTariff),-3) -> 58938000 | AH21: ='Reduce heating hours'!K59 -> - | AI21: ** | AJ21: Multiply
A22: ='Turn off pre-heat'!A40 -> Turn off pre-heat facility | B22: ='Turn off pre-heat'!B40 -> 2.5735294 | C22: ='Turn off pre-heat'!C40 -> 92.647059 | D22: ='Turn off pre-heat'!D40 -> 466.66667 | E22: ='Turn off pre-heat'!E40 -> 0 | F22: ='Turn off pre-heat'!F40 -> 0 | G22: ='Turn off pre-heat'!G40 -> 0 | H22: ='Turn off pre-heat'!H40 -> 0 | ... J22: ='Turn off pre-heat'!J40 -> 0 | K22: =C22/MeanDomesticGasBill -> 0.0093808632 | L22: ='Turn off pre-heat'!K40/1000 -> 3.3096748 | M22: ='Turn off pre-heat'!L40/1000 -> 6.9677365 | N22: ='Turn off pre-heat'!M40/1000 -> 10.974185 | O22: ='Turn off pre-heat'!N40/1000 -> 0 | P22: ='Turn off pre-heat'!O40/1000 -> 0 | Q22: ='Turn off pre-heat'!P40/1000 -> 0 | R22: ='Turn off pre-heat'!Q40/1000 -> 0 | S22: ='Turn off pre-heat'!R40/1000 -> 0 | T22: ='Turn off pre-heat'!S40/1000 -> 0 | U22: =(L22+O22+R22)/numberDwellingsUK*1000000 -> 0.10797653 | V22: =(M22+P22+S22)/numberDwellingsUK*1000000 -> 0.227319 | W22: =(N22+Q22+T22)/numberDwellingsUK*1000000 -> 0.35802743 | X22: =(B22*gasPricePerkWh*L22+E22*oilPriceP*O22+H22*OffPeakTariff*R22)/100/SUM(L22,O22,R22) -> 0.20511029 | Y22: =(C22*gasPricePerkWh*M22+F22*oilPriceP*P22+I22*OffPeakTariff*S22)/100/SUM(M22,P22,S22) -> 7.3839706 | Z22: =(D22*gasPricePerkWh*N22+G22*oilPriceP*Q22+J22*OffPeakTariff*T22)/100/SUM(N22,Q22,T22) -> 37.193333 | AA22: =(B22*L22*carbonGasPerkWh+E22*O22*carbonOilPerkWh + H22*R22*carbonElectricityPerkWh) -> 1.5587108 | AB22: =(C22*M22*carbonGasPerkWh+F22*P22*carbonOilPerkWh + I22*S22*carbonElectricityPerkWh) -> 118.13387 | AC22: =(D22*N22*carbonGasPerkWh+G22*Q22*carbonOilPerkWh + J22*T22*carbonElectricityPerkWh) -> 937.1954 | AD22: =(B22*L22+E22*O22+H22*R22)/1000 -> 0.0085175456 | AE22: =(C22*M22+F22*P22+I22*S22)/1000 -> 0.6455403 | AF22: =(D22*N22+G22*Q22+J22*T22)/1000 -> 5.1212863 | AG22: =ROUND(10000*(C22*M22*gasPricePerkWh+F22*P22*oilPricePerkWh+I22*S22*OffPeakTariff),-3) -> 51450000 | AH22: ='Turn off pre-heat'!T40 -> - | AI22: ** | AJ22: Add
A23: ='Turn off pre-heat'!A41 -> Adjust timer for pre-heat | B23: ='Turn off pre-heat'!B41 -> 1.8014706 | C23: ='Turn off pre-heat'!C41 -> 46.323529 | D23: ='Turn off pre-heat'!D41 -> 140 | E23: ='Turn off pre-heat'!E41 -> 0 | F23: ='Turn off pre-heat'!F41 -> 0 | G23: ='Turn off pre-heat'!G41 -> 0 | H23: ='Turn off pre-heat'!H41 -> 0 | ... J23: ='Turn off pre-heat'!J41 -> 0 | K23: =C23/MeanDomesticGasBill -> 0.0046904316 | L23: ='Turn off pre-heat'!K41/1000 -> 0.16548374 | M23: ='Turn off pre-heat'!L41/1000 -> 0.69677365 | N23: ='Turn off pre-heat'!M41/1000 -> 2.194837 | O23: ='Turn off pre-heat'!N41/1000 -> 0 | P23: ='Turn off pre-heat'!O41/1000 -> 0 | Q23: ='Turn off pre-heat'!P41/1000 -> 0 | R23: ='Turn off pre-heat'!Q41/1000 -> 0 | S23: ='Turn off pre-heat'!R41/1000 -> 0 | T23: ='Turn off pre-heat'!S41/1000 -> 0 | U23: =(L23+O23+R23)/numberDwellingsUK*1000000 -> 0.0053988262 | V23: =(M23+P23+S23)/numberDwellingsUK*1000000 -> 0.0227319 | W23: =(N23+Q23+T23)/numberDwellingsUK*1000000 -> 0.071605485 | X23: =(B23*gasPricePerkWh*L23+E23*oilPriceP*O23+H23*OffPeakTariff*R23)/100/SUM(L23,O23,R23) -> 0.14357721 | Y23: =(C23*gasPricePerkWh*M23+F23*oilPriceP*P23+I23*OffPeakTariff*S23)/100/SUM(M23,P23,S23) -> 3.6919853 | Z23: =(D23*gasPricePerkWh*N23+G23*oilPriceP*Q23+J23*OffPeakTariff*T23)/100/SUM(N23,Q23,T23) -> 11.158 | AA23: =(B23*L23*carbonGasPerkWh+E23*O23*carbonOilPerkWh + H23*R23*carbonElectricityPerkWh) -> 0.054554879 | AB23: =(C23*M23*carbonGasPerkWh+F23*P23*carbonOilPerkWh + I23*S23*carbonElectricityPerkWh) -> 5.9066937 | AC23: =(D23*N23*carbonGasPerkWh+G23*Q23*carbonOilPerkWh + J23*T23*carbonElectricityPerkWh) -> 56.231724 | AD23: =(B23*L23+E23*O23+H23*R23)/1000 -> 0.00029811409 | AE23: =(C23*M23+F23*P23+I23*S23)/1000 -> 0.032277015 | AF23: =(D23*N23+G23*Q23+J23*T23)/1000 -> 0.30727718 | AG23: =ROUND(10000*(C23*M23*gasPricePerkWh+F23*P23*oilPricePerkWh+I23*S23*OffPeakTariff),-3) -> 2572000 | AH23: ='Turn off pre-heat'!T41 -> - | AI23: ** | AJ23: Add | AO23: ='Turn off pre-heat'!T40 -> -
A24: ='Reducing DHW temp. (cylinder)'!A49 -> Reducing the cylinder temperature to 60°C | B24: =ROUND('Reducing DHW temp. (cylinder)'!B49,-1) -> 80 | C24: =ROUND('Reducing DHW temp. (cylinder)'!C49,-1) -> 230 | D24: =ROUND('Reducing DHW temp. (cylinder)'!D49,-1) -> 390 | E24: =ROUND('Reducing DHW temp. (cylinder)'!E49,-1) -> 230 | F24: =ROUND('Reducing DHW temp. (cylinder)'!F49,-1) -> 430 | G24: =ROUND('Reducing DHW temp. (cylinder)'!G49,-1) -> 590 | H24: =ROUND('Reducing DHW temp. (cylinder)'!H49,-1) -> 0 | I24: =ROUND('Reducing DHW temp. (cylinder)'!I49,-1) -> 0 | J24: =ROUND('Reducing DHW temp. (cylinder)'!J49,-1) -> 0 | K24: =C24/MeanDomesticGasBill -> 0.023288365 | L24: ='Reducing DHW temp. (cylinder)'!K49/1000 -> 3.8937351 | M24: ='Reducing DHW temp. (cylinder)'!L49/1000 -> 6.5578697 | N24: ='Reducing DHW temp. (cylinder)'!M49/1000 -> 8.5662173 | O24: ='Reducing DHW temp. (cylinder)'!N49/1000 -> 0.6065437 | P24: ='Reducing DHW temp. (cylinder)'!O49/1000 -> 1.0215473 | Q24: ='Reducing DHW temp. (cylinder)'!P49/1000 -> 1.3343961 | R24: ='Reducing DHW temp. (cylinder)'!Q49/1000 -> 0 | S24: ='Reducing DHW temp. (cylinder)'!R49/1000 -> 0 | T24: ='Reducing DHW temp. (cylinder)'!S49/1000 -> 0 | U24: =(L24+O24+R24)/numberDwellingsUK*1000000 -> 0.1468194 | V24: =(M24+P24+S24)/numberDwellingsUK*1000000 -> 0.24727478 | W24: =(N24+Q24+T24)/numberDwellingsUK*1000000 -> 0.32300267 | X24: =(B24*gasPricePerkWh*L24+E24*oilPriceP*O24+H24*OffPeakTariff*R24)/100/SUM(L24,O24,R24) -> 8.5117402 | Y24: =(C24*gasPricePerkWh*M24+F24*oilPriceP*P24+I24*OffPeakTariff*S24)/100/SUM(M24,P24,S24) -> 21.459883 | Z24: =(D24*gasPricePerkWh*N24+G24*oilPriceP*Q24+J24*OffPeakTariff*T24)/100/SUM(N24,Q24,T24) -> 34.576722 | AA24: =(B24*L24*carbonGasPerkWh+E24*O24*carbonOilPerkWh + H24*R24*carbonElectricityPerkWh) -> 94.670646 | AB24: =(C24*M24*carbonGasPerkWh+F24*P24*carbonOilPerkWh + I24*S24*carbonElectricityPerkWh) -> 394.62237 | AC24: =(D24*N24*carbonGasPerkWh+G24*Q24*carbonOilPerkWh + J24*T24*carbonElectricityPerkWh) -> 823.94023 | AD24: =(B24*L24+E24*O24+H24*R24)/1000 -> 0.45100386 | AE24: =(C24*M24+F24*P24+I24*S24)/1000 -> 1.9475754 | AF24: =(D24*N24+G24*Q24+J24*T24)/1000 -> 4.1281184 | AG24: =ROUND(10000*(C24*M24*gasPricePerkWh+F24*P24*oilPricePerkWh+I24*S24*OffPeakTariff),-3) -> 162653000 | AH24: ='Reducing DHW temp. (cylinder)'!T49 -> - | AI24: ** | AJ24: Add
A25: ='Reducing DHW temp. (combi)'!A40 -> Reduce DHW temperature to 45°C (low savings), 42°C, or 40°C (high savings) | B25: =ROUND('Reducing DHW temp. (combi)'!B40,-1) -> 100 | C25: =ROUND('Reducing DHW temp. (combi)'!C40,-1) -> 250 | D25: =ROUND('Reducing DHW temp. (combi)'!D40,-1) -> 460 | E25: =ROUND('Reducing DHW temp. (combi)'!E40,-1) -> 110 | F25: =ROUND('Reducing DHW temp. (combi)'!F40,-1) -> 250 | G25: =ROUND('Reducing DHW temp. (combi)'!G40,-1) -> 450 | H25: =ROUND('Reducing DHW temp. (combi)'!H40,-1) -> 0 | I25: =ROUND('Reducing DHW temp. (combi)'!I40,-1) -> 0 | J25: =ROUND('Reducing DHW temp. (combi)'!J40,-1) -> 0 | K25: =C25/MeanDomesticGasBill -> 0.02531344 | L25: ='Reducing DHW temp. (combi)'!K40/1000 -> 16.548374 | M25: ='Reducing DHW temp. (combi)'!L40/1000 -> 17.419341 | N25: ='Reducing DHW temp. (combi)'!M40/1000 -> 18.290308 | O25: ='Reducing DHW temp. (combi)'!N40/1000 -> 0.34215285 | P25: ='Reducing DHW temp. (combi)'!O40/1000 -> 0.3601609 | Q25: ='Reducing DHW temp. (combi)'!P40/1000 -> 0.37816894 | R25: ='Reducing DHW temp. (combi)'!Q40/1000 -> 0 | S25: ='Reducing DHW temp. (combi)'!R40/1000 -> 0 | T25: ='Reducing DHW temp. (combi)'!S40/1000 -> 0 | U25: =(L25+O25+R25)/numberDwellingsUK*1000000 -> 0.55104519 | V25: =(M25+P25+S25)/numberDwellingsUK*1000000 -> 0.58004757 | W25: =(N25+Q25+T25)/numberDwellingsUK*1000000 -> 0.60904995 | X25: =(B25*gasPricePerkWh*L25+E25*oilPriceP*O25+H25*OffPeakTariff*R25)/100/SUM(L25,O25,R25) -> 8.0238437 | Y25: =(C25*gasPricePerkWh*M25+F25*oilPriceP*P25+I25*OffPeakTariff*S25)/100/SUM(M25,P25,S25) -> 20.010679 | Z25: =(D25*gasPricePerkWh*N25+G25*oilPriceP*Q25+J25*OffPeakTariff*T25)/100/SUM(N25,Q25,T25) -> 36.800078 | AA25: =(B25*L25*carbonGasPerkWh+E25*O25*carbonOilPerkWh + H25*R25*carbonElectricityPerkWh) -> 312.99719 | AB25: =(C25*M25*carbonGasPerkWh+F25*P25*carbonOilPerkWh + I25*S25*carbonElectricityPerkWh) -> 821.24573 | AC25: =(D25*N25*carbonGasPerkWh+G25*Q25*carbonOilPerkWh + J25*T25*carbonElectricityPerkWh) -> 1585.6257 | AD25: =(B25*L25+E25*O25+H25*R25)/1000 -> 1.6924742 | AE25: =(C25*M25+F25*P25+I25*S25)/1000 -> 4.4448756 | AF25: =(D25*N25+G25*Q25+J25*T25)/1000 -> 8.5837179 | AG25: =ROUND(10000*(C25*M25*gasPricePerkWh+F25*P25*oilPricePerkWh+I25*S25*OffPeakTariff),-3) -> 355780000 | AH25: ='Reducing DHW temp. (combi)'!T40 -> - | AI25: * | AJ25: Add
A26: Moving furniture away from radiators | B26: Bills will increase if they change at all, unless this measure is combined with turning down the thermostat or reducing radiator temperatures. | U26: Bills will increase if they change at all, unless this measure is combined with turning down the thermostat or reducing radiator temperatures. | AI26: ** | AJ26: -
A27: Closing curtains at night | B27: =ROUND('Closing curtains'!B37,-1) -> 30 | C27: =ROUND('Closing curtains'!C37,-1) -> 90 | D27: =ROUND('Closing curtains'!D37,-1) -> 180 | E27: =ROUND('Closing curtains'!E37,-1) -> 50 | F27: =ROUND('Closing curtains'!F37,-1) -> 160 | G27: =ROUND('Closing curtains'!G37,-1) -> 300 | H27: =ROUND('Closing curtains'!H37,-1) -> 20 | I27: =ROUND('Closing curtains'!I37,-1) -> 60 | J27: =ROUND('Closing curtains'!J37,-1) -> 100 | K27: =C27/MeanDomesticGasBill -> 0.0091128385 | L27: ='Closing curtains'!K37/1000 -> 10.246671 | M27: ='Closing curtains'!L37/1000 -> 12.808339 | N27: ='Closing curtains'!M37/1000 -> 15.370007 | O27: ='Closing curtains'!N37/1000 -> 0.654838 | P27: ='Closing curtains'!O37/1000 -> 0.8185475 | Q27: ='Closing curtains'!P37/1000 -> 0.982257 | R27: ='Closing curtains'!Q37/1000 -> 0.9347864 | S27: ='Closing curtains'!R37/1000 -> 1.168483 | T27: ='Closing curtains'!S37/1000 -> 1.4021796 | U27: =(L27+O27+R27)/numberDwellingsUK*1000000 -> 0.38615337 | V27: =(M27+P27+S27)/numberDwellingsUK*1000000 -> 0.48269171 | W27: =(N27+Q27+T27)/numberDwellingsUK*1000000 -> 0.57923005 | X27: =(B27*gasPricePerkWh*L27+E27*oilPriceP*O27+H27*OffPeakTariff*R27)/100/SUM(L27,O27,R27) -> 2.574084 | Y27: =(C27*gasPricePerkWh*M27+F27*oilPriceP*P27+I27*OffPeakTariff*S27)/100/SUM(M27,P27,S27) -> 7.7757056 | Z27: =(D27*gasPricePerkWh*N27+G27*oilPriceP*Q27+J27*OffPeakTariff*T27)/100/SUM(N27,Q27,T27) -> 15.207575 | AA27: =(B27*L27*carbonGasPerkWh+E27*O27*carbonOilPerkWh + H27*R27*carbonElectricityPerkWh) -> 68.403683 | AB27: =(C27*M27*carbonGasPerkWh+F27*P27*carbonOilPerkWh + I27*S27*carbonElectricityPerkWh) -> 258.72389 | AC27: =(D27*N27*carbonGasPerkWh+G27*Q27*carbonOilPerkWh + J27*T27*carbonElectricityPerkWh) -> 610.66943 | AD27: =(B27*L27+E27*O27+H27*R27)/1000 -> 0.35883777 | AE27: =(C27*M27+F27*P27+I27*S27)/1000 -> 1.3538271 | AF27: =(D27*N27+G27*Q27+J27*T27)/1000 -> 3.2014963 | AG27: =ROUND(10000*(C27*M27*gasPricePerkWh+F27*P27*oilPricePerkWh+I27*S27*OffPeakTariff),-3) -> 115044000 | AH27: ='Closing curtains'!T37 -> - | AI27: ** | AJ27: Add
A28: ='Window treatments'!A43 -> Add window film to all windows | B28: =ROUND('Window treatments'!B43,-1) -> 250 | C28: =ROUND('Window treatments'!C43,-1) -> 380 | D28: =ROUND('Window treatments'!D43,-1) -> 500 | E28: =ROUND('Window treatments'!E43,-1) -> 440 | F28: =ROUND('Window treatments'!F43,-1) -> 650 | G28: =ROUND('Window treatments'!G43,-1) -> 860 | H28: =ROUND('Window treatments'!H43,-1) -> 160 | I28: =ROUND('Window treatments'!I43,-1) -> 220 | J28: =ROUND('Window treatments'!J43,-1) -> 300 | K28: =C28/MeanDomesticGasBill -> 0.038476429 | L28: ='Window treatments'!K43/1000 -> 20.493343 | M28: ='Window treatments'!L43/1000 -> 23.055011 | N28: ='Window treatments'!M43/1000 -> 24.079678 | O28: ='Window treatments'!N43/1000 -> 1.309676 | P28: ='Window treatments'!O43/1000 -> 1.4733855 | Q28: ='Window treatments'!P43/1000 -> 1.5388693 | R28: ='Window treatments'!Q43/1000 -> 1.8695728 | S28: ='Window treatments'!R43/1000 -> 2.1032694 | T28: ='Window treatments'!S43/1000 -> 2.196748 | U28: =(L28+O28+R28)/numberDwellingsUK*1000000 -> 0.77230673 | V28: =(M28+P28+S28)/numberDwellingsUK*1000000 -> 0.86884507 | W28: =(N28+Q28+T28)/numberDwellingsUK*1000000 -> 0.90746041 | X28: =(B28*gasPricePerkWh*L28+E28*oilPriceP*O28+H28*OffPeakTariff*R28)/100/SUM(L28,O28,R28) -> 21.496449 | Y28: =(C28*gasPricePerkWh*M28+F28*oilPriceP*P28+I28*OffPeakTariff*S28)/100/SUM(M28,P28,S28) -> 32.299272 | Z28: =(D28*gasPricePerkWh*N28+G28*oilPriceP*Q28+J28*OffPeakTariff*T28)/100/SUM(N28,Q28,T28) -> 42.649061 | AA28: =(B28*L28*carbonGasPerkWh+E28*O28*carbonOilPerkWh + H28*R28*carbonElectricityPerkWh) -> 1146.1062 | AB28: =(C28*M28*carbonGasPerkWh+F28*P28*carbonOilPerkWh + I28*S28*carbonElectricityPerkWh) -> 1943.7259 | AC28: =(D28*N28*carbonGasPerkWh+G28*Q28*carbonOilPerkWh + J28*T28*carbonElectricityPerkWh) -> 2677.2633 | AD28: =(B28*L28+E28*O28+H28*R28)/1000 -> 5.9987248 | AE28: =(C28*M28+F28*P28+I28*S28)/1000 -> 10.181324 | AF28: =(D28*N28+G28*Q28+J28*T28)/1000 -> 14.022291 | AG28: =ROUND(10000*(C28*M28*gasPricePerkWh+F28*P28*oilPricePerkWh+I28*S28*OffPeakTariff),-3) -> 860183000 | AH28: ='Window treatments'!T43 -> low | AI28: ** | AJ28: Add
A29: ='Window treatments'!A44 -> Add window film to all single glazed windows | B29: =ROUND('Window treatments'!B44,-1) -> 40 | C29: =ROUND('Window treatments'!C44,-1) -> 60 | D29: =ROUND('Window treatments'!D44,-1) -> 80 | E29: =ROUND('Window treatments'!E44,-1) -> 140 | F29: =ROUND('Window treatments'!F44,-1) -> 210 | G29: =ROUND('Window treatments'!G44,-1) -> 280 | H29: =ROUND('Window treatments'!H44,-1) -> 30 | I29: =ROUND('Window treatments'!I44,-1) -> 50 | J29: =ROUND('Window treatments'!J44,-1) -> 70 | K29: =C29/MeanDomesticGasBill -> 0.0060752257 | L29: ='Window treatments'!K44/1000 -> 20.493343 | M29: ='Window treatments'!L44/1000 -> 23.055011 | N29: ='Window treatments'!M44/1000 -> 24.079678 | O29: ='Window treatments'!N44/1000 -> 1.309676 | P29: ='Window treatments'!O44/1000 -> 1.4733855 | Q29: ='Window treatments'!P44/1000 -> 1.5388693 | R29: ='Window treatments'!Q44/1000 -> 1.8695728 | S29: ='Window treatments'!R44/1000 -> 2.1032694 | T29: ='Window treatments'!S44/1000 -> 2.196748 | U29: =(L29+O29+R29)/numberDwellingsUK*1000000 -> 0.77230673 | V29: =(M29+P29+S29)/numberDwellingsUK*1000000 -> 0.86884507 | W29: =(N29+Q29+T29)/numberDwellingsUK*1000000 -> 0.90746041 | X29: =(B29*gasPricePerkWh*L29+E29*oilPriceP*O29+H29*OffPeakTariff*R29)/100/SUM(L29,O29,R29) -> 3.8635938 | Y29: =(C29*gasPricePerkWh*M29+F29*oilPriceP*P29+I29*OffPeakTariff*S29)/100/SUM(M29,P29,S29) -> 5.8546229 | Z29: =(D29*gasPricePerkWh*N29+G29*oilPriceP*Q29+J29*OffPeakTariff*T29)/100/SUM(N29,Q29,T29) -> 7.845652 | AA29: =(B29*L29*carbonGasPerkWh+E29*O29*carbonOilPerkWh + H29*R29*carbonElectricityPerkWh) -> 209.44445 | AB29: =(C29*M29*carbonGasPerkWh+F29*P29*carbonOilPerkWh + I29*S29*carbonElectricityPerkWh) -> 355.29891 | AC29: =(D29*N29*carbonGasPerkWh+G29*Q29*carbonOilPerkWh + J29*T29*carbonElectricityPerkWh) -> 496.08271 | AD29: =(B29*L29+E29*O29+H29*R29)/1000 -> 1.0591755 | AE29: =(C29*M29+F29*P29+I29*S29)/1000 -> 1.7978751 | AF29: =(D29*N29+G29*Q29+J29*T29)/1000 -> 2.51103 | AG29: =ROUND(10000*(C29*M29*gasPricePerkWh+F29*P29*oilPricePerkWh+I29*S29*OffPeakTariff),-3) -> 155918000 | AH29: ='Window treatments'!T44 -> low | AI29: ** | AJ29: Add
A30: Installing loft insulation
A31: None to 300mm** | B31: =ROUND('Loft insulation'!B51,-1) -> 4520 | C31: =ROUND('Loft insulation'!C51,-1) -> 5180 | D31: =ROUND('Loft insulation'!D51,-1) -> 5760 | E31: =ROUND('Loft insulation'!E51,-1) -> 7300 | F31: =ROUND('Loft insulation'!F51,-1) -> 8370 | G31: =ROUND('Loft insulation'!G51,-1) -> 9300 | H31: =ROUND('Loft insulation'!H51,-1) -> 3560 | I31: =ROUND('Loft insulation'!I51,-1) -> 4030 | J31: =ROUND('Loft insulation'!J51,-1) -> 4550 | K31: ='Loft insulation'!N12 -> 0.28 | L31: ='Loft insulation'!K51/1000 -> 0.23517551 | M31: ='Loft insulation'!L51/1000 -> 0.24824081 | N31: ='Loft insulation'!M51/1000 -> 0.25869306 | O31: ='Loft insulation'!N51/1000 -> 0.042186192 | P31: ='Loft insulation'!O51/1000 -> 0.04452987 | Q31: ='Loft insulation'!P51/1000 -> 0.046404812 | R31: ='Loft insulation'!Q51/1000 -> 0.020521221 | S31: ='Loft insulation'!R51/1000 -> 0.021661289 | T31: ='Loft insulation'!S51/1000 -> 0.022573343 | U31: =(L31+O31+R31)/numberDwellingsUK*1000000 -> 0.0097182847 | V31: =(M31+P31+S31)/numberDwellingsUK*1000000 -> 0.010258189 | W31: =(N31+Q31+T31)/numberDwellingsUK*1000000 -> 0.010690113 | X31: =(B31*gasPricePerkWh*L31+E31*oilPriceP*O31+H31*OffPeakTariff*R31)/100/SUM(L31,O31,R31) -> 421.08292 | Y31: =(C31*gasPricePerkWh*M31+F31*oilPriceP*P31+I31*OffPeakTariff*S31)/100/SUM(M31,P31,S31) -> 482.10933 | Z31: =(D31*gasPricePerkWh*N31+G31*oilPriceP*Q31+J31*OffPeakTariff*T31)/100/SUM(N31,Q31,T31) -> 536.703 | AA31: =(B31*L31*carbonGasPerkWh+E31*O31*carbonOilPerkWh + H31*R31*carbonElectricityPerkWh) -> 290.60759 | AB31: =(C31*M31*carbonGasPerkWh+F31*P31*carbonOilPerkWh + I31*S31*carbonElectricityPerkWh) -> 351.40166 | AC31: =(D31*N31*carbonGasPerkWh+G31*Q31*carbonOilPerkWh + J31*T31*carbonElectricityPerkWh) -> 407.3851 | AD31: =(B31*L31+E31*O31+H31*R31)/1000 -> 1.444008 | AE31: =(C31*M31+F31*P31+I31*S31)/1000 -> 1.7458974 | AF31: =(D31*N31+G31*Q31+J31*T31)/1000 -> 2.0243455 | AG31: =ROUND(10000*(C31*M31*gasPricePerkWh+F31*P31*oilPricePerkWh+I31*S31*OffPeakTariff),-3) -> 151591000 | AH31: ='Loft insulation'!T51 -> high | AI31: ** | AJ31: Add
A32: 0- 50, to 300mm** | B32: =ROUND('Loft insulation'!B52,-1) -> 1220 | C32: =ROUND('Loft insulation'!C52,-1) -> 1510 | D32: =ROUND('Loft insulation'!D52,-1) -> 1700 | E32: =ROUND('Loft insulation'!E52,-1) -> 1980 | F32: =ROUND('Loft insulation'!F52,-1) -> 2430 | G32: =ROUND('Loft insulation'!G52,-1) -> 2750 | H32: =ROUND('Loft insulation'!H52,-1) -> 1090 | I32: =ROUND('Loft insulation'!I52,-1) -> 1200 | J32: =ROUND('Loft insulation'!J52,-1) -> 1300 | K32: ='Loft insulation'!N13 -> 0.11 | L32: ='Loft insulation'!K52/1000 -> 0.789935 | M32: ='Loft insulation'!L52/1000 -> 0.83382028 | N32: ='Loft insulation'!M52/1000 -> 0.8689285 | O32: ='Loft insulation'!N52/1000 -> 0.068923381 | P32: ='Loft insulation'!O52/1000 -> 0.072752458 | Q32: ='Loft insulation'!P52/1000 -> 0.07581572 | R32: ='Loft insulation'!Q52/1000 -> 0.08064838 | S32: ='Loft insulation'!R52/1000 -> 0.085128845 | T32: ='Loft insulation'!S52/1000 -> 0.088713218 | U32: =(L32+O32+R32)/numberDwellingsUK*1000000 -> 0.030650949 | V32: =(M32+P32+S32)/numberDwellingsUK*1000000 -> 0.03235378 | W32: =(N32+Q32+T32)/numberDwellingsUK*1000000 -> 0.033716044 | X32: =(B32*gasPricePerkWh*L32+E32*oilPriceP*O32+H32*OffPeakTariff*R32)/100/SUM(L32,O32,R32) -> 109.82347 | Y32: =(C32*gasPricePerkWh*M32+F32*oilPriceP*P32+I32*OffPeakTariff*S32)/100/SUM(M32,P32,S32) -> 133.86282 | Z32: =(D32*gasPricePerkWh*N32+G32*oilPriceP*Q32+J32*OffPeakTariff*T32)/100/SUM(N32,Q32,T32) -> 150.15081 | AA32: =(B32*L32*carbonGasPerkWh+E32*O32*carbonOilPerkWh + H32*R32*carbonElectricityPerkWh) -> 228.76682 | AB32: =(C32*M32*carbonGasPerkWh+F32*P32*carbonOilPerkWh + I32*S32*carbonElectricityPerkWh) -> 296.22381 | AC32: =(D32*N32*carbonGasPerkWh+G32*Q32*carbonOilPerkWh + J32*T32*carbonElectricityPerkWh) -> 347.02974 | AD32: =(B32*L32+E32*O32+H32*R32)/1000 -> 1.1880957 | AE32: =(C32*M32+F32*P32+I32*S32)/1000 -> 1.5380117 | AF32: =(D32*N32+G32*Q32+J32*T32)/1000 -> 1.8009989 | AG32: =ROUND(10000*(C32*M32*gasPricePerkWh+F32*P32*oilPricePerkWh+I32*S32*OffPeakTariff),-3) -> 132752000 | AH32: ='Loft insulation'!T52 -> high | AI32: ** | AJ32: Add
A33: 50-100 to 300mm** | B33: =ROUND('Loft insulation'!B53,-1) -> 540 | C33: =ROUND('Loft insulation'!C53,-1) -> 710 | D33: =ROUND('Loft insulation'!D53,-1) -> 800 | E33: =ROUND('Loft insulation'!E53,-1) -> 880 | F33: =ROUND('Loft insulation'!F53,-1) -> 1150 | G33: =ROUND('Loft insulation'!G53,-1) -> 1290 | H33: =ROUND('Loft insulation'!H53,-1) -> 480 | I33: =ROUND('Loft insulation'!I53,-1) -> 550 | J33: =ROUND('Loft insulation'!J53,-1) -> 610 | K33: ='Loft insulation'!N14 -> 0.058 | L33: ='Loft insulation'!K53/1000 -> 3.9460683 | M33: ='Loft insulation'!L53/1000 -> 4.1652944 | N33: ='Loft insulation'!M53/1000 -> 4.3406752 | O33: ='Loft insulation'!N53/1000 -> 0.33733443 | P33: ='Loft insulation'!O53/1000 -> 0.35607523 | Q33: ='Loft insulation'!P53/1000 -> 0.37106787 | R33: ='Loft insulation'!Q53/1000 -> 0.19081203 | S33: ='Loft insulation'!R53/1000 -> 0.2014127 | T33: ='Loft insulation'!S53/1000 -> 0.20989324 | U33: =(L33+O33+R33)/numberDwellingsUK*1000000 -> 0.14596907 | V33: =(M33+P33+S33)/numberDwellingsUK*1000000 -> 0.15407847 | W33: =(N33+Q33+T33)/numberDwellingsUK*1000000 -> 0.16056598 | X33: =(B33*gasPricePerkWh*L33+E33*oilPriceP*O33+H33*OffPeakTariff*R33)/100/SUM(L33,O33,R33) -> 47.438699 | Y33: =(C33*gasPricePerkWh*M33+F33*oilPriceP*P33+I33*OffPeakTariff*S33)/100/SUM(M33,P33,S33) -> 61.80297 | Z33: =(D33*gasPricePerkWh*N33+G33*oilPriceP*Q33+J33*OffPeakTariff*T33)/100/SUM(N33,Q33,T33) -> 69.532915 | AA33: =(B33*L33*carbonGasPerkWh+E33*O33*carbonOilPerkWh + H33*R33*carbonElectricityPerkWh) -> 486.31253 | AB33: =(C33*M33*carbonGasPerkWh+F33*P33*carbonOilPerkWh + I33*S33*carbonElectricityPerkWh) -> 671.36558 | AC33: =(D33*N33*carbonGasPerkWh+G33*Q33*carbonOilPerkWh + J33*T33*carbonElectricityPerkWh) -> 787.37996 | AD33: =(B33*L33+E33*O33+H33*R33)/1000 -> 2.519321 | AE33: =(C33*M33+F33*P33+I33*S33)/1000 -> 3.4776225 | AF33: =(D33*N33+G33*Q33+J33*T33)/1000 -> 4.0792526 | AG33: =ROUND(10000*(C33*M33*gasPricePerkWh+F33*P33*oilPricePerkWh+I33*S33*OffPeakTariff),-3) -> 291882000 | AH33: ='Loft insulation'!T53 -> medium | AI33: *** | AJ33: Add
A34: ='Loft insulation'!A54 -> 100-150 to 300mm | B34: =ROUND('Loft insulation'!B54,-1) -> 370 | C34: =ROUND('Loft insulation'!C54,-1) -> 440 | D34: =ROUND('Loft insulation'!D54,-1) -> 490 | E34: =ROUND('Loft insulation'!E54,-1) -> 600 | F34: =ROUND('Loft insulation'!F54,-1) -> 700 | G34: =ROUND('Loft insulation'!G54,-1) -> 790 | H34: =ROUND('Loft insulation'!H54,-1) -> 310 | I34: =ROUND('Loft insulation'!I54,-1) -> 350 | J34: =ROUND('Loft insulation'!J54,-1) -> 390 | K34: ='Loft insulation'!N15 -> 0.038 | L34: ='Loft insulation'!K54/1000 -> 3.3134294 | M34: ='Loft insulation'!L54/1000 -> 3.4975088 | N34: ='Loft insulation'!M54/1000 -> 3.6447723 | O34: ='Loft insulation'!N54/1000 -> 0.28993211 | P34: ='Loft insulation'!O54/1000 -> 0.30603945 | Q34: ='Loft insulation'!P54/1000 -> 0.31892532 | R34: ='Loft insulation'!Q54/1000 -> 0.20209086 | S34: ='Loft insulation'!R54/1000 -> 0.21331813 | T34: ='Loft insulation'!S54/1000 -> 0.22229995 | U34: =(L34+O34+R34)/numberDwellingsUK*1000000 -> 0.12415102 | V34: =(M34+P34+S34)/numberDwellingsUK*1000000 -> 0.1310483 | W34: =(N34+Q34+T34)/numberDwellingsUK*1000000 -> 0.13656613 | X34: =(B34*gasPricePerkWh*L34+E34*oilPriceP*O34+H34*OffPeakTariff*R34)/100/SUM(L34,O34,R34) -> 32.562384 | Y34: =(C34*gasPricePerkWh*M34+F34*oilPriceP*P34+I34*OffPeakTariff*S34)/100/SUM(M34,P34,S34) -> 38.474807 | Z34: =(D34*gasPricePerkWh*N34+G34*oilPriceP*Q34+J34*OffPeakTariff*T34)/100/SUM(N34,Q34,T34) -> 42.925713 | AA34: =(B34*L34*carbonGasPerkWh+E34*O34*carbonOilPerkWh + H34*R34*carbonElectricityPerkWh) -> 282.41003 | AB34: =(C34*M34*carbonGasPerkWh+F34*P34*carbonOilPerkWh + I34*S34*carbonElectricityPerkWh) -> 352.67592 | AC34: =(D34*N34*carbonGasPerkWh+G34*Q34*carbonOilPerkWh + J34*T34*carbonElectricityPerkWh) -> 410.19887 | AD34: =(B34*L34+E34*O34+H34*R34)/1000 -> 1.4625763 | AE34: =(C34*M34+F34*P34+I34*S34)/1000 -> 1.8277928 | AF34: =(D34*N34+G34*Q34+J34*T34)/1000 -> 2.1245864 | AG34: =ROUND(10000*(C34*M34*gasPricePerkWh+F34*P34*oilPricePerkWh+I34*S34*OffPeakTariff),-3) -> 154548000 | AH34: ='Loft insulation'!T54 -> medium | AI34: *** | AJ34: Add
A35: ='Loft insulation'!A55 -> 150-200 to 300mm | B35: =ROUND('Loft insulation'!B55,-1) -> 160 | C35: =ROUND('Loft insulation'!C55,-1) -> 180 | D35: =ROUND('Loft insulation'!D55,-1) -> 200 | E35: =ROUND('Loft insulation'!E55,-1) -> 250 | F35: =ROUND('Loft insulation'!F55,-1) -> 290 | G35: =ROUND('Loft insulation'!G55,-1) -> 330 | H35: =ROUND('Loft insulation'!H55,-1) -> 130 | I35: =ROUND('Loft insulation'!I55,-1) -> 150 | J35: =ROUND('Loft insulation'!J55,-1) -> 170 | K35: ='Loft insulation'!N16 -> 0.016 | L35: ='Loft insulation'!K55/1000 -> 2.8926874 | M35: ='Loft insulation'!L55/1000 -> 3.0533922 | N35: ='Loft insulation'!M55/1000 -> 3.1819561 | O35: ='Loft insulation'!N55/1000 -> 0.21649345 | P35: ='Loft insulation'!O55/1000 -> 0.22852087 | Q35: ='Loft insulation'!P55/1000 -> 0.2381428 | R35: ='Loft insulation'!Q55/1000 -> 0.16783349 | S35: ='Loft insulation'!R55/1000 -> 0.17715758 | T35: ='Loft insulation'!S55/1000 -> 0.18461684 | U35: =(L35+O35+R35)/numberDwellingsUK*1000000 -> 0.10691099 | V35: =(M35+P35+S35)/numberDwellingsUK*1000000 -> 0.11285049 | W35: =(N35+Q35+T35)/numberDwellingsUK*1000000 -> 0.11760209 | X35: =(B35*gasPricePerkWh*L35+E35*oilPriceP*O35+H35*OffPeakTariff*R35)/100/SUM(L35,O35,R35) -> 13.850905 | Y35: =(C35*gasPricePerkWh*M35+F35*oilPriceP*P35+I35*OffPeakTariff*S35)/100/SUM(M35,P35,S35) -> 15.666928 | Z35: =(D35*gasPricePerkWh*N35+G35*oilPriceP*Q35+J35*OffPeakTariff*T35)/100/SUM(N35,Q35,T35) -> 17.482951 | AA35: =(B35*L35*carbonGasPerkWh+E35*O35*carbonOilPerkWh + H35*R35*carbonElectricityPerkWh) -> 103.17304 | AB35: =(C35*M35*carbonGasPerkWh+F35*P35*carbonOilPerkWh + I35*S35*carbonElectricityPerkWh) -> 123.17546 | AC35: =(D35*N35*carbonGasPerkWh+G35*Q35*carbonOilPerkWh + J35*T35*carbonElectricityPerkWh) -> 143.23324 | AD35: =(B35*L35+E35*O35+H35*R35)/1000 -> 0.5387717 | AE35: =(C35*M35+F35*P35+I35*S35)/1000 -> 0.64245529 | AF35: =(D35*N35+G35*Q35+J35*T35)/1000 -> 0.74636321 | AG35: =ROUND(10000*(C35*M35*gasPricePerkWh+F35*P35*oilPricePerkWh+I35*S35*OffPeakTariff),-3) -> 54193000 | AH35: ='Loft insulation'!T55 -> low | AI35: *** | AJ35: Add
A36: Installing foil behind radiators
A37: ... Against filled cavity walls (as built) | B37: =ROUND('Radiator foil'!B89,0) -> 5 | C37: =ROUND('Radiator foil'!C89,0) -> 21 | D37: =ROUND('Radiator foil'!D89,0) -> 44 | E37: =ROUND('Radiator foil'!E89,0) -> 8 | F37: =ROUND('Radiator foil'!F89,0) -> 36 | G37: =ROUND('Radiator foil'!G89,0) -> 74 | H37: =ROUND('Radiator foil'!H89,0) -> 0 | I37: =ROUND('Radiator foil'!I89,0) -> 0 | J37: =ROUND('Radiator foil'!J89,0) -> 0 | K37: =C37/MeanDomesticGasBill -> 0.002126329 | L37: ='Radiator foil'!K89/1000 -> 3.8271318 | M37: ='Radiator foil'!L89/1000 -> 4.2523686 | N37: ='Radiator foil'!M89/1000 -> 4.6776055 | O37: ='Radiator foil'!N89/1000 -> 0.21740622 | P37: ='Radiator foil'!O89/1000 -> 0.27175777 | Q37: ='Radiator foil'!P89/1000 -> 0.29893355 | R37: ='Radiator foil'!Q89/1000 -> 0 | S37: ='Radiator foil'!R89/1000 -> 0 | T37: ='Radiator foil'!S89/1000 -> 0 | U37: =(L37+O37+R37)/numberDwellingsUK*1000000 -> 0.13195108 | V37: =(M37+P37+S37)/numberDwellingsUK*1000000 -> 0.14759741 | W37: =(N37+Q37+T37)/numberDwellingsUK*1000000 -> 0.16235715 | X37: =(B37*gasPricePerkWh*L37+E37*oilPriceP*O37+H37*OffPeakTariff*R37)/100/SUM(L37,O37,R37) -> 0.41862766 | Y37: =(C37*gasPricePerkWh*M37+F37*oilPriceP*P37+I37*OffPeakTariff*S37)/100/SUM(M37,P37,S37) -> 1.7820974 | Z37: =(D37*gasPricePerkWh*N37+G37*oilPriceP*Q37+J37*OffPeakTariff*T37)/100/SUM(N37,Q37,T37) -> 3.7256273 | AA37: =(B37*L37*carbonGasPerkWh+E37*O37*carbonOilPerkWh + H37*R37*carbonElectricityPerkWh) -> 3.971423 | AB37: =(C37*M37*carbonGasPerkWh+F37*P37*carbonOilPerkWh + I37*S37*carbonElectricityPerkWh) -> 18.983338 | AC37: =(D37*N37*carbonGasPerkWh+G37*Q37*carbonOilPerkWh + J37*T37*carbonElectricityPerkWh) -> 43.636772 | AD37: =(B37*L37+E37*O37+H37*R37)/1000 -> 0.020874908 | AE37: =(C37*M37+F37*P37+I37*S37)/1000 -> 0.099083021 | AF37: =(D37*N37+G37*Q37+J37*T37)/1000 -> 0.22793572 | AG37: =ROUND(10000*(C37*M37*gasPricePerkWh+F37*P37*oilPricePerkWh+I37*S37*OffPeakTariff),-3) -> 8062000 | AH37: ='Radiator foil'!T89 -> - | AI37: * | AJ37: Multiply
A38: … against retrofit filled cavity walls | B38: =ROUND('Radiator foil'!B90,-1) -> 10 | C38: =ROUND('Radiator foil'!C90,-1) -> 40 | D38: =ROUND('Radiator foil'!D90,-1) -> 80 | E38: =ROUND('Radiator foil'!E90,-1) -> 10 | F38: =ROUND('Radiator foil'!F90,-1) -> 60 | G38: =ROUND('Radiator foil'!G90,-1) -> 130 | H38: =ROUND('Radiator foil'!H90,-1) -> 0 | I38: =ROUND('Radiator foil'!I90,-1) -> 0 | J38: =ROUND('Radiator foil'!J90,-1) -> 0 | K38: =C38/MeanDomesticGasBill -> 0.0040501504 | L38: ='Radiator foil'!K90/1000 -> 8.3407905 | M38: ='Radiator foil'!L90/1000 -> 10.425988 | N38: ='Radiator foil'!M90/1000 -> 11.468587 | O38: ='Radiator foil'!N90/1000 -> 0.53303813 | P38: ='Radiator foil'!O90/1000 -> 0.66629766 | Q38: ='Radiator foil'!P90/1000 -> 0.73292743 | R38: ='Radiator foil'!Q90/1000 -> 0 | S38: ='Radiator foil'!R90/1000 -> 0 | T38: ='Radiator foil'!S90/1000 -> 0 | U38: =(L38+O38+R38)/numberDwellingsUK*1000000 -> 0.28950432 | V38: =(M38+P38+S38)/numberDwellingsUK*1000000 -> 0.3618804 | W38: =(N38+Q38+T38)/numberDwellingsUK*1000000 -> 0.39806844 | X38: =(B38*gasPricePerkWh*L38+E38*oilPriceP*O38+H38*OffPeakTariff*R38)/100/SUM(L38,O38,R38) -> 0.80716261 | Y38: =(C38*gasPricePerkWh*M38+F38*oilPriceP*P38+I38*OffPeakTariff*S38)/100/SUM(M38,P38,S38) -> 3.344725 | Z38: =(D38*gasPricePerkWh*N38+G38*oilPriceP*Q38+J38*OffPeakTariff*T38)/100/SUM(N38,Q38,T38) -> 6.7474872 | AA38: =(B38*L38*carbonGasPerkWh+E38*O38*carbonOilPerkWh + H38*R38*carbonElectricityPerkWh) -> 16.70285 | AB38: =(C38*M38*carbonGasPerkWh+F38*P38*carbonOilPerkWh + I38*S38*carbonElectricityPerkWh) -> 87.112255 | AC38: =(D38*N38*carbonGasPerkWh+G38*Q38*carbonOilPerkWh + J38*T38*carbonElectricityPerkWh) -> 193.62587 | AD38: =(B38*L38+E38*O38+H38*R38)/1000 -> 0.088738286 | AE38: =(C38*M38+F38*P38+I38*S38)/1000 -> 0.45701738 | AF38: =(D38*N38+G38*Q38+J38*T38)/1000 -> 1.0127675 | AG38: =ROUND(10000*(C38*M38*gasPricePerkWh+F38*P38*oilPricePerkWh+I38*S38*OffPeakTariff),-3) -> 37101000 | AH38: ='Radiator foil'!T90 -> - | AI38: * | AJ38: Multiply
A39: … against solid walls or unfilled cavity walls | B39: =ROUND('Radiator foil'!B91,-1) -> 20 | C39: =ROUND('Radiator foil'!C91,-1) -> 80 | D39: =ROUND('Radiator foil'!D91,-1) -> 160 | E39: =ROUND('Radiator foil'!E91,-1) -> 30 | F39: =ROUND('Radiator foil'!F91,-1) -> 130 | G39: =ROUND('Radiator foil'!G91,-1) -> 270 | H39: =ROUND('Radiator foil'!H91,-1) -> 0 | I39: =ROUND('Radiator foil'!I91,-1) -> 0 | J39: =ROUND('Radiator foil'!J91,-1) -> 0 | K39: =C39/MeanDomesticGasBill -> 0.0081003009 | L39: ='Radiator foil'!K91/1000 -> 8.7506573 | M39: ='Radiator foil'!L91/1000 -> 10.938322 | N39: ='Radiator foil'!M91/1000 -> 12.032154 | O39: ='Radiator foil'!N91/1000 -> 0.55923165 | P39: ='Radiator foil'!O91/1000 -> 0.69903956 | Q39: ='Radiator foil'!P91/1000 -> 0.76894352 | R39: ='Radiator foil'!Q91/1000 -> 0 | S39: ='Radiator foil'!R91/1000 -> 0 | T39: ='Radiator foil'!S91/1000 -> 0 | U39: =(L39+O39+R39)/numberDwellingsUK*1000000 -> 0.30373058 | V39: =(M39+P39+S39)/numberDwellingsUK*1000000 -> 0.37966323 | W39: =(N39+Q39+T39)/numberDwellingsUK*1000000 -> 0.41762955 | X39: =(B39*gasPricePerkWh*L39+E39*oilPriceP*O39+H39*OffPeakTariff*R39)/100/SUM(L39,O39,R39) -> 1.6723625 | Y39: =(C39*gasPricePerkWh*M39+F39*oilPriceP*P39+I39*OffPeakTariff*S39)/100/SUM(M39,P39,S39) -> 6.7474872 | Z39: =(D39*gasPricePerkWh*N39+G39*oilPriceP*Q39+J39*OffPeakTariff*T39)/100/SUM(N39,Q39,T39) -> 13.553012 | AA39: =(B39*L39*carbonGasPerkWh+E39*O39*carbonOilPerkWh + H39*R39*carbonElectricityPerkWh) -> 36.557182 | AB39: =(C39*M39*carbonGasPerkWh+F39*P39*carbonOilPerkWh + I39*S39*carbonElectricityPerkWh) -> 184.67332 | AC39: =(D39*N39*carbonGasPerkWh+G39*Q39*carbonOilPerkWh + J39*T39*carbonElectricityPerkWh) -> 408.35745 | AD39: =(B39*L39+E39*O39+H39*R39)/1000 -> 0.1917901 | AE39: =(C39*M39+F39*P39+I39*S39)/1000 -> 0.96594088 | AF39: =(D39*N39+G39*Q39+J39*T39)/1000 -> 2.1327594 | AG39: =ROUND(10000*(C39*M39*gasPricePerkWh+F39*P39*oilPricePerkWh+I39*S39*OffPeakTariff),-3) -> 78523000 | AH39: ='Radiator foil'!T91 -> - | AI39: * | AJ39: Multiply
A40: Load compensation for boilers | B40: =ROUND('Smart thermostats & compensn'!B46,-1) -> 40 | C40: =ROUND('Smart thermostats & compensn'!C46,-1) -> 370 | D40: =ROUND('Smart thermostats & compensn'!D46,-1) -> 590 | E40: =ROUND('Smart thermostats & compensn'!E46,-1) -> 70 | F40: =ROUND('Smart thermostats & compensn'!F46,-1) -> 670 | G40: =ROUND('Smart thermostats & compensn'!G46,-1) -> 1070 | H40: =ROUND('Smart thermostats & compensn'!H46,-1) -> 0 | I40: =ROUND('Smart thermostats & compensn'!I46,-1) -> 0 | J40: =ROUND('Smart thermostats & compensn'!J46,-1) -> 0 | K40: =C40/MeanDomesticGasBill -> 0.037463892 | L40: ='Smart thermostats & compensn'!K46/1000 -> 15.11384 | M40: ='Smart thermostats & compensn'!L46/1000 -> 18.444008 | N40: ='Smart thermostats & compensn'!M46/1000 -> 20.493343 | O40: ='Smart thermostats & compensn'!N46/1000 -> 0 | P40: ='Smart thermostats & compensn'!O46/1000 -> 0 | Q40: ='Smart thermostats & compensn'!P46/1000 -> 0 | R40: ='Smart thermostats & compensn'!Q46/1000 -> 0 | S40: ='Smart thermostats & compensn'!R46/1000 -> 0 | T40: ='Smart thermostats & compensn'!S46/1000 -> 0 | U40: =(L40+O40+R40)/numberDwellingsUK*1000000 -> 0.49308165 | V40: =(M40+P40+S40)/numberDwellingsUK*1000000 -> 0.60172676 | W40: =(N40+Q40+T40)/numberDwellingsUK*1000000 -> 0.66858529 | X40: =(B40*gasPricePerkWh*L40+E40*oilPriceP*O40+H40*OffPeakTariff*R40)/100/SUM(L40,O40,R40) -> 3.188 | Y40: =(C40*gasPricePerkWh*M40+F40*oilPriceP*P40+I40*OffPeakTariff*S40)/100/SUM(M40,P40,S40) -> 29.489 | Z40: =(D40*gasPricePerkWh*N40+G40*oilPriceP*Q40+J40*OffPeakTariff*T40)/100/SUM(N40,Q40,T40) -> 47.023 | AA40: =(B40*L40*carbonGasPerkWh+E40*O40*carbonOilPerkWh + H40*R40*carbonElectricityPerkWh) -> 110.63331 | AB40: =(C40*M40*carbonGasPerkWh+F40*P40*carbonOilPerkWh + I40*S40*carbonElectricityPerkWh) -> 1248.8438 | AC40: =(D40*N40*carbonGasPerkWh+G40*Q40*carbonOilPerkWh + J40*T40*carbonElectricityPerkWh) -> 2212.6662 | AD40: =(B40*L40+E40*O40+H40*R40)/1000 -> 0.60455361 | AE40: =(C40*M40+F40*P40+I40*S40)/1000 -> 6.8242831 | AF40: =(D40*N40+G40*Q40+J40*T40)/1000 -> 12.091072 | AG40: =ROUND(10000*(C40*M40*gasPricePerkWh+F40*P40*oilPricePerkWh+I40*S40*OffPeakTariff),-3) -> 543895000 | AH40: ='Smart thermostats & compensn'!T46 -> - | AI40: ** | AJ40: Multiply
A41: Weather compensation for boilers | B41: =ROUND('Smart thermostats & compensn'!B47,-1) -> 100 | C41: =ROUND('Smart thermostats & compensn'!C47,-1) -> 220 | D41: =ROUND('Smart thermostats & compensn'!D47,-1) -> 370 | E41: =ROUND('Smart thermostats & compensn'!E47,-1) -> 190 | F41: =ROUND('Smart thermostats & compensn'!F47,-1) -> 400 | G41: =ROUND('Smart thermostats & compensn'!G47,-1) -> 670 | H41: =ROUND('Smart thermostats & compensn'!H47,-1) -> 0 | I41: =ROUND('Smart thermostats & compensn'!I47,-1) -> 0 | J41: =ROUND('Smart thermostats & compensn'!J47,-1) -> 0 | K41: =C41/MeanDomesticGasBill -> 0.022275827 | L41: ='Smart thermostats & compensn'!K47/1000 -> 15.11384 | M41: ='Smart thermostats & compensn'!L47/1000 -> 18.444008 | N41: ='Smart thermostats & compensn'!M47/1000 -> 20.493343 | O41: ='Smart thermostats & compensn'!N47/1000 -> 0 | P41: ='Smart thermostats & compensn'!O47/1000 -> 0 | Q41: ='Smart thermostats & compensn'!P47/1000 -> 0 | R41: ='Smart thermostats & compensn'!Q47/1000 -> 0 | S41: ='Smart thermostats & compensn'!R47/1000 -> 0 | T41: ='Smart thermostats & compensn'!S47/1000 -> 0 | U41: =(L41+O41+R41)/numberDwellingsUK*1000000 -> 0.49308165 | V41: =(M41+P41+S41)/numberDwellingsUK*1000000 -> 0.60172676 | W41: =(N41+Q41+T41)/numberDwellingsUK*1000000 -> 0.66858529 | X41: =(B41*gasPricePerkWh*L41+E41*oilPriceP*O41+H41*OffPeakTariff*R41)/100/SUM(L41,O41,R41) -> 7.97 | Y41: =(C41*gasPricePerkWh*M41+F41*oilPriceP*P41+I41*OffPeakTariff*S41)/100/SUM(M41,P41,S41) -> 17.534 | Z41: =(D41*gasPricePerkWh*N41+G41*oilPriceP*Q41+J41*OffPeakTariff*T41)/100/SUM(N41,Q41,T41) -> 29.489 | AA41: =(B41*L41*carbonGasPerkWh+E41*O41*carbonOilPerkWh + H41*R41*carbonElectricityPerkWh) -> 276.58328 | AB41: =(C41*M41*carbonGasPerkWh+F41*P41*carbonOilPerkWh + I41*S41*carbonElectricityPerkWh) -> 742.55578 | AC41: =(D41*N41*carbonGasPerkWh+G41*Q41*carbonOilPerkWh + J41*T41*carbonElectricityPerkWh) -> 1387.6042 | AD41: =(B41*L41+E41*O41+H41*R41)/1000 -> 1.511384 | AE41: =(C41*M41+F41*P41+I41*S41)/1000 -> 4.0576819 | AF41: =(D41*N41+G41*Q41+J41*T41)/1000 -> 7.5825368 | AG41: =ROUND(10000*(C41*M41*gasPricePerkWh+F41*P41*oilPricePerkWh+I41*S41*OffPeakTariff),-3) -> 323397000 | AH41: ='Smart thermostats & compensn'!T47 -> - | AI41: ** | AJ41: Multiply
A42: Smart thermostats (e.g. NEST) | B42: =ROUND('Smart thermostats & compensn'!B48,-1) -> 220 | C42: =ROUND('Smart thermostats & compensn'!C48,-1) -> 480 | D42: =ROUND('Smart thermostats & compensn'!D48,-1) -> 740 | E42: =ROUND('Smart thermostats & compensn'!E48,-1) -> 400 | F42: =ROUND('Smart thermostats & compensn'!F48,-1) -> 870 | G42: =ROUND('Smart thermostats & compensn'!G48,-1) -> 1340 | H42: =ROUND('Smart thermostats & compensn'!H48,-1) -> 0 | I42: =ROUND('Smart thermostats & compensn'!I48,-1) -> 0 | J42: =ROUND('Smart thermostats & compensn'!J48,-1) -> 0 | K42: =C42/MeanDomesticGasBill -> 0.048601805 | L42: ='Smart thermostats & compensn'!K48/1000 -> 15.11384 | M42: ='Smart thermostats & compensn'!L48/1000 -> 18.444008 | N42: ='Smart thermostats & compensn'!M48/1000 -> 20.493343 | O42: ='Smart thermostats & compensn'!N48/1000 -> 0 | P42: ='Smart thermostats & compensn'!O48/1000 -> 0 | Q42: ='Smart thermostats & compensn'!P48/1000 -> 0 | R42: ='Smart thermostats & compensn'!Q48/1000 -> 0 | S42: ='Smart thermostats & compensn'!R48/1000 -> 0 | T42: ='Smart thermostats & compensn'!S48/1000 -> 0 | U42: =(L42+O42+R42)/numberDwellingsUK*1000000 -> 0.49308165 | V42: =(M42+P42+S42)/numberDwellingsUK*1000000 -> 0.60172676 | W42: =(N42+Q42+T42)/numberDwellingsUK*1000000 -> 0.66858529 | X42: =(B42*gasPricePerkWh*L42+E42*oilPriceP*O42+H42*OffPeakTariff*R42)/100/SUM(L42,O42,R42) -> 17.534 | Y42: =(C42*gasPricePerkWh*M42+F42*oilPriceP*P42+I42*OffPeakTariff*S42)/100/SUM(M42,P42,S42) -> 38.256 | Z42: =(D42*gasPricePerkWh*N42+G42*oilPriceP*Q42+J42*OffPeakTariff*T42)/100/SUM(N42,Q42,T42) -> 58.978 | AA42: =(B42*L42*carbonGasPerkWh+E42*O42*carbonOilPerkWh + H42*R42*carbonElectricityPerkWh) -> 608.48321 | AB42: =(C42*M42*carbonGasPerkWh+F42*P42*carbonOilPerkWh + I42*S42*carbonElectricityPerkWh) -> 1620.1217 | AC42: =(D42*N42*carbonGasPerkWh+G42*Q42*carbonOilPerkWh + J42*T42*carbonElectricityPerkWh) -> 2775.2085 | AD42: =(B42*L42+E42*O42+H42*R42)/1000 -> 3.3250449 | AE42: =(C42*M42+F42*P42+I42*S42)/1000 -> 8.8531241 | AF42: =(D42*N42+G42*Q42+J42*T42)/1000 -> 15.165074 | AG42: =ROUND(10000*(C42*M42*gasPricePerkWh+F42*P42*oilPricePerkWh+I42*S42*OffPeakTariff),-3) -> 705594000 | AH42: ='Smart thermostats & compensn'!T48 -> low | AI42: ** | AJ42: Multiply
A43: =TRVs!A39 -> Starting from all rooms at the same temperature, adjust TRVs to 3°C cooler outside the living room | B43: =ROUND(TRVs!B39,-1) -> 690 | C43: =ROUND(TRVs!C39,-1) -> 1010 | D43: =ROUND(TRVs!D39,-1) -> 1330 | E43: =ROUND(TRVs!E39,-1) -> 1160 | F43: =ROUND(TRVs!F39,-1) -> 1700 | G43: =ROUND(TRVs!G39,-1) -> 2240 | H43: =ROUND(TRVs!H39,-1) -> 0 | I43: =ROUND(TRVs!I39,-1) -> 0 | J43: =ROUND(TRVs!J39,-1) -> 0 | K43: =C43/MeanDomesticGasBill -> 0.1022663 | L43: =TRVs!K39/1000 -> 3.0740014 | M43: =TRVs!L39/1000 -> 3.586335 | N43: =TRVs!M39/1000 -> 4.0986685 | O43: =TRVs!N39/1000 -> 0.2619352 | P43: =TRVs!O39/1000 -> 0.2291933 | Q43: =TRVs!P39/1000 -> 0.1964514 | R43: =TRVs!Q39/1000 -> 0 | S43: =TRVs!R39/1000 -> 0 | T43: =TRVs!S39/1000 -> 0 | U43: =(L43+O43+R43)/numberDwellingsUK*1000000 -> 0.1088333 | V43: =(M43+P43+S43)/numberDwellingsUK*1000000 -> 0.12447975 | W43: =(N43+Q43+T43)/numberDwellingsUK*1000000 -> 0.14012619 | X43: =(B43*gasPricePerkWh*L43+E43*oilPriceP*O43+H43*OffPeakTariff*R43)/100/SUM(L43,O43,R43) -> 59.475215 | Y43: =(C43*gasPricePerkWh*M43+F43*oilPriceP*P43+I43*OffPeakTariff*S43)/100/SUM(M43,P43,S43) -> 85.527995 | Z43: =(D43*gasPricePerkWh*N43+G43*oilPriceP*Q43+J43*OffPeakTariff*T43)/100/SUM(N43,Q43,T43) -> 111.05161 | AA43: =(B43*L43*carbonGasPerkWh+E43*O43*carbonOilPerkWh + H43*R43*carbonElectricityPerkWh) -> 470.19226 | AB43: =(C43*M43*carbonGasPerkWh+F43*P43*carbonOilPerkWh + I43*S43*carbonElectricityPerkWh) -> 768.06202 | AC43: =(D43*N43*carbonGasPerkWh+G43*Q43*carbonOilPerkWh + J43*T43*carbonElectricityPerkWh) -> 1116.3887 | AD43: =(B43*L43+E43*O43+H43*R43)/1000 -> 2.4249058 | AE43: =(C43*M43+F43*P43+I43*S43)/1000 -> 4.0118269 | AF43: =(D43*N43+G43*Q43+J43*T43)/1000 -> 5.8912803 | AG43: =ROUND(10000*(C43*M43*gasPricePerkWh+F43*P43*oilPricePerkWh+I43*S43*OffPeakTariff),-3) -> 326334000 | AH43: =TRVs!T39 -> - | AI43: * | AJ43: Multiply
A44: =TRVs!A40 -> Readjusting existing TRVs outside the living room to 1.5°C cooler than before | B44: =ROUND(TRVs!B40,-1) -> 0 | C44: =ROUND(TRVs!C40,-1) -> 510 | D44: =ROUND(TRVs!D40,-1) -> 1010 | E44: =ROUND(TRVs!E40,-1) -> 0 | F44: =ROUND(TRVs!F40,-1) -> 850 | G44: =ROUND(TRVs!G40,-1) -> 1700 | H44: =ROUND(TRVs!H40,-1) -> 0 | I44: =ROUND(TRVs!I40,-1) -> 0 | J44: =ROUND(TRVs!J40,-1) -> 0 | K44: =C44/MeanDomesticGasBill -> 0.051639418 | L44: =TRVs!K40/1000 -> 21.51801 | M44: =TRVs!L40/1000 -> 22.030343 | N44: =TRVs!M40/1000 -> 22.542677 | O44: =TRVs!N40/1000 -> 1.3751598 | P44: =TRVs!O40/1000 -> 1.4079017 | Q44: =TRVs!P40/1000 -> 1.4406436 | R44: =TRVs!Q40/1000 -> 0 | S44: =TRVs!R40/1000 -> 0 | T44: =TRVs!S40/1000 -> 0 | U44: =(L44+O44+R44)/numberDwellingsUK*1000000 -> 0.74687848 | V44: =(M44+P44+S44)/numberDwellingsUK*1000000 -> 0.7646613 | W44: =(N44+Q44+T44)/numberDwellingsUK*1000000 -> 0.78244412 | X44: =(B44*gasPricePerkWh*L44+E44*oilPriceP*O44+H44*OffPeakTariff*R44)/100/SUM(L44,O44,R44) -> 0 | Y44: =(C44*gasPricePerkWh*M44+F44*oilPriceP*P44+I44*OffPeakTariff*S44)/100/SUM(M44,P44,S44) -> 43.13856 | Z44: =(D44*gasPricePerkWh*N44+G44*oilPriceP*Q44+J44*OffPeakTariff*T44)/100/SUM(N44,Q44,T44) -> 85.527995 | AA44: =(B44*L44*carbonGasPerkWh+E44*O44*carbonOilPerkWh + H44*R44*carbonElectricityPerkWh) -> 0 | AB44: =(C44*M44*carbonGasPerkWh+F44*P44*carbonOilPerkWh + I44*S44*carbonElectricityPerkWh) -> 2379.2054 | AC44: =(D44*N44*carbonGasPerkWh+G44*Q44*carbonOilPerkWh + J44*T44*carbonElectricityPerkWh) -> 4827.8184 | AD44: =(B44*L44+E44*O44+H44*R44)/1000 -> 0 | AE44: =(C44*M44+F44*P44+I44*S44)/1000 -> 12.432192 | AF44: =(D44*N44+G44*Q44+J44*T44)/1000 -> 25.217198 | AG44: =ROUND(10000*(C44*M44*gasPricePerkWh+F44*P44*oilPricePerkWh+I44*S44*OffPeakTariff),-3) -> 1011092000 | AH44: =TRVs!T40 -> - | AI44: * | AJ44: Multiply
A45: NOTE: Savings cannot be simply added together because they interact in complex ways. This would over-estimate true potential savings. The 'Packages' sheet allows users to combine measures.
A46: Total ann. Energy use in UK homes | Q46: 395 | R46: TWh/y
A48: *'Proportion of dwellings that could adopt the measure' is calculated differently for draught stripping, to avoid double counting.
A49: **Indicative gas savings are calculated by dividing kWh savings by typical gas use, with the exception of loft insulation, because homes with no loft insulation have very high gas use, which distorts the percentages.

Sheet Reducing radiator temp
A1: Reducing the temperature of the water fed to radiators
A2: This measure applies to homes with gas combi boilers, except where the pipework or radiators is inadequate for lower tow emperature. (Some households may tolerate lower temperature in very cold weather, or adjust the flow temperature when needed.)
A3: Condensing boilers are more efficient when the return temperature (inlet to the boiler) is at 54°C or below. The lower the return temperature, the more latent heat from condensing the flue gases is retained. We estimate the impact of reducing the flow/return temperatures from 75/55°C to 60/45°C or 55/40°C. | E3: Definitions | F3: Flow temp. | G3: The temperature of fluid leaving the boiler to circulate through radiators
A4: Reducing flow temperature is normally only possible with combi boilers. In systems with stored hot water, the controls and pipework do not allow for different temperatures for hot water versus radiators. The hot water in the cylinder needs to be heated to at least 60°C to protect against Legionella, which means higher water temperature leaving the boiler. | F4: Return temp. | G4: The temperuture of fluid coming back from radiators to the boiler
A5: Boilers and radiators are typically sized for a Delta T of 20°C. This means that a mean water temperature (MWT) of 70°C equates to 80°C on the outlet (flow temperature) and 60°C on the return. Some boilers are supposed to adjust the pump speed to maintain this temperature difference. As radiators are less effective at lower temperatures, a lower flow temperature should mean increasing the flow rate. However we cannot rely on this and so we assume the Delta T is lower: 15°C at the lower temperatures. Some references give efficiences based on mean water temperature (MWT), which is half-way between the flow and return temperature. | F5: MWT | G5: Mean water temperature, in °C, average of flow and return
A6: The modelling approach here is to first determine the increase in efficiency which will apply to space heating using the lower flow temperature and then apply this to the space heating portion of gas heating demand. | F6: Delta T | G6: Outlet temperature minus boiler return temperature
A7: In practice, the reduced flow temperature will also lead to longer heating up times. How much longer depends on the radiator sizes and other characteristics of the house and heating system. If heating up time is significantly longer, because of the reduced radiator output, then the average temperature is also lower and heat loss is reduced, yielding additional energy savings. Some homes may not reach the desired temperature at all on very cold days. This also means a reduction in thermal comfort but if it is acceptable to the household, then the effect is similar to reducing the thermostsat setting. The Salford tests and the Energy Systems Catapult modelling (see below) reported overall gas savings - including the temperature effect - but the evidence for quantifying the effect is still weak because it depends on initial radiator oversizing and other unknowns. We estimate savings in two ways: a) based on efficiency savings alone and b) taking account of the reduced temperature.
A8: We only consider gas boilers, although condensing oil combi boilers are also available. This is for two reasons. Firstly, the number of oil boilers is much smaller: only 3% of homes have oil heating, compared to 84% with gas boilers (EHSenergy). Secondly, the potential efficiency gains are lower. This is because there is less water vapour in the flue gases from an oil boiler and so less energy lost when the vapour is not condensed. According to SAP 10.2, a condensing oil combi boiler installed post-1998 has efficiency of 84%, compared to 80% non-condensing. For the gas boiler equivalent figures are 84% and 74% . | O8: Heat Geek reference chart | Y8: Cibse reference chart
A9: We compare estimates of the efficiency gains from several sources. In all cases flow temperature of 75°C e assumed to start with. The values for CIBSE and HeatGeekEff are taken from a chart which uses return temperature. The Heating and Hotwater Industry Council (HHIC) uses the MWT as the defining parameter. For CIBSE, values are given at different levels of load on the boiler, and here 50% load is used. The data from Salford is from tests on the Salford test house and is not yet published.
A10: Potential take up is lower here than in the 2022 version of our savings estimates because new homes must have boilers set to 55°C, and in existing homes new replacement boilers must also run at lower temperatures "where possible".
A11: Boiler efficiency gains
A12: Reference | B12: HHIC | C12: HHIC with weather compensation | D12: CIBSE | E12: HeatGeekEff | F12: SalfordFlow | G12: SAP10 | J12: SAP10
A13: Reference details | B13: p41 | D13: commercial condensing boilers | G13: winter | H13: summer | I13: hot water as a proportion of space heating | J13: mean space heating | K13: Flow | L13: Return | M13: MWT | N13: HHIC | O13: CIBSE | P13: Heat Geek | Q13: Salford
A14: Flow/return/MWT | G14: 0.84 | H14: 0.74 | I14: 0.2 | J14: =(G14-H14*I14)/(1-I14) -> 0.865
A15: 80/60/70°C | B15: 0.89 | C15: 0.94 | K15: 80 | L15: 60 | M15: 70 | N15: =B15 -> 0.89
A16: 75/55/65°C (interpolated where necessary) | B16: =B$15+(B$18-B$15)*(M16-M$15)/(M$18-M$15) -> 0.9015984 | D16: 0.89 | E16: 0.87 | F16: 0.83 | K16: 75 | L16: 55 | M16: 65 | N16: =B16 -> 0.9015984 | O16: =D16 -> 0.89 | P16: =E16 -> 0.87 | Q16: =F16 -> 0.83
A17: 60/45/53°C (interpolated where necessary) | B17: =B$15+(B$18-B$15)*(M17-M$15)/(M$18-M$15) -> 0.92943457 | D17: 0.92 | E17: 0.92 | F17: 0.88 | K17: 60 | L17: 45 | M17: 53 | N17: =B17 -> 0.92943457 | O17: =D17 -> 0.92 | P17: =E17 -> 0.92 | Q17: =F17 -> 0.88
A18: 57/43/50°C standard controls - intepolated based on ratio at MWT 70 | B18: =C18/(C15/B15) -> 0.93639362 | C18: 0.989 | F18: =AVERAGE(F17,F19) -> 0.885 | K18: 57 | L18: 43 | M18: 50 | N18: =B18 -> 0.93639362 | O18: =O17+(O19-O17)*(($K18-$K17)/($K19-$K17)) -> 0.926 | P18: =P17+(P19-P17)*(($K18-$K17)/($K19-$K17)) -> 0.929 | Q18: =F18 -> 0.885
A19: 55/40/48°C (interpolated where necessary) | B19: =B$15+(B$18-B$15)*(M19-M$15)/(M$18-M$15) -> 0.94103298 | D19: 0.93 | E19: 0.935 | F19: 0.89 | K19: 55 | L19: 40 | M19: 48 | N19: =B19 -> 0.94103298 | O19: =D19 -> 0.93 | P19: =E19 -> 0.935 | Q19: =F19 -> 0.89
A22: Efficiency evidence summary
A23: The efficiency savings are the proportion by which the boiler efficiencies improve (excluding savings from lower achieve temperatures). This is calculated separately for each source, so that each estimate uses consistent assumptions. | B23: HHIC | C23: CIBSE | D23: HeatGeekEff | E23: Salford
A24: Claimed heating efficiency savings Flow at 75 to 60°C | B24: =1-(B16/B17) -> 0.029949575 | C24: =1-(D16/D17) -> 0.032608696 | D24: =1-(E16/E17) -> 0.054347826 | E24: =1-(F16/F17) -> 0.056818182
A25: Claimed heating efficiency savings Flow at 75 to 55°C | B25: =1-(B16/B19) -> 0.041905624 | C25: =1-(D16/D19) -> 0.043010753 | D25: =1-(E16/E19) -> 0.069518717 | E25: =1-(F16/F19) -> 0.06741573
A26: Discussion
A27: Heat Geek assumes lower efficiencies at high temperatures, and a steeper improvement than the other sources (see graph, right).
A28: At the low flow temperatures there is more agreement between sources.
A30: Gas savings - Salford (Source: SalfordFlow)
A31: Flow temp. (°C) | B31: Gas kWh | C31: Savings from 80°C | D31: Savings from 75°C | E31: Mean room temp. (°C)
A32: 80 | B32: 47.82 | E32: 17.3
A33: 75 | B33: =(B32+B34)/2 -> 46.595 | C33: =1-B33/B$32 -> 0.025616897 | E33: =(E32+E34)/2 -> 17.2
A34: 70 | B34: 45.37 | C34: =1-B34/B$32 -> 0.051233793 | D34: =1-(B34/B$33) -> 0.026290375 | E34: 17.1
A35: 65 | B35: =(B34+B36)/2 -> 43.705 | C35: =1-B35/B$32 -> 0.086051861 | D35: =1-(B35/B$33) -> 0.062023822 | E35: =(E34+E36)/2 -> 16.95
A36: 60 | B36: 42.04 | C36: =1-B36/B$32 -> 0.12086993 | D36: =1-(B36/B$33) -> 0.09775727 | E36: 16.8
A37: 55 | B37: 40.13 | C37: =1-B37/B$32 -> 0.16081138 | D37: =1-(B37/B$33) -> 0.13874879 | E37: 16.6
A39: Gas savings - Salford Update (Source: SalfordFlow2)
A40: Starting flow temperature | B40: Reduced flow temperature | C40: Percentage saving on gas used for heating only | D40: Overall gas saving, assuming heating accounts for 75% of total gas use
A41: 80°C | B41: 70°C | C41: 0.05 | D41: 0.039
A42: 80°C | B42: 60°C | C42: 0.12 | D42: 0.091
A43: 80°C | B43: 55°C | C43: 0.16 | D43: 0.121
A44: 80°C | B44: 50°C | C44: 0.23 | D44: 0.174
A46: Gas savings - Energy Systems Catapult modelling (based on data provided before publication) | B46: Percentage gas savings
A47: Archetype ID/Radiator flow temperature | B47: Winter from 80°C | C47: Spring from 80°C | D47: Winter from 70°C | E47: Spring from 70°C | F47: Winter from 75°C | G47: Spring from 75°C | H47: Annual average (2/3 winter)
B48: These figures are averaged from cases with no limit on setback temperature
A49: 28/60 | B49: 16.957698 | C49: 13.12766 | D49: 9.8154967 | E49: 8.2015761 | F49: =(B49+D49)/2 -> 13.386597 | G49: =(C49+E49)/2 -> 10.664618 | H49: =F49*0.66+G49*0.34 -> 12.461124
A50: 5/60 | B50: 14 | C50: 16.7 | D50: 8.375 | E50: 9.725 | F50: =(B50+D50)/2 -> 11.1875 | G50: =(C50+E50)/2 -> 13.2125 | H50: =F50*0.66+G50*0.34 -> 11.876
A51: 4/60 | B51: 4.9715409 | C51: 8.7524633 | D51: 3.0297836 | E51: 5.5248081 | F51: =(B51+D51)/2 -> 4.0006623 | G51: =(C51+E51)/2 -> 7.1386357 | H51: =F51*0.66+G51*0.34 -> 5.0675732
A52: 12/60 | B52: 18.992865 | C52: 21.876566 | D52: 10.831449 | E52: 13.864638 | F52: =(B52+D52)/2 -> 14.912157 | G52: =(C52+E52)/2 -> 17.870602 | H52: =F52*0.66+G52*0.34 -> 15.918028
A53: 1/60 | B53: 13.979898 | C53: 5.2665169 | D53: 9.5161119 | E53: 4.3186456 | F53: =(B53+D53)/2 -> 11.748005 | G53: =(C53+E53)/2 -> 4.7925813 | H53: =F53*0.66+G53*0.34 -> 9.3831609
A54: Mean/60 | H54: =AVERAGE(H49:H53) -> 10.941177
A55: 28/55 | B55: 20.930582 | C55: 18.501787 | D55: 14.134328 | E55: 13.883803 | F55: =(B55+D55)/2 -> 17.532455 | G55: =(C55+E55)/2 -> 16.192795 | H55: =F55*0.66+G55*0.34 -> 17.076971
A56: 5/55 | B56: 18.5 | C56: 22.05 | D56: 13.15 | E56: 15.525 | F56: =(B56+D56)/2 -> 15.825 | G56: =(C56+E56)/2 -> 18.7875 | H56: =F56*0.66+G56*0.34 -> 16.83225
A57: 4/55 | B57: 6.9993939 | C57: 11.383621 | D57: 5.1508782 | E57: 8.4181797 | F57: =(B57+D57)/2 -> 6.075136 | G57: =(C57+E57)/2 -> 9.9009005 | H57: =F57*0.66+G57*0.34 -> 7.375896
A58: 12/55 | B58: 23.952678 | C58: 28.03704 | D58: 16.296147 | E58: 20.657154 | F58: =(B58+D58)/2 -> 20.124412 | G58: =(C58+E58)/2 -> 24.347097 | H58: =F58*0.66+G58*0.34 -> 21.560125
A59: 1/55 | B59: 20.043042 | C59: 9.0325561 | D59: 15.893528 | E59: 8.1276177 | F59: =(B59+D59)/2 -> 17.968285 | G59: =(C59+E59)/2 -> 8.5800869 | H59: =F59*0.66+G59*0.34 -> 14.776298
A60: Mean/55 | H60: =AVERAGE(H55:H59) -> 15.524308
A63: Our estimates | B63: Low | C63: Most likely | D63: High
A64: Heating efficiency savings Flow at 75 to 60°C | B64: =MIN(B24:E24) -> 0.029949575 | C64: =AVERAGE(B24:E24) -> 0.04343107 | D64: =MAX(B24:E24) -> 0.056818182 | F64: These are the average of the results from HHIC, CIBSE, HeatGeek and Salford for efficiency only.
A65: Heating efficiency savings Flow at 75 to 55°C | B65: =MIN(B25:E25) -> 0.041905624 | C65: =AVERAGE(B25:E25) -> 0.055462706 | D65: =MAX(B25:E25) -> 0.069518717
A66: Gas savings (comfort reduction) from reducing Flow from 75 to 60°C | B66: =AVERAGE(B64,C66) -> 0.063853422 | C66: =D36 -> 0.09775727 | D66: =C66*1.1 -> 0.107533 | F66: The 'Most likely' estimate is the Salford result as this is the only case based on physical tests. This is only one house. The ESC modelled results are somewhat higher.
A67: Gas savings (including comfort reduction) from reducing Flow from 75 to 55°C | B67: =AVERAGE(B65,C67) -> 0.090327209 | C67: =D37 -> 0.13874879 | D67: =C67*1.1 -> 0.15262367 | F67: The 'Low' result is the average of the most likely and the efficiency-only estimate. High savings are 10% more than most likely.
A69: Space heating demand
A70: The savings calculated above are for space heating only. This section estimates total space heating demand for all homes and the average space heating demand for a single dwelling.
A71: The space heating demand for homes that can adopt this measure may be less than the average overall because this measure is primarily for combi boilers, and combi boilers are more often installed in smaller homes. (English Housing Survey suggests mean floor area for dwellings with combis is 85m2; system boilers 111m2.) We have not adjusted for this.
A72: Natural gas for space heating per household | B72: =MeanDomesticGasBill*gasBillPropSpace -> 7399.639 | C72: kWh
B74: kWh/year | E74: £/year
A75: Bill savings per household | B75: Low | C75: Most Likely | D75: High | E75: Low | F75: Most Likely | G75: High
A76: Flow reduced 75 to 60°C (efficiency only) | B76: =$B$72*B64 -> 221.61604 | C76: =$B$72*C64 -> 321.37424 | D76: =$B$72*D64 -> 420.43404 | E76: =gasPricePerkWh/100*B76 -> 17.662799 | F76: =gasPricePerkWh/100*C76 -> 25.613527 | G76: =gasPricePerkWh/100*D76 -> 33.508593
A77: Flow reduced 75 to 55°C (efficiency only) | B77: =$B$72*B65 -> 310.08649 | C77: =$B$72*C65 -> 410.404 | D77: =$B$72*D65 -> 514.41341 | E77: =gasPricePerkWh/100*B77 -> 24.713893 | F77: =gasPricePerkWh/100*C77 -> 32.709199 | G77: =gasPricePerkWh/100*D77 -> 40.998749
A78: Flow reduced 75 to 60°C (efficiency and comfort reduction) | B78: =$B$72*B66 -> 472.49228 | C78: =$B$72*C66 -> 723.36851 | D78: =$B$72*D66 -> 795.70536 | E78: =gasPricePerkWh/100*B78 -> 37.657634 | F78: =gasPricePerkWh/100*C78 -> 57.65247 | G78: =gasPricePerkWh/100*D78 -> 63.417717
A79: Flow reduced 75 to 55°C (efficiency and comfort reduction) | B79: =$B$72*B67 -> 668.38874 | C79: =$B$72*C67 -> 1026.691 | D79: =$B$72*D67 -> 1129.3601 | E79: =gasPricePerkWh/100*B79 -> 53.270582 | F79: =gasPricePerkWh/100*C79 -> 81.827271 | G79: =gasPricePerkWh/100*D79 -> 90.009998
A82: Potential uptake
A83: Dwellings with gas combi boilers can adopt this measure if (a) the heating currently has a flow temperature of 75°C, (b) the controls allow them to make the change, and (c) the radiators and other parts of the heating system are suitable for the dwelling to achieve its temperature set point. Some homes have microbore pipes which may present resistance to the higher flow rate needed (70% faster flow). Equally, some homes may have small radiators where the lower temperature is not sufficient to heat the home.
A84: According to the ONS, 10% of adults say they have already turned down the flow temperature on their boiler. So some of this potential uptake is already in place.
A85: NESTA's more recent research [NESTA2023] found that 32% of households had already turned down flow temperatures
A86: On the other hand, according to BEIS [BEISDistrib], only 75% of homes have heating systems capable of maintaining the required temperature in peak cold weather at a flow temperature of 75°C. Many homes are underheating already. Also problems with radiators due to poor hydraulic balancing, air in the system, sludge or scaling can reduce the efficacy of radiators, though it is hard to guage how widespread they are. Figures from this source inform our estimate of the number of homes with suitable capacity. The BEIS report does not mention microbore pipework, so we allow for this separately.
A88: Proportion of homes with gas combi boilers | B88: =propHomesGasHeating*(1-propGasRegular) -> 0.5682975
A89: Microbore pipework in 4-5 million homes | B89: 4500000 | D89: HHIC | E89: p17
A90: Proportion of boilers with microbore pipes | B90: =B89/(propHomesGasHeating*numberDwellingsUK) -> 0.1756668
A91: Proportion of homes that have already turned down the flow temperature | B91: 0.32 | C91: NESTA2023 | D91: 0.33
I92: 1
A93: Proportion of homes with radiators where the radiators can provide comfort Data from [BEISDistrib] - see charts, right | B93: Flow | C93: Mean winter - bottom of confidence interval (Figure 3) | D93: Mean winter (Figure 3) | E93: Mean winter - top of confidence interval (Figure 3)
B94: 75 | C94: 0.75 | D94: 0.94 | E94: 1
B95: 60 | C95: 0.64 | D95: 0.72 | E95: 0.8
B96: 55 | C96: 0.47 | D96: 0.53 | E96: 0.59
B98: Low | C98: Most Likely | D98: High
A99: Proportion of homes that have flow at 75°C (or similar) | B99: 0.8 | C99: 0.9 | D99: 1 | E99: CAR expert opinion
A100: Proportion of homes with gas combi boilers that have suitable controls | B100: =B88*0.96 -> 0.5455656 | C100: =B88*0.98 -> 0.55693155 | D100: =B88 -> 0.5682975 | E100: CAR expert opinion: at most the proportion of homes with combi boilers
A101: Proportion of homes with suitable radiators for 60°C | B101: =C95 -> 0.64 | C101: =D95 -> 0.72 | D101: =E95 -> 0.8 | E101: See table above: 'Most Likely' is the typical winter day central estimate.
A102: Proportion of homes with suitable radiators for 55°C | B102: =C96 -> 0.47 | C102: =D96 -> 0.53 | D102: =E96 -> 0.59 | E102: As above
A103: Proportion of homes with microbore pipes inadequate for 60°C | B103: 0.3 | C103: 0.25 | D103: 0.2 | E103: CAR expert opinion
A104: Proportion of homes with microbore pipes inadequate for 55°C | B104: 0.5 | C104: 0.4 | D104: 0.3 | E104: CAR expert opinion
A105: Proportion of homes that have suitable pipework for 60°C | B105: =1-$B$90*B103 -> 0.94729996 | C105: =1-$B$90*C103 -> 0.9560833 | D105: =1-$B$90*D103 -> 0.96486664
A106: Proportion of homes that have suitable pipework for 55°C | B106: =1-$B$90*B104 -> 0.9121666 | C106: =1-$B$90*C104 -> 0.92973328 | D106: =1-$B$90*D104 -> 0.94729996
A108: Overall proportion of homes suitable for Flow at 60°C | B108: =B100*B101*B105*(1-$B$91) -> 0.22491757 | C108: =C100*C101*C105*(1-$B$91) -> 0.26069876 | D108: =D100*D101*D105*(1-$B$91) -> 0.29829223 | E108: Homes that already reduce flow temp now excluded (32%)
A109: Overall proportion of homes suitable for flow at 55°C | B109: =B101*B102*B106*(1-$B$91) -> 0.1865782 | C109: =C101*C102*C106*(1-$B$91) -> 0.24125463 | D109: =D101*D102*D106*(1-$B$91) -> 0.30404539 | E109: Homes that already reduce flow temp now excluded (32%)
A110: Homes built since June 2023, which by law were installed with boilers with low flow temps | B110: =SUM('Draught Stripping'!$W15:$X16)+170000 -> 473280 | C110: 473280 | D110: 473280 | E110: New homes that already have a maximum flow temperature of 55°C
A111: Total GWh gas saved 75 to 60 GWh/year | B111: =numberDwellingsUK*B76*B108/1000000 -> 1527.8494 | C111: =numberDwellingsUK*C76*C108/1000000 -> 2568.065 | D111: =numberDwellingsUK*D76*D108/1000000 -> 3844.1098 | E111: GWh/year
A112: Total GWh gas saved 75 to 55 GWh/year | B112: =numberDwellingsUK*B77*B109/1000000 -> 1773.3716 | C112: =numberDwellingsUK*C77*C109/1000000 -> 3034.8919 | D112: =numberDwellingsUK*D77*D109/1000000 -> 4794.0956 | E112: GWh/year
A116: Summary | B116: Bill savings per participating household kWh/year | K116: Number of participating households (thousands) | T116: Comfort Improvement
B117: Gas | E117: Oil | H117: Electricity | K117: Gas | N117: Oil | Q117: Electricity
...

Sheet Reduce Room Thermostat
A1: Reduce Room Thermostat
A2: This measure applies to all homes except for those with 'vulnerable persons', where it is inadviseable to lower thermostats below 19°C.
A3: This measure applies results from modelling using the Cambridge Housing Model
A5: Lowering the target room temperature reduces heating demand. The savings are quite high as a proportion of the bill because some of the heating is provided by internal or external gains and this is unaffected by the target temperature.
A6: We have used the Cambridge Housing Model to model estmate savings as a proportion of the bill.
A7: There is some evidence that reducing the thermostat to 18°C or lower can have health consequences. As a first approximation we have assumed all households could reduce to 19°C without detriment but households with elderly members (especially living alone) or the very young should not go down to 18°C.
A8: Savings are reported for reducing the thermostat from 20°C down to 19 or 18°C. In practice many households have the thermostat set higher than 20 anyway so the savings from reducing it would be higher.
A9: These calculations assume that households that can lower the thermostat live in homes that are similar to average homes. In fact they may live in smaller homes than average because they are elderly or have no children. This means absolute savings will be smaller, but the proportion of savings in each home are unaffected.
A10: Bill savings modelled in the CHM | B10: Low | C10: High | D10: Likely
B11: kWh/year | C11: kWh/year | D11: kWh/year
A12: Savings from reducing the heating demand by 1C down from 20C (kWh/year) | B12: ='Reduce Room Thermostat'!B22-'Reduce Room Thermostat'!B23 -> 1417.8 | C12: ='Reduce Room Thermostat'!C22-'Reduce Room Thermostat'!C23 -> 2101.68 | D12: ='Reduce Room Thermostat'!D22-'Reduce Room Thermostat'!D23 -> 1668 | E12: CHM
A13: Savings from reducing the heating demand by 2C down from 20C (kWh/year) | B13: ='Reduce Room Thermostat'!B22-'Reduce Room Thermostat'!B24 -> 2802.45 | C13: ='Reduce Room Thermostat'!C22-'Reduce Room Thermostat'!C24 -> 4154.22 | D13: ='Reduce Room Thermostat'!D22-'Reduce Room Thermostat'!D24 -> 3297 | E13: CHM
A15: Proportion of homes that can reduce thermostat setting 20C to 19C - all homes with heating controls | B15: 0.85 | C15: 0.95 | D15: 0.9 | E15: CAR Estimate
A16: Proportion of homes that can reduce thermostat setting 20C to 18C - not vulnerable households | B16: =(1-VulnerableHouseholdsLikely)*B15 -> 0.58424852 | C16: =(1-VulnerableHouseholdsLikely)*C15 -> 0.65298364 | D16: =(1-VulnerableHouseholdsLikely)*D15 -> 0.61861608 | E16: Calculation
A17: Proportion of homes that can reduce thermostat setting 20C to 19C MINUS 50% that have already done this | B17: =B15*0.5 -> 0.425 | C17: =C15*0.5 -> 0.475 | D17: =D15*0.5 -> 0.45 | E17: CAR Estimate
A18: Proportion of homes that can reduce thermostat setting 20C to 18C MINUS 50% that have already done this | B18: =B16*0.5 -> 0.29212426 | C18: =C16*0.5 -> 0.32649182 | D18: =D16*0.5 -> 0.30930804 | E18: CAR Estimate
A20: Any heating | B20: low | C20: high | D20: likely | G20: low | H20: high | I20: likely
G21: kWh/year
A22: Household energy for heating to 20C | B22: =D22*0.85 -> 12433.8 | C22: =D22*1.26 -> 18431.28 | D22: 14628 | E22: EnergySavCHM
A23: Household energy for heating to 19C | B23: =D23*0.85 -> 11016 | C23: =D23*1.26 -> 16329.6 | D23: 12960 | E23: EnergySavCHM | G23: =(B$22-B23) -> 1417.8 | H23: =(C$22-C23) -> 2101.68 | I23: =(D$22-D23) -> 1668
A24: Household energy for heating to 18C | B24: =D24*0.85 -> 9631.35 | C24: =D24*1.26 -> 14277.06 | D24: 11331 | E24: EnergySavCHM | G24: =(B$22-B24) -> 2802.45 | H24: =(C$22-C24) -> 4154.22 | I24: =(D$22-D24) -> 3297
A25: Proportion of homes with central heating | B25: 0.9 | C25: 0.9 | D25: 0.9 | E25: EHSEnergy2023
A27: Gas | B27: low | C27: high | D27: likely | G27: low | H27: high | I27: likely
G28: kWh/year
A29: Household energy for heating to 20C | B29: =D29*0.85 -> 7472.8576 | C29: =D29*1.26 -> 11077.412 | D29: =D$22/14628*Assumptions!B$40*gasBillPropSpace -> 8791.5972 | E29: Calculated
A30: Household energy for heating to 19C | B30: =D30*0.85 -> 6620.7434 | C30: =D30*1.26 -> 9814.2785 | D30: =D23/14628*Assumptions!B$40*gasBillPropSpace -> 7789.1099 | E30: Calculated | G30: =(B$29-B30) -> 852.1142 | H30: =(C$29-C30) -> 1263.134 | I30: =(D$29-D30) -> 1002.4873
A31: Household energy for heating to 18C | B31: =D31*0.85 -> 5788.5528 | C31: =D31*1.26 -> 8580.6782 | D31: =D24/14628*Assumptions!B$40*gasBillPropSpace -> 6810.0621 | E31: Calculated | G31: =(B$29-B31) -> 1684.3049 | H31: =(C$29-C31) -> 2496.7343 | I31: =(D$29-D31) -> 1981.5351
A33: Oil | B33: low | C33: high | D33: likely | G33: low | H33: high | I33: likely
G34: kWh/year
A35: Household energy for heating to 20C | B35: =D35*0.85 -> 12504.013 | C35: =D35*1.26 -> 18535.36 | D35: =D$22/14628*Assumptions!B$55*gasBillPropSpace -> 14710.603 | E35: Calculated
A36: Household energy for heating to 19C | B36: =D36*0.85 -> 11078.207 | C36: =D36*1.26 -> 16421.812 | D36: =D23/14628*Assumptions!B$55*gasBillPropSpace -> 13033.184 | E36: Calculated | G36: =(B$35-B36) -> 1425.8062 | H36: =(C$35-C36) -> 2113.548 | I36: =(D$35-D36) -> 1677.4191
A37: Household energy for heating to 18C | B37: =D37*0.85 -> 9685.7376 | C37: =D37*1.26 -> 14357.682 | D37: =D24/14628*Assumptions!B$55*gasBillPropSpace -> 11394.985 | E37: Calculated | G37: =(B$35-B37) -> 2818.2752 | H37: =(C$35-C37) -> 4177.6786 | I37: =(D$35-D37) -> 3315.6179
A39: Electricity | B39: low | C39: high | D39: likely | G39: low | H39: high | I39: likely
G40: kWh/year
A41: Household energy for heating to 20C | B41: =D41*0.85 -> 4804.4348 | C41: =D41*1.26 -> 7121.8681 | D41: =D22/14628*Assumptions!B$70*gasBillPropSpace -> 5652.2762 | E41: Calculated
A42: Household energy for heating to 19C | B42: =D42*0.85 -> 4256.5952 | C42: =D42*1.26 -> 6309.7765 | D42: =D23/14628*Assumptions!B$70*gasBillPropSpace -> 5007.7591 | E42: Calculated | G42: =(B$41-B42) -> 547.83957 | H42: =(C$41-C42) -> 812.0916 | I42: =(D$41-D42) -> 644.51714
A43: Household energy for heating to 18C | B43: =D43*0.85 -> 3721.5649 | C43: =D43*1.26 -> 5516.6726 | D43: =D24/14628*Assumptions!B$70*gasBillPropSpace -> 4378.3116 | E43: Calculated | G43: =(B$41-B43) -> 1082.8699 | H43: =(C$41-C43) -> 1605.1954 | I43: =(D$41-D43) -> 1273.9646
A52: Bill savings per household (proportion of 2022 bill) | B52: Low | C52: Medium | D52: High
A53: 1C, for homes heated with gas | B53: =G30/MeanDomesticGasBill2022 -> 0.072619243 | C53: =I30/MeanDomesticGasBill2022 -> 0.085434404 | D53: =H30/MeanDomesticGasBill2022 -> 0.10764735
A54: 2C, for homes heated with gas | B54: =G31/MeanDomesticGasBill2022 -> 0.14354055 | C54: =I31/MeanDomesticGasBill2022 -> 0.16887124 | D54: =H31/MeanDomesticGasBill2022 -> 0.21277776
A56: Bill savings per household (kWh or £) | B56: kWh/year | E56: £/year | H56: Proportion of homes
B57: Low | C57: Medium | D57: High | E57: Low | F57: Medium | G57: High
A58: 1C, For homes heated with gas | B58: =B$53*MeanDomesticGasBill -> 717.20045 | C58: =C$53*MeanDomesticGasBill -> 843.76524 | D58: =D$53*MeanDomesticGasBill -> 1063.1442 | E58: =ROUND(B58*gasPricePerkWh/100,0) -> 57 | F58: =ROUND(C58*gasPricePerkWh/100,0) -> 67 | G58: =ROUND(D58*gasPricePerkWh/100,0) -> 85 | H58: =propHomesGasHeating -> 0.83573162
A59: 1C, For homes heated with oil | B59: =B$53*MeanDomesticOilBill -> 1204.6044 | C59: =C$53*MeanDomesticOilBill -> 1417.1816 | D59: =D$53*MeanDomesticOilBill -> 1785.6488 | E59: =ROUND(B59*oilPriceP/100,0) -> 116 | F59: =ROUND(C59*oilPriceP/100,0) -> 137 | G59: =ROUND(D59*oilPriceP/100,0) -> 173 | H59: {=propHomesOilHeating} -> 0.053409425
A60: 1C, For homes heated with electricity (exc. storage heaters) | B60: =B$53*MeanDomesticElectricHeatingBill -> 403.28503 | C60: =C$53*MeanDomesticElectricHeatingBill -> 474.45298 | D60: =D$53*MeanDomesticElectricHeatingBill -> 597.81075 | E60: =ROUND(B60*elecPricePerkWh/100,0) -> 106 | F60: =ROUND(C60*elecPricePerkWh/100,0) -> 125 | G60: =ROUND(D60*elecPricePerkWh/100,0) -> 157 | H60: =propHomesOtherElectricHeaters -> 0.029383557
A61: 1C, For homes heated with storage heaters | B61: =B$53*MeanDomesticElectricHeatingBill -> 403.28503 | C61: =C$53*MeanDomesticElectricHeatingBill -> 474.45298 | D61: =D$53*MeanDomesticElectricHeatingBill -> 597.81075 | E61: =ROUND(B61*OffPeakTariff/100,0) -> 60 | F61: =ROUND(C61*OffPeakTariff/100,0) -> 71 | G61: =ROUND(D61*OffPeakTariff/100,0) -> 90 | H61: =propHomesStorageHeaters -> 0.046858817
A62: 1C, Mean for all homes | E62: =SUMPRODUCT(E58:E61,$H58:$H61)/SUM($H58:$H61) -> 61.901189 | F62: =SUMPRODUCT(F58:F61,$H58:$H61)/SUM($H58:$H61) -> 72.832233 | G62: =SUMPRODUCT(G58:G61,$H58:$H61)/SUM($H58:$H61) -> 92.302735
A63: 2C, For homes heated with gas | B63: =B$54*MeanDomesticGasBill -> 1417.6318 | C63: =C$54*MeanDomesticGasBill -> 1667.8022 | D63: =D$54*MeanDomesticGasBill -> 2101.4307 | E63: =ROUND(B63*gasPricePerkWh/100,0) -> 113 | F63: =ROUND(C63*gasPricePerkWh/100,0) -> 133 | G63: =ROUND(D63*gasPricePerkWh/100,0) -> 167 | H63: =propHomesGasHeating -> 0.83573162
A64: 2C, For homes heated with oil | B64: =B$54*MeanDomesticOilBill -> 2381.0435 | C64: =C$54*MeanDomesticOilBill -> 2801.2277 | D64: =D$54*MeanDomesticOilBill -> 3529.5469 | E64: =ROUND(B64*oilPriceP/100,0) -> 230 | F64: =ROUND(C64*oilPriceP/100,0) -> 271 | G64: =ROUND(D64*oilPriceP/100,0) -> 341 | H64: {=propHomesOilHeating} -> 0.053409425
A65: 2C, For homes heated with electricity (exc. storage heaters) | B65: =B$54*MeanElectricBill2022 -> 1082.8699 | C65: =C$54*MeanElectricBill2022 -> 1273.9646 | D65: =D$54*MeanElectricBill2022 -> 1605.1954 | E65: =ROUND(B65*elecPricePerkWh/100,0) -> 285 | F65: =ROUND(C65*elecPricePerkWh/100,0) -> 335 | G65: =ROUND(D65*elecPricePerkWh/100,0) -> 422 | H65: =propHomesOtherElectricHeaters -> 0.029383557
A66: 2C, For homes heated with storage heaters | B66: =B$54*MeanElectricBill2022 -> 1082.8699 | C66: =C$54*MeanElectricBill2022 -> 1273.9646 | D66: =D$54*MeanElectricBill2022 -> 1605.1954 | E66: =ROUND(B66*OffPeakTariff/100,0) -> 162 | F66: =ROUND(C66*OffPeakTariff/100,0) -> 191 | G66: =ROUND(D66*OffPeakTariff/100,0) -> 241 | H66: =propHomesStorageHeaters -> 0.046858817
A67: 2C, Mean for all homes | E67: =SUMPRODUCT(E63:E66,$H63:$H66)/SUM($H63:$H66) -> 127.08659 | F67: =SUMPRODUCT(F63:F66,$H63:$H66)/SUM($H63:$H66) -> 149.59837 | G67: =SUMPRODUCT(G63:G66,$H63:$H66)/SUM($H63:$H66) -> 187.97985

Sheet Shorter Heating Season
A1: Shorter Heating Season
A3: The heating season is normally October through April. In these measures we first delay the start until November and then additionally stop at the end of March.
A4: Heating demand relates to degree days, very roughly - though in practice the heating efficiency varies slightly with temperature. On cold days with a larger temperature difference between inside and outside, boilers may run continuously at 100% power, whereas on mild days they may modulate down and run intermittently, on short cycles, which reduces efficiency.
A6: Degree days (30 year mean) ref ET7.1 table 7.1b
B7: January | C7: February | D7: March | E7: April | F7: May | G7: June | H7: July | I7: August | J7: September | K7: October | L7: November | M7: December | N7: =B7 -> January | O7: =C7 -> February | P7: =D7 -> March | Q7: =E7 -> April
A8: Mean DDs per day | B8: 10.591253 | C8: 10.331654 | D8: 8.7443241 | E8: 6.6107303 | F8: 3.8731422 | G8: 1.7088802 | H8: 0.61067221 | I8: 0.67392994 | J8: 1.9294969 | K8: 4.6426107 | L8: 7.9338589 | M8: 10.331529 | N8: =B8 -> 10.591253 | O8: =C8 -> 10.331654 | P8: =D8 -> 8.7443241 | Q8: =E8 -> 6.6107303
A9: DDs per month | B9: 31 | C9: 28 | D9: 31 | E9: 30 | F9: 31 | G9: 30 | H9: 31 | I9: 31 | J9: 30 | K9: 31 | L9: 30 | M9: 31 | N9: =B9 -> 31 | O9: =C9 -> 28 | P9: =D9 -> 31 | Q9: =E9 -> 30
A15: Degree-day calculations | B15: DD | C15: DD relative to baseline
A16: Whole year | B16: =SUMPRODUCT(B8:M8,B9:M9) -> 2058.2666 | C16: =(B16/B$17) -> 1.1503675
A17: October through April (baseline) | B17: =SUMPRODUCT(K8:Q8,K9:Q9) -> 1789.2252 | C17: =(B17/B$17) -> 1
A18: October through March | B18: =SUMPRODUCT(K$8:P$8,K$9:P$9) -> 1590.9033 | C18: =(B18/B$17) -> 0.88915766
A19: November through April | B19: =SUMPRODUCT(L$8:Q$8,L$9:Q$9) -> 1645.3043 | C19: =(B19/B$17) -> 0.91956243
A20: November through March | B20: =SUMPRODUCT(L8:P8,L9:P9) -> 1446.9824 | C20: =B20/B$17 -> 0.80872009
A22: Uncertainty (on whole bill) | B22: 0.1 | C22: We take a 10% figure here because typical variations in heating degree days range from 5 to 15% from year to year.
B24: Low | C24: Medium | D24: High
A25: Uncertainty Factor | B25: =1-B22 -> 0.9 | C25: =1 -> 1 | D25: =1+B22 -> 1.1
A27: Proportion of fuel bill due to space heating | B27: 0.75
B29: Gas | E29: Oil | H29: Electricity
A30: Expected bill for space heating (kWh/year) | B30: Low | C30: Medium | D30: High | E30: Low | F30: Medium | G30: High | H30: Low | I30: Medium | J30: High
A31: October through April (baseline) | B31: =MeanDomesticGasBill*$C17*DDFactorLow*PropGasBillDuetoSpHeating -> 6666.419 | C31: =MeanDomesticGasBill*$C17*1*PropGasBillDuetoSpHeating -> 7407.1323 | D31: =MeanDomesticGasBill*$C17*DDFactorHigh*PropGasBillDuetoSpHeating -> 8147.8455 | E31: =MeanDomesticOilBill*$C17*DDFactorLow*PropGasBillDuetoSpHeating -> 11196.866 | F31: =MeanDomesticOilBill*$C17*1*PropGasBillDuetoSpHeating -> 12440.962 | G31: =MeanDomesticOilBill*$C17*DDFactorHigh*PropGasBillDuetoSpHeating -> 13685.059 | H31: =MeanDomesticElectricHeatingBill*$C17*DDFactorLow*PropGasBillDuetoSpHeating -> 3748.5573 | I31: =MeanDomesticElectricHeatingBill*$C17*1*PropGasBillDuetoSpHeating -> 4165.0637 | J31: =MeanDomesticElectricHeatingBill*$C17*DDFactorHigh*PropGasBillDuetoSpHeating -> 4581.57
A32: October through March | B32: =MeanDomesticGasBill*$C18*DDFactorLow*PropGasBillDuetoSpHeating -> 5927.4976 | C32: =MeanDomesticGasBill*$C18*1*PropGasBillDuetoSpHeating -> 6586.1084 | D32: =MeanDomesticGasBill*$C18*DDFactorHigh*PropGasBillDuetoSpHeating -> 7244.7192 | E32: =MeanDomesticOilBill*$C18*DDFactorLow*PropGasBillDuetoSpHeating -> 9955.7794 | F32: =MeanDomesticOilBill*$C18*1*PropGasBillDuetoSpHeating -> 11061.977 | G32: =MeanDomesticOilBill*$C18*DDFactorHigh*PropGasBillDuetoSpHeating -> 12168.175 | H32: =MeanDomesticElectricHeatingBill*$C18*DDFactorLow*PropGasBillDuetoSpHeating -> 3333.0584 | I32: =MeanDomesticElectricHeatingBill*$C18*1*PropGasBillDuetoSpHeating -> 3703.3983 | J32: =MeanDomesticElectricHeatingBill*$C18*DDFactorHigh*PropGasBillDuetoSpHeating -> 4073.7381
A33: =A19 -> November through April | B33: =MeanDomesticGasBill*$C19*DDFactorLow*PropGasBillDuetoSpHeating -> 6130.1885 | C33: =MeanDomesticGasBill*$C19*1*PropGasBillDuetoSpHeating -> 6811.3205 | D33: =MeanDomesticGasBill*$C19*DDFactorHigh*PropGasBillDuetoSpHeating -> 7492.4526 | E33: =MeanDomesticOilBill*$C19*DDFactorLow*PropGasBillDuetoSpHeating -> 10296.218 | F33: =MeanDomesticOilBill*$C19*1*PropGasBillDuetoSpHeating -> 11440.242 | G33: =MeanDomesticOilBill*$C19*DDFactorHigh*PropGasBillDuetoSpHeating -> 12584.266 | H33: =MeanDomesticElectricHeatingBill*$C19*DDFactorLow*PropGasBillDuetoSpHeating -> 3447.0325 | I33: =MeanDomesticElectricHeatingBill*$C19*1*PropGasBillDuetoSpHeating -> 3830.0361 | J33: =MeanDomesticElectricHeatingBill*$C19*DDFactorHigh*PropGasBillDuetoSpHeating -> 4213.0397
A34: =A20 -> November through March | B34: =MeanDomesticGasBill*$C20*DDFactorLow*PropGasBillDuetoSpHeating -> 5391.267 | C34: =MeanDomesticGasBill*$C20*1*PropGasBillDuetoSpHeating -> 5990.2967 | D34: =MeanDomesticGasBill*$C20*DDFactorHigh*PropGasBillDuetoSpHeating -> 6589.3263 | E34: =MeanDomesticOilBill*$C20*DDFactorLow*PropGasBillDuetoSpHeating -> 9055.1307 | F34: =MeanDomesticOilBill*$C20*1*PropGasBillDuetoSpHeating -> 10061.256 | G34: =MeanDomesticOilBill*$C20*DDFactorHigh*PropGasBillDuetoSpHeating -> 11067.382 | H34: =MeanDomesticElectricHeatingBill*$C20*DDFactorLow*PropGasBillDuetoSpHeating -> 3031.5336 | I34: =MeanDomesticElectricHeatingBill*$C20*1*PropGasBillDuetoSpHeating -> 3368.3707 | J34: =MeanDomesticElectricHeatingBill*$C20*DDFactorHigh*PropGasBillDuetoSpHeating -> 3705.2077
A36: Savings (kWh/year)
A37: =A31 -> October through April (baseline) | B37: =B$31-B31 -> 0 | C37: =C31-C$31 -> 0 | D37: =D31-D$31 -> 0 | E37: =E31-E$31 -> 0 | F37: =F31-F$31 -> 0 | G37: =G31-G$31 -> 0 | H37: =H31-H$31 -> 0 | I37: =I31-I$31 -> 0 | J37: =J31-J$31 -> 0
A38: October through March | B38: =B$31-B32 -> 738.92148 | C38: =C$31-C32 -> 821.02387 | D38: =D$31-D32 -> 903.12625 | E38: =E$31-E32 -> 1241.0868 | F38: =F$31-F32 -> 1378.9854 | G38: =G$31-G32 -> 1516.8839 | H38: =H$31-H32 -> 415.49886 | I38: =I$31-I32 -> 461.6654 | J38: =J$31-J32 -> 507.83194
A39: =A33 -> November through April | B39: =B$31-B33 -> 536.23056 | C39: =C$31-C33 -> 595.81173 | D39: =D$31-D33 -> 655.3929 | E39: =E$31-E33 -> 900.64873 | F39: =F$31-F33 -> 1000.7208 | G39: =G$31-G33 -> 1100.7929 | H39: =H$31-H33 -> 301.52485 | I39: =I$31-I33 -> 335.02761 | J39: =J$31-J33 -> 368.53037
A40: =A34 -> November through March | B40: =B$31-B34 -> 1275.152 | C40: =C$31-C34 -> 1416.8356 | D40: =D$31-D34 -> 1558.5192 | E40: =E$31-E34 -> 2141.7356 | F40: =F$31-F34 -> 2379.7062 | G40: =G$31-G34 -> 2617.6768 | H40: =H$31-H34 -> 717.02371 | I40: =I$31-I34 -> 796.69301 | J40: =J$31-J34 -> 876.36231
B43: Low | C43: Medium | D43: High
A44: Proportion of households that can tolerate lower indoor temperatures * | B44: =1-VulnerableHouseholdsLow -> 0.70048688 | C44: =1-VulnerableHouseholdsLikely -> 0.6873512 | D44: =1-VulnerableHouseholdsHigh -> 0.67421552 | F44: *During the months of not heating the indoor temperature will be a little lower. Here we exclude households with elderly or vulnerable residents that should not turn off heating in October or April.
B46: Low | C46: Medium | D46: High
A47: Proportion of households that have not already applied this measure** | B47: 0.4 | C47: 0.5 | D47: 0.6 | F47: **Due to many households having already reduced the length of heating season to reduce their energy bills.
A48: Overall proportion of households that can adopt this measure | B48: =B47*B44 -> 0.28019475 | C48: =C47*C44 -> 0.3436756 | D48: =D47*D44 -> 0.40452931

Sheet Draught Stripping
A1: Draught stripping Doors and Windows
A3: Since June 2002, all new build homes are required to meet an air tightness standard which is 8 m3/h/m2 at 50 Pa or better. Older homes are likely to have draughts around windows and doors and edges of suspended floors.
A4: The most common places for draughts are around openings such as doors and windows and other penetrations of the envelope such as for power cables, plumbing or communications cables.
A5: Filling gaps with mastic or fibre is not always appropriate for power cabling due to fire risk from overheating. This is not a DIY job.
A6: Draught stripping doors and windows is usually a DIY job. However foam draught strip (in common use) deteriorates so will need replacing from time to time. Brush strips usually last longer.
A7: Around 86% of pre-2002 dwellings have new, double-glazed windows [EHSEnergy2023], and most of this is PVC and has reasonable good draught seals. Far fewer dwellings have replaced front doors (perhaps half), and these have variable draught seals. However, we cannot say what proportion of un-replaced (leaky) doors have already been treated with draught stripping. In the absence of more reliable evidence, we infer that the number of pre-2002 dwellings with new, well-sealed doors PLUS those with old doors that have been treated is roughly the same as dwellings where windows have been replaced with double-glazed windows. The motivation (energy efficiency/lower bills) and the constraints (heritage issues/appearance) are similar in both cases.
A11: Assumptions
A13: House building - started and completed | B13: HouseBuilding | C13: Table 2a
A14: Period | B14: 2002-03 | C14: 2003-04 | D14: 2004-05 | E14: 2005-06 | F14: 2006-07 | G14: 2007-08 | H14: 2008-09 | I14: 2009-10 | J14: 2010-11 | K14: 2011-12 | L14: 2012-13 | M14: 2013-14 | N14: 2014-15 | O14: 2015-16 | P14: 2016-17 | Q14: 2017-18 | R14: 2018-19 | S14: 2019-20 | T14: 2020-21 | U14: 2021-22 | V14: 2022-23 | W14: 2023-24 | X14: 2024-25
A15: All dwellings | B15: 197110 | C15: 213200 | D15: 224540 | E15: 234270 | F15: 223500 | G15: 219550 | H15: 119390 | I15: 124230 | J15: 138390 | K15: 136220 | L15: 127300 | M15: 162270 | N15: 173050 | O15: 175640 | P15: 194470 | Q15: 197060 | R15: 204120 | S15: 187170 | T15: 170900 | U15: 209450 | V15: 206760 | W15: 164290 | X15: 138990
A16: Total | B16: =SUM(B15:X15) -> 4141870
A17: Total housing stock | B17: =Assumptions!C123 -> 30651800
A18: Proportion built since 2002 | B18: =B16/B17 -> 0.13512649
A19: Proportion that have already fitted draught stripping | B19: 0.5 | C19: CAR Estimate
A21: Bill savings per household (proportion)
B22: Low | C22: Medium | D22: High | G22: Reference
A23: %age saving on fuel | B23: 0 | C23: =(B23+D23)/2 -> 0.04 | D23: 0.08 | G23: DEEP | H23: Savings on fuel bills between <1% and 8%
B26: width | C26: height | D26: number
A27: External door perimeters (m) | B27: 0.76 | C27: 2 | D27: 2 | G27: CAR expert opinion
A28: Windows perimeters (m) | B28: 1.5 | C28: 1.5 | D28: 8 | G28: CAR expert opinion
A30: Calculations
A31: Heat loss through: | B31: width | C31: height | D31: perimeter each | E31: number | F31: total perimeter | G31: % of total
A32: Doors | B32: =B27 -> 0.76 | C32: =C27 -> 2 | D32: =2*(B32+C32) -> 5.52 | E32: =D27 -> 2 | F32: =D32*E32 -> 11.04 | G32: =F32/SUM(F$32:F$33) -> 0.18699187
A33: windows | B33: =B28 -> 1.5 | C33: =C28 -> 1.5 | D33: =2*(B33+C33) -> 6 | E33: =D28 -> 8 | F33: =D33*E33 -> 48 | G33: =F33/SUM(F$32:F$33) -> 0.81300813
A35: Savings (percent) | B35: Gas | E35: Oil | H35: Electricity
B36: Low | C36: Medium | D36: High | E36: Low | F36: Medium | G36: High | H36: Low | I36: Medium | J36: High
A37: Doors | B37: =$G32*B$23 -> 0 | C37: =$G32*C$23 -> 0.0074796748 | D37: =$G32*D$23 -> 0.01495935 | E37: =$G32*B$23 -> 0 | F37: =$G32*C$23 -> 0.0074796748 | G37: =$G32*D$23 -> 0.01495935 | H37: =$G32*B$23 -> 0 | I37: =$G32*C$23 -> 0.0074796748 | J37: =$G32*D$23 -> 0.01495935
A38: Windows | B38: =$G33*B$23 -> 0 | C38: =$G33*C$23 -> 0.032520325 | D38: =$G33*D$23 -> 0.06504065 | E38: =$G33*B$23 -> 0 | F38: =$G33*C$23 -> 0.032520325 | G38: =$G33*D$23 -> 0.06504065 | H38: =$G33*B$23 -> 0 | I38: =$G33*C$23 -> 0.032520325 | J38: =$G33*D$23 -> 0.06504065
A41: Potential uptake | B41: Low | C41: Medium | D41: High
A42: Homes built before 2002 | B42: =C$42*0.8 -> 0.69189881 | C42: =1-B$18 -> 0.86487351 | D42: =C$42*1.1 -> 0.95136087
A43: Homes not already treated | B43: =B42*PropAlreadyDraughts -> 0.34594941 | C43: =C42*PropAlreadyDraughts -> 0.43243676 | D43: =D42*PropAlreadyDraughts -> 0.47568043
A45: Savings (kWh/year) | K45: Number of participating households (millions)
B46: Gas | E46: Oil | H46: Electricity | K46: Gas | N46: Oil | Q46: Electricity
A47: Bill Savings(kWh/year) | B47: Low | C47: Medium | D47: High | E47: Low | F47: Medium | G47: High | H47: Low | I47: Medium | J47: High | K47: Low | L47: Medium | M47: High | N47: Low | O47: Medium | P47: High | Q47: Low | R47: Medium | S47: High
A48: None
A49: Doors | B49: =B37*MeanDomesticGasBill -> 0 | C49: =C37*MeanDomesticGasBill -> 73.870587 | D49: =D37*MeanDomesticGasBill -> 147.74117 | E49: =E37*MeanDomesticOilBill -> 0 | F49: =F37*MeanDomesticOilBill -> 124.07247 | G49: =G37*MeanDomesticOilBill -> 248.14494 | H49: =H37*MeanDomesticElectricHeatingBill -> 0 | I49: =I37*MeanDomesticElectricHeatingBill -> 41.537762 | J49: =J37*MeanDomesticElectricHeatingBill -> 83.075525 | K49: =TotalGasBoilers * B$43/1000000 -> 8.8620747 | L49: =TotalGasBoilers * C$43/1000000 -> 11.077593 | M49: =TotalGasBoilers * D$43/1000000 -> 12.185353 | N49: =TotalOilBoilers*B$43/1000000 -> 0.56635204 | O49: =TotalOilBoilers*C$43/1000000 -> 0.70794005 | P49: =TotalOilBoilers*D$43/1000000 -> 0.77873406 | Q49: =B$43*(TotalOtherElectricHeaters+TotalStorageHeaters)/1000000 -> 0.808472 | R49: =C$43*(TotalOtherElectricHeaters+TotalStorageHeaters)/1000000 -> 1.01059 | S49: =D$43*(TotalOtherElectricHeaters+TotalStorageHeaters)/1000000 -> 1.111649
A50: Windows | B50: =B38*MeanDomesticGasBill -> 0 | C50: =C38*MeanDomesticGasBill -> 321.17647 | D50: =D38*MeanDomesticGasBill -> 642.35293 | E50: =E38*MeanDomesticOilBill -> 0 | F50: =F38*MeanDomesticOilBill -> 539.44553 | G50: =G38*MeanDomesticOilBill -> 1078.8911 | H50: =H38*MeanDomesticElectricHeatingBill -> 0 | I50: =I38*MeanDomesticElectricHeatingBill -> 180.59897 | J50: =J38*MeanDomesticElectricHeatingBill -> 361.19793 | K50: =TotalGasBoilers * B$43/1000000 -> 8.8620747 | L50: =TotalGasBoilers * C$43/1000000 -> 11.077593 | M50: =TotalGasBoilers * D$43/1000000 -> 12.185353 | N50: =TotalOilBoilers*B$43/1000000 -> 0.56635204 | O50: =TotalOilBoilers*C$43/1000000 -> 0.70794005 | P50: =TotalOilBoilers*D$43/1000000 -> 0.77873406 | Q50: =B$43*(TotalOtherElectricHeaters+TotalStorageHeaters)/1000000 -> 0.808472 | R50: =C$43*(TotalOtherElectricHeaters+TotalStorageHeaters)/1000000 -> 1.01059 | S50: =D$43*(TotalOtherElectricHeaters+TotalStorageHeaters)/1000000 -> 1.111649
A51: Doors and windows* | B51: =B49+B50 -> 0 | C51: =C49+C50 -> 395.04705 | D51: =D49+D50 -> 790.09411 | E51: =E49+E50 -> 0 | F51: =F49+F50 -> 663.518 | G51: =G49+G50 -> 1327.036 | H51: =H49+H50 -> 0 | I51: =I49+I50 -> 222.13673 | ... S51: =S49+S50 -> 2.223298
A53: *Note: for 'Doors and windows', the dwellings that upgrade windows may be different from those upgrading doors. This means that the 'Number of participating households' includes some dwellings that upgrade windows, some that upgrade doors, and some that upgrade both. This does not alter the total savings in kWh/year, but part of the savings is likely to be split across two dwellings, with one saving energy from draught-stripped windows, and another saving from draught-stripped doors. So the 'Summary' sheet does not over-state savings, the proportion of dwellings that could adopt the measure is calculated differently from other measures.

Sheet Reduce heating hours
A1: Reduce heating hours
A2: This measure applied to all homes except those with storage heaters.
A3: Most people do not need heat when they are away from home or overnight. Heating only when heating is required saves energy (except when using a heat pump). Some households could reduce heating hours by, for example, turning the heating off earlier at night time, or earlier during the day when they go to work.
A4: This does not affect thermal comfort because it does not significantly affect the temperature when the heating is on. (We assume that the heating is reactivated in good time for when it is needed again.)
A5: The modelling approach here is to calculate the reduction in energy use calculated by standard energy models for a range of homes representing the stock. The reduction in energy use depends on the type of heating system, because they vary in the level of control - more control for wet radiator sustems, and less for storage radiators.
A6: We used two models to calculate these savings: the Cambridge Housing Model (CHM), and the CODE model. We tested the overall impact of reducing heating hours by 5 hours each week by adjusting the regular pattern of weekday heating to start later in the evening (6-10pm instead of 5-10pm). The overall results from the two models were comparable, although the CHM results were more variable and more skewed to the high savings from dwellings with uninsulated solid walls.
A7: From the CHM (which has more homes for comparison) the savings are greater in homes with high heat loss per unit floor area (i.e. poorly-insulated homes). However, savings are low in homes with storage heaters, primarily because these have low responsiveness and changing the hours of heating does not change the temperature very much. These effects are shown in the chart (right), based on data from the CHM modelling.
A8: The savings calculated in the CHM seem to be a little lower than those found in [EFUS]. In their full regression model the coefficient for heating hours was 1.57, with the dependent variable being the square root of the gas bill. (The regression equation is not specified so this is not entirely clear, but this is our interpretation.) The coefficient value implies that starting with a bill of 12,000 kWh/year, a reduction of 1 hour/day would mean an additional 346 kWh/year or 2.9%. Our calculation yields 1.59% from a reduction of 1 hour 5 days a week - scaled up to 1 hour per day this would be 2.2%.
A10: In this table, low and high levels are the 25% and 75% quantiles for savings across the stock.
A11: Bill savings per household (%) modelled in the CHM | B11: Solid walls | E11: Other walls | H11: All homes
B12: Low | C12: Medium | D12: High | E12: Low | F12: Medium | G12: High | H12: Low | I12: Medium | J12: High
A13: Gas | B13: 0.0132 | C13: 0.0159 | D13: 0.0192 | E13: 0.009 | F13: 0.0115 | G13: 0.0151 | H13: 0.0098 | I13: 0.0126 | J13: 0.0166
A14: Oil | B14: 0.0187 | C14: 0.0212 | D14: 0.0252 | E14: 0.0117 | F14: 0.0147 | G14: 0.0186 | H14: 0.0131 | I14: 0.0169 | J14: 0.0217
A15: Storage heaters | B15: 0.001 | C15: 0.0017 | D15: 0.002 | E15: 0.0006 | F15: 0.001 | G15: 0.0011 | H15: 0.0007 | I15: 0.0011 | J15: 0.0013 | K15: These savings are so small we consider it unlikely that homes would adopt this measure, so these are omitted from modelling below.
A16: Other electric | B16: 0.0055 | C16: 0.0094 | D16: 0.0145 | E16: 0.0028 | F16: 0.0057 | G16: 0.0074 | H16: 0.0032 | I16: 0.0067 | J16: 0.0093
A18: The results from CODE are consistent with the CHM (see chart) but CHM results are used here because they cover a wider variety of homes.
A19: Bill savings per household (%) CODE/CHM (gas only) | B19: Solid walls | C19: Other walls
A20: CODE | B20: 0.014 | C20: 0.012
A21: CHM | B21: =C13 -> 0.0159 | C21: =F13 -> 0.0115
A31: Bill savings per household (proportion) | B31: Low | C31: Medium | D31: High
A32: For homes heated with gas | B32: =H13 -> 0.0098 | C32: =I13 -> 0.0126 | D32: =J13 -> 0.0166
A33: Oil homes | B33: =H14 -> 0.0131 | C33: =I14 -> 0.0169 | D33: =J14 -> 0.0217 | E33: Savings for homes heated with oil are higher because heat loss is higher - more solid walls and single glazed windows. Also they tend to be larger with a higher proportion of heat for space heating rather than DHW.
A34: Other electric homes | B34: =H16 -> 0.0032 | C34: =I16 -> 0.0067 | D34: =J16 -> 0.0093
A36: Bill savings per household (kWh or £) | B36: kWh/year | E36: £/year | H36: Proportion of homes
B37: Low | C37: Medium | D37: High | E37: Low | F37: Medium | G37: High
A38: For homes heated with gas | B38: =B32*MeanDomesticGasBill -> 96.786528 | C38: =C32*MeanDomesticGasBill -> 124.43982 | D38: =D32*MeanDomesticGasBill -> 163.94453 | E38: =ROUND(B38*gasPricePerkWh/100,0) -> 8 | F38: =ROUND(C38*gasPricePerkWh/100,0) -> 10 | G38: =ROUND(D38*gasPricePerkWh/100,0) -> 13 | H38: =propHomesGasHeating -> 0.83573162
A39: For homes heated with oil | B39: =B33*MeanDomesticOilBill -> 217.30214 | C39: =C33*MeanDomesticOilBill -> 280.33635 | D39: =D33*MeanDomesticOilBill -> 359.95851 | E39: =ROUND(B39*oilPriceP/100,0) -> 21 | F39: =ROUND(C39*oilPriceP/100,0) -> 27 | G39: =ROUND(D39*oilPriceP/100,0) -> 35 | H39: {=propHomesOilHeating} -> 0.053409425
A40: For homes heated with electricity (not storage heaters) | B40: =B34*MeanDomesticElectricHeatingBill -> 17.770938 | C40: =C34*MeanDomesticElectricHeatingBill -> 37.207902 | D40: =D34*MeanDomesticElectricHeatingBill -> 51.64679 | E40: =ROUND(B40*elecPricePerkWh/100,0) -> 5 | F40: =ROUND(C40*elecPricePerkWh/100,0) -> 10 | G40: =ROUND(D40*elecPricePerkWh/100,0) -> 14 | H40: {=propHomesOtherElectricHeaters} -> 0.029383557
A41: Mean for all homes | E41: =SUMPRODUCT(E38:E40,$H38:$H40)/SUM($H38:$H40) -> 8.6599408 | F41: =SUMPRODUCT(F38:F40,$H38:$H40)/SUM($H38:$H40) -> 10.988499 | G41: =SUMPRODUCT(G38:G40,$H38:$H40)/SUM($H38:$H40) -> 14.311223
A44: Proportion of homes that can reduce heating hours | B44: Low | C44: Medium | D44: High
A45: Homes that have timed heating and could reduce it, or irregular habits that allow more turning off | B45: 0.1 | C45: 0.2 | D45: 0.3 | E45: CAR expert opinion
A46: Proportion of all homes heated with gas | B46: =B$45*$H38 -> 0.083573162 | C46: =C$45*$H38 -> 0.16714632 | D46: =D$45*$H38 -> 0.25071949 | G46: =C46*numberDwellingsUK/1000 -> 5123.3357
A47: Proportion of homes heated with oil | B47: =B$45*$H39 -> 0.0053409425 | C47: =C$45*$H39 -> 0.010681885 | D47: =D$45*$H39 -> 0.016022827 | G47: =C47*numberDwellingsUK/1000 -> 327.419
A48: Proportion of all homes heated with electricity (not storage heaters) | B48: =B$45*$H40 -> 0.0029383557 | C48: =C$45*$H40 -> 0.0058767114 | D48: =D$45*$H40 -> 0.0088150672 | G48: =C48*numberDwellingsUK/1000 -> 180.13178
A49: Total | B49: =SUM(B46:B48) -> 0.09185246 | C49: =SUM(C46:C48) -> 0.18370492 | D49: =SUM(D46:D48) -> 0.27555738
A51: Carbon savings over all households | B51: Low | C51: Medium | D51: High
A52: GHG emissions savings (in homes using gas heating) | B52: =ROUND(TotalDomesticGasKwh*B32*B$45*carbonGasPerkWh/1000000,0) -> 45 | C52: =ROUND(TotalDomesticGasKwh*C32*C$45*carbonGasPerkWh/1000000,0) -> 117 | D52: =ROUND(TotalDomesticGasKwh*D32*D$45*carbonGasPerkWh/1000000,0) -> 231 | E52: kt/year
A53: GHG emissions savings (in homes with oil heating) | B53: =ROUND(TotalDomesticOilkWh*B33*B45*carbonOilPerkWh/1000000,0) -> 10 | C53: =ROUND(TotalDomesticOilkWh*C33*C45*carbonOilPerkWh/1000000,0) -> 25 | D53: =ROUND(TotalDomesticOilkWh*D33*D45*carbonOilPerkWh/1000000,0) -> 48 | E53: kt/year
A54: GHG emissions savings (in homes with electric heating) | B54: =ROUND(TotalOtherElectrickWh*B34*B$45*carbonElectricitryPerkWh/1000000,0) -> 0 | C54: =ROUND(TotalOtherElectrickWh*C34*C$45*carbonElectricitryPerkWh/1000000,0) -> 1 | D54: =ROUND(TotalOtherElectrickWh*D34*D$45*carbonElectricitryPerkWh/1000000,0) -> 2 | E54: kt/year
A55: Total | B55: =SUM(B52:B54) -> 55 | C55: =SUM(C52:C54) -> 143 | D55: =SUM(D52:D54) -> 281 | E55: kt/year
A57: Summary | B57: Bill savings per participating household £/year | E57: Proportion of dwellings that could adopt the measure | H57: Stock level carbon savings kt/year | K57: Comfort improvement
B58: Low | C58: Medium | D58: High | E58: Low | F58: Medium | G58: High | H58: Low | I58: Medium | J58: High
A59: Reducing hours of heating by 5 hours/week (set and forget) | B59: =E41 -> 8.6599408 | C59: =F41 -> 10.988499 | D59: =G41 -> 14.311223 | E59: =B49 -> 0.09185246 | F59: =C49 -> 0.18370492 | G59: =D49 -> 0.27555738 | H59: =B55 -> 55 | I59: =C55 -> 143 | J59: =D55 -> 281 | K59: -
A62: Summary | B62: Bill savings per participating household kWh/year | K62: Number of participating households (thousands) | T62: Comfort Improvement
B63: Gas | E63: Oil | H63: Electricity | K63: Gas | N63: Oil | Q63: Electricity
B64: Low | C64: Medium | D64: High | E64: Low | F64: Medium | G64: High | H64: Low | I64: Medium | J64: High | K64: Low | L64: Medium | M64: High | N64: Low | O64: Medium | P64: High | Q64: Low | R64: Medium | S64: High
A65: Reducing hours of heating by 5 hours/week (set and forget) | B65: =B38 -> 96.786528 | C65: =C38 -> 124.43982 | D65: =D38 -> 163.94453 | E65: =B39 -> 217.30214 | F65: =C39 -> 280.33635 | G65: =D39 -> 359.95851 | H65: =B40 -> 17.770938 | I65: =C40 -> 37.207902 | J65: =D40 -> 51.64679 | K65: =B46*numberDwellingsUK/1000 -> 2561.6678 | L65: =C46*numberDwellingsUK/1000 -> 5123.3357 | M65: =D46*numberDwellingsUK/1000 -> 7685.0035 | N65: =B47*numberDwellingsUK/1000 -> 163.7095 | O65: =C47*numberDwellingsUK/1000 -> 327.419 | P65: =D47*numberDwellingsUK/1000 -> 491.1285 | Q65: =B48*numberDwellingsUK/1000 -> 90.065892 | R65: =C48*numberDwellingsUK/1000 -> 180.13178 | S65: =D48*numberDwellingsUK/1000 -> 270.19768 | T65: -

Sheet Turn off pre-heat
A1: Turn off the 'pre-heat' facility on a combi boiler
A2: This measure could apply to all combi boilers with a pre-heat facility.
A3: Some combi boilers have a 'pre-heat' facility which means they keep the heat exchanger constantly warm. This means that hot water can be provided from the boiler more quickly. (There is still a wait for water that has cooled in the pipework to pass through.)
A4: The heat exchanger cools down over time, and the combi boiler has to turn on to heat it up again. However, depending on the location of the boiler, during the heating season the heat loss contributes to useful internal gains. | D4: Chart below from Bennett
A5: In some models of boiler the pre-heat facility can be on a timer, in which case it is only on for part of the day, rather than all the time.
A6: SAP 10.2 models a pre-heat facility (which SAP calls 'keep-hot') as using 300 kWh/year or more, unless it is timed. If it is timed, then there may be no extra energy use, depending on the volume of flow. These figures are used in the absence of test results from actual boilers. The pre-heat can be provided by electricity instead of firing up the boiler - or a mixture of the two.
A7: Analysis of field data on boilers (Bennett) suggests that in practice, pre-heat facilities sometimes use less than 50 kWh/year (see chart, right) with a mean of 340 kWh/year. There is no mention of measuring electricity use for pre-heat, so it is possible that this was not included. However, the storage heat loss depends on the insulation around the store, and small values are not unreasonable.
A8: The Heating Hub (HHBCombi) recommends that when combi boilers do not have a pre-heat facility, a CombiSave device should be used. This restricts flow of hot water flow until it is warmed up, saving both energy and hot water. This is fitted to the hot water outlet from the boiler.
A9: Our modelling approach begins with comparing reports of energy use for the pre-heat function. We assume that a timed pre-heat uses a fraction of the same energy, based on the number of hours of the day it is on. The calculated energy savings take into account that some of the heat lost from the pre-heat store is useful heat gains, so additional space heating will be used to replace it when pre-heat is turned off. Most boilers are more efficient providing space heating than hot water.
A10: Savings for oil combi boilers are excluded from modelling. There are very few of them (less than 1% of homes) and where they do have pre-heat capability it is implemeted in a different way, so the modelling data used here for gas would not apply.
B12: Low | C12: Medium | D12: High
A13: Energy use of pre-heat facility (without a timer) | B13: 50 | C13: 300 | D13: 600 | E13: kWh/year (heat) | F13: Bennett | G13: Based on the data in the chart above
A14: Energy use from timed preheat, as a proportion of turning it off - high proportion means low savings. High proportion would be 16 hours on, medium 12 hours on, Low would be 8 hours on. | B14: 0.7 | C14: 0.5 | D14: 0.3 | F14: CAR expert opinion - based on the proportion of the day when it is left on
A15: Combi boiler efficiency when turning on for preheat (High efficiency leads to low losses and vice versa) | B15: 0.85 | C15: 0.8 | D15: 0.75 | F15: CAR expert opinion (consistent with SAP)
A16: Gas use for the pre-heat (untimed) | B16: =B13/B15 -> 58.823529 | C16: =C13/C15 -> 375 | D16: =D13/D15 -> 800 | E16: kWh/year (gas)
A17: Gas use for the pre-heat (timed) | B17: =B16*B14 -> 41.176471 | C17: =C16*C14 -> 187.5 | D17: =D16*D14 -> 240 | E17: kWh/year (gas)
A18: Proportion of preheat losses useful for heat gains | B18: 0.9 | C18: 0.8 | D18: 0.5 | F18: CAR expert opinion
A19: Combi boiler effiency for space heating | B19: 0.8 | C19: 0.85 | D19: 0.9 | F19: CAR expert opinion (consistent with SAP)
A20: Gas savings from preheat losses used as space heating (untimed) | B20: =B13*B18/B19 -> 56.25 | C20: =C13*C18/C19 -> 282.35294 | D20: =D13*D18/D19 -> 333.33333 | E20: kWh/year (gas)
A21: Gas savings from preheat losses used as space heating (timed) | B21: =B13*B14*B18/B19 -> 39.375 | C21: =C13*C14*C18/C19 -> 141.17647 | D21: =D13*D14*D18/D19 -> 100 | E21: kWh/year (gas)
A22: Net loss from pre-heat (untimed) | B22: =B16-B20 -> 2.5735294 | C22: =C16-C20 -> 92.647059 | D22: =D16-D20 -> 466.66667 | E22: kWh/year (gas)
A23: Net loss from pre-heat (timed) | B23: =B17-B21 -> 1.8014706 | C23: =C17-C21 -> 46.323529 | D23: =D17-D21 -> 140 | E23: kWh/year (gas)
A25: Household savings £ | B25: Low | C25: Medium | D25: High
A26: Turning off preheat completely | B26: =B22*gasPricePerkWh/100 -> 0.20511029 | C26: =C22*gasPricePerkWh/100 -> 7.3839706 | D26: =D22*gasPricePerkWh/100 -> 37.193333 | E26: £/year
A27: Changing to a timed preheat | B27: =B23*gasPricePerkWh/100 -> 0.14357721 | C27: =C23*gasPricePerkWh/100 -> 3.6919853 | D27: =D23*gasPricePerkWh/100 -> 11.158 | E27: £/year
A29: Potential uptake | B29: Low | C29: Medium | D29: High
A30: Proportion of homes with a gas combi boiler | B30: =C30*0.95 -> 0.53988262 | C30: =propHomesGasHeating*(1-propGasRegular) -> 0.5682975 | D30: =C30*1.05 -> 0.59671238
A31: Proportion of combi boilers with preheat | B31: 0.2 | C31: 0.4 | D31: 0.6 | E31: CAR expert opinion - we have very limited information on the market share of combi boilers with a preheat facility
A32: Proportion of combi boilers with preheat that can be set to a timer | B32: 0.05 | C32: 0.1 | D32: 0.2 | E32: CAR expert opinion
A33: Proportion of all housesholds that could turn preheat off | B33: =B30*B31 -> 0.10797653 | C33: =C30*C31 -> 0.227319 | D33: =D30*D31 -> 0.35802743
A34: Proportion of all households that could control preheat with a timer | B34: =B33*B32 -> 0.0053988262 | C34: =C33*C32 -> 0.0227319 | D34: =D33*D32 -> 0.071605485
A37: Summary | B37: Bill savings per participating household kWh/year | K37: Number of participating households (thousands) | T37: Comfort Improvement
B38: Gas | E38: Oil | H38: Electricity | K38: Gas | N38: Oil | Q38: Electricity
B39: Low | C39: Medium | D39: High | E39: Low | F39: Medium | G39: High | H39: Low | I39: Medium | J39: High | K39: Low | L39: Medium | M39: High | N39: Low | O39: Medium | P39: High | Q39: Low | R39: Medium | S39: High
A40: Turn off pre-heat facility | B40: =B22 -> 2.5735294 | C40: =C22 -> 92.647059 | D40: =D22 -> 466.66667 | E40: 0 | F40: 0 | G40: 0 | H40: 0 | I40: 0 | J40: 0 | K40: =B33*numberDwellingsUK/1000 -> 3309.6748 | L40: =C33*numberDwellingsUK/1000 -> 6967.7365 | M40: =D33*numberDwellingsUK/1000 -> 10974.185 | N40: 0 | O40: 0 | P40: 0 | Q40: 0 | R40: 0 | S40: 0 | T40: -
A41: Adjust timer for pre-heat | B41: =B23 -> 1.8014706 | C41: =C23 -> 46.323529 | D41: =D23 -> 140 | E41: 0 | F41: 0 | G41: 0 | H41: 0 | I41: 0 | J41: 0 | K41: =B34*numberDwellingsUK/1000 -> 165.48374 | L41: =C34*numberDwellingsUK/1000 -> 696.77365 | M41: =D34*numberDwellingsUK/1000 -> 2194.837 | N41: 0 | O41: 0 | P41: 0 | Q41: 0 | R41: 0 | S41: 0 | T41: -

Sheet Reducing DHW temp. (cylinder)
A1: Turn down the thermostat on your hot water cylinder
A2: This measure applies to homes with a hot water cylinder that do not need all the heat stored.
A3: Dwellings with a hot water cylinder should be thermostatically controlled and on a timer, so that water is not heated unnecessarily.
A4: It is usual to heat it to at least 60°C to kill any bacteria such as those that cause Legionnaires disease. However this does not have to be done every day - once a week would be sufficient, if the controls allow. Such controls are common with heat pumps but not with conventional boilers. Lower temperatures avoid the risk of scalding with water from the taps. Alternatively this can be mitigated using a thermostatic mixer valve on the outlet from the cylinder, or taps/shower head.
A5: The higher the cylinder temperature, the more heat is stored - which means you can run more baths and showers. If you have solar panels, allowing the panels to heat to a high temperature may allow you to make more use of renewable solar energy. However, higher temperatures also increase heat loss from the cylinder. If you do not have a mixer valve it also increases losses from the pipes distributing water to taps around the dwelling.
A6: In hard-water areas, high cylinder temperature can exacerbate scaling up, which makes the heat exchanger less efficient.
A7: Changing the hot water cylinder temperature will not affect the boiler efficiency.
A8: The modelling approach here is to use the CHM to gather statistics on heat loss from distribution and storage of hot water, and then to adjust these values according to the change in temperature. Energy savings are calculated for different heating systems because they vary in the efficency of energy use to replace these losses. We also take into account the fact that in most cases the cylinder is inside the heated envelope of the house so some of the heat loss is useful gains (in winter). Savings on heating the cylinder are partly offset by additional space heating. Most boilers are more efficient providing space heating than hot water, so two different efficiencies are used.
A9: We have estimated household savings from a lower temperature too, with a weekly sterilisation cycle. However, this is not taken forward to the summary as it not possible with standard controls. It is possible that even higher savings could be achieved if the controls allowed lower boiler flow temperatures to the cylinder too.
A10: This action is not applicable to combi boilers as they do not have a hot water cylinder (except sometimes a small keep-hot facility). We have used the term 'system boiler' for all non-combi boilers. Technically this only refers to boilers where the hot water system is sealed. However, the principles are exactly the same for regular boilers, which are not sealed and have a header tank for pressure.
A11: Homes with electric heating usually have a hot water cylinder with an immersion heater controlled by a thermostat. If there is no thermostat there is a risk of overheating your cylinder. If the home is on an Economy 7 tariff (or similar) then there should be a timer to ensure the cylinder is heated at cheap rate. However, there is not always a timer. Adjusting the thermostat means taking the protective cap off and using a screwdriver to adjust the setting. This is simple enough if you are confident with DIY (see https://www.diydata.com/problem/immersion/immersion_adjustment.php).
B13: Standard Operation | E13: Weekly Legionella cycle | I13: Notes
B14: Low | C14: Medium | D14: High | E14: Low | F14: Medium | G14: High
A15: Initial cylinder temperature | B15: 65 | C15: 70 | D15: 75 | E15: =B15 -> 65 | F15: =C15 -> 70 | G15: =D15 -> 75 | H15: °C | I15: CAR expert opinion
A16: Final cylinder temperature | B16: 60 | C16: 60 | D16: 60 | E16: 51.5 | F16: 51.5 | G16: 51.5 | H16: °C | I16: This is an average of 50°C most days and 60°C once a week. However, controls do not usually have this flexibility.
A17: Mean room temperature | B17: 18 | C17: 18 | D17: 18 | E17: =B17 -> 18 | F17: =C17 -> 18 | G17: =D17 -> 18 | H17: °C
A18: Distribution and storage losses (system boilers) | B18: 700 | C18: 1000 | D18: 1500 | E18: =B18 -> 700 | F18: =C18 -> 1000 | G18: =D18 -> 1500 | H18: kWh/year | I18: CHM modelling - gas and oil boilers are similar
A19: CHM calculations reference temperature | B19: 70 | C19: 70 | D19: 70 | E19: =B19 -> 70 | F19: =C19 -> 70 | G19: =D19 -> 70 | H19: °C
A20: Initial losses | B20: =B$18*(B15-B$17)/(B$19-B$17) -> 632.69231 | C20: =C$18*(C15-C$17)/(C$19-C$17) -> 1000 | D20: =D$18*(D15-D$17)/(D$19-D$17) -> 1644.2308 | E20: =E$18*(E15-E$17)/(E$19-E$17) -> 632.69231 | F20: =F$18*(F15-F$17)/(F$19-F$17) -> 1000 | G20: =G$18*(G15-G$17)/(G$19-G$17) -> 1644.2308 | H20: kWh/year | I20: Assume losses are directly proportional the temperature difference between the cylinder and the room.
A21: Reduced DHW temp losses | B21: =B$18*(B16-B$17)/(B$19-B$17) -> 565.38462 | C21: =C$18*(C16-C$17)/(C$19-C$17) -> 807.69231 | D21: =D$18*(D16-D$17)/(D$19-D$17) -> 1211.5385 | E21: =E$18*(E16-E$17)/(E$19-E$17) -> 450.96154 | F21: =F$18*(F16-F$17)/(F$19-F$17) -> 644.23077 | G21: =G$18*(G16-G$17)/(G$19-G$17) -> 966.34615 | H21: kWh/year
A22: Savings | B22: =B20-B21 -> 67.307692 | C22: =C20-C21 -> 192.30769 | D22: =D20-D21 -> 432.69231 | E22: =E20-E21 -> 181.73077 | F22: =F20-F21 -> 355.76923 | G22: =G20-G21 -> 677.88462 | H22: kWh/year
A23: Gas boiler efficiency for hot water - high efficiency means low savings | B23: 0.74 | C23: 0.7 | D23: 0.64 | E23: =B23 -> 0.74 | F23: =C23 -> 0.7 | G23: =D23 -> 0.64 | I23: SAP10.2 | J23: Summer efficiency for system boilers
A24: Gas boiler efficiency for space heating | B24: 0.85 | C24: 0.8 | D24: 0.75 | E24: =B24 -> 0.85 | F24: =C24 -> 0.8 | G24: =D24 -> 0.75 | I24: SAP10.2 | J24: Winter efficiency for system boilers
A25: Proportion of losses that are useful gains | B25: ='Turn off pre-heat'!B18 -> 0.9 | C25: ='Turn off pre-heat'!C18 -> 0.8 | D25: ='Turn off pre-heat'!D18 -> 0.5 | E25: =B25 -> 0.9 | F25: =C25 -> 0.8 | G25: =D25 -> 0.5 | I25: Same as combi keep hot
A26: Gas saved from water heating | B26: =B22/B23 -> 90.956341 | C26: =C22/C23 -> 274.72527 | D26: =D22/D23 -> 676.08173 | E26: =E22/E23 -> 245.58212 | F26: =F22/F23 -> 508.24176 | G26: =G22/G23 -> 1059.1947 | H26: kWh/year
A27: Additional gas use for space heating | B27: =B22*(1-B25)/B24 -> 7.918552 | C27: =C22*(1-C25)/C24 -> 48.076923 | D27: =D22*(1-D25)/D24 -> 288.46154 | E27: =E22*(1-E25)/E24 -> 21.380091 | F27: =F22*(1-F25)/F24 -> 88.942308 | G27: =G22*(1-G25)/G24 -> 451.92308 | H27: kWh/year
A28: Net gas savings | B28: =B26-B27 -> 83.037789 | C28: =C26-C27 -> 226.64835 | D28: =D26-D27 -> 387.62019 | E28: =E26-E27 -> 224.20203 | F28: =F26-F27 -> 419.29945 | G28: =G26-G27 -> 607.27163 | H28: kWh/year
A30: Oil boiler efficiency (water heating) | B30: 0.72 | C30: 0.69 | D30: 0.66 | E30: =B30 -> 0.72 | F30: =C30 -> 0.69 | G30: =D30 -> 0.66 | I30: SAP10.2 | J30: Summer efficiency for system boilers
A31: Oil boiler efficiency (space heating) | B31: 0.84 | C31: 0.81 | D31: 0.78 | E31: =B31 -> 0.84 | F31: =C31 -> 0.81 | G31: =D31 -> 0.78 | I31: SAP10.2 | J31: Winter efficiency for system boilers
A32: Oil saved from water heating | B32: =B22/B30 -> 93.482906 | C32: =C22/C30 -> 278.7068 | D32: =D22/D30 -> 655.59441 | E32: =E22/E30 -> 252.40385 | F32: =F22/F30 -> 515.60758 | G32: =G22/G30 -> 1027.0979 | H32: kWh/year
A33: Additional oil use for space heating | B33: =B22*(1-B25)/B31 -> 8.0128205 | C33: =C22*(1-C25)/C31 -> 47.483381 | D33: =D22*(1-D25)/D31 -> 277.36686 | E33: =E22*(1-E25)/E31 -> 21.634615 | F33: =F22*(1-F25)/F31 -> 87.844255 | G33: =G22*(1-G25)/G31 -> 434.54142 | H33: kWh/year
A34: Net oil savings | B34: =B32-B33 -> 85.470085 | C34: =C32-C33 -> 231.22342 | D34: =D32-D33 -> 378.22754 | E34: =E32-E33 -> 230.76923 | F34: =F32-F33 -> 427.76333 | G34: =G32-G33 -> 592.55648 | H34: kWh/year
A37: Potential uptake | B37: Low | C37: Medium | D37: High
A38: Proportion of gas boilers that are system boilers | B38: =propGasRegular*0.95 -> 0.304 | C38: =propGasRegular -> 0.32 | D38: =propGasRegular*1.1 -> 0.352 | F38: Add uncertainy bands to account for scaling from England to the UK
A39: Proportion of oil boilers that are system boilers | B39: =78%*0.95 -> 0.741 | C39: =propOilRegular -> 0.78 | D39: =78%*1.1 -> 0.858 | F39: Add uncertainy bands to account for scaling from England to the UK
A40: Proportion of households with a system boiler who can turn down the cylinder temperature without running out of hot water | B40: 0.5 | C40: 0.8 | D40: 0.95 | F40: CAR expert opinion
A41: Proportion of all UK households (gas) | B41: =B38*B40*propHomesGasHeating -> 0.12703121 | C41: =C38*C40*propHomesGasHeating -> 0.21394729 | D41: =D38*D40*propHomesGasHeating -> 0.27946865
A42: Proportion of all UK households (oil) | B42: =B39*B40*propHomesOilHeating -> 0.019788192 | C42: =C39*C40*propHomesOilHeating -> 0.033327481 | D42: =D39*D40*propHomesOilHeating -> 0.043534022
A43: Total | B43: =SUM(B41:B42) -> 0.1468194 | C43: =SUM(C41:C42) -> 0.24727478 | D43: =SUM(D41:D42) -> 0.32300267
A46: Summary | B46: Bill savings per participating household kWh/year | K46: Number of participating households (thousands) | T46: Comfort Improvement
B47: Gas | E47: Oil | H47: Electricity | K47: Gas | N47: Oil | Q47: Electricity
B48: Low | C48: Medium | D48: High | E48: Low | F48: Medium | G48: High | H48: Low | I48: Medium | J48: High | K48: Low | L48: Medium | M48: High | N48: Low | O48: Medium | P48: High | Q48: Low | R48: Medium | S48: High
A49: Reducing the cylinder temperature to 60°C | B49: =B28 -> 83.037789 | C49: =C28 -> 226.64835 | D49: =D28 -> 387.62019 | E49: =E34 -> 230.76923 | F49: =F34 -> 427.76333 | G49: =G34 -> 592.55648 | H49: 0 | I49: 0 | J49: 0 | K49: =B41*numberDwellingsUK/1000 -> 3893.7351 | L49: =C41*numberDwellingsUK/1000 -> 6557.8697 | M49: =D41*numberDwellingsUK/1000 -> 8566.2173 | N49: =B42*numberDwellingsUK/1000 -> 606.5437 | O49: =C42*numberDwellingsUK/1000 -> 1021.5473 | P49: =D42*numberDwellingsUK/1000 -> 1334.3961 | Q49: 0 | R49: 0 | S49: 0 | T49: -
A50: Reduce the cylinder temperature to 50°C with a weekly Legionella cycle | B50: =E28 -> 224.20203 | C50: =F28 -> 419.29945 | D50: =G28 -> 607.27163 | E50: =E34 -> 230.76923 | F50: =F34 -> 427.76333 | G50: =G34 -> 592.55648 | H50: 0 | I50: 0 | J50: 0 | K50: =K49 -> 3893.7351 | L50: =L49 -> 6557.8697 | M50: =M49 -> 8566.2173 | N50: =N49 -> 606.5437 | O50: =O49 -> 1021.5473 | P50: =P49 -> 1334.3961 | Q50: 0 | R50: 0 | S50: 0 | T50: -

Sheet Reducing DHW temp. (combi)
A1: Reduce the hot water temperature setting on your combi boiler
A2: This measure applies to homes with a combi boiler
A3: If you have a combi boiler you can control the temperature at which it supplies hot water to your taps and showers.
A4: Reducing the temperature at which hot water is supplied can make energy savings because it takes less fuel to heat the water. SAP10.2 assumes that hot water for taps is supplied at 52°C and showers at 41°C.
A5: However, when we use a shower or fill a bath, householders mix in sufficient water to get a comfortable temperature. If we reduce the temperature for hot water householders simply add less cold and the same amount of heat overall is used.
A6: The distribution loss is the heat lost from pipes that deliver water to taps, when no water is flowing. SAP assumes this is 15% of the supplied water. However, we model this as half that because in the heating season those losses are useful gains, which will have to be replaced by space heating.
A12: Water use calculations from SAP Appendix J | B12: Low | C12: Medium | D12: High
A13: Hot water temp (initial) | B13: 50 | C13: 52 | D13: 55 | E13: °C | F13: SAP assumes the hot water supply is at 52°C and showers are supplied at 41°C
A14: Hot water temp (final) | B14: 45 | C14: 42 | D14: 40 | E14: °C
A15: Cold water temp | B15: 13 | C15: 13 | D15: 13 | E15: °C | F15: SAP calculates this monthly. This is an average.
A16: Number of people | B16: 2 | C16: 2.5 | D16: 3
A17: Hot water consumption excluding showers and baths including distribution loss | B17: =(9.8*B16+14)*1.075 -> 36.12 | C17: =(9.8*C16+14)*1.075 -> 41.3875 | D17: =(9.8*D16+14)*1.075 -> 46.655 | E17: litres/day | F17: This calculation is from SAP. The distribution loss is 15% but we have halved that to allow for sone of the heat loss being useful gains that will have to be replaced by space heating.
A18: Energy content (initial) | B18: =(B13-B15)*B17*4.18/3600*365 -> 566.3907 | C18: =(C13-C15)*C17*4.18/3600*365 -> 684.06984 | D18: =(D13-D15)*D17*4.18/3600*365 -> 830.45122 | E18: kWh/year
A19: Energy content (final) | B19: =(B14-B15)*B17*4.18/3600*365 -> 489.85141 | C19: =(C14-C15)*C17*4.18/3600*365 -> 508.66732 | D19: =(D14-D15)*D17*4.18/3600*365 -> 533.8615 | E19: kWh/year
A20: Savings | B20: =B18-B19 -> 76.539283 | C20: =C18-C19 -> 175.40252 | D20: =D18-D19 -> 296.58972 | E20: kWh/year
A22: Other assumptions | B22: Low | C22: Medium | D22: High
A23: Gas water heating efficiency | B23: ='Reducing DHW temp. (cylinder)'!B23 -> 0.74 | C23: ='Reducing DHW temp. (cylinder)'!C23 -> 0.7 | D23: ='Reducing DHW temp. (cylinder)'!D23 -> 0.64 | F23: High efficiency reduces savings
A24: Oil water heating effiiciency | B24: ='Reducing DHW temp. (cylinder)'!B30 -> 0.72 | C24: ='Reducing DHW temp. (cylinder)'!C30 -> 0.69 | D24: ='Reducing DHW temp. (cylinder)'!D30 -> 0.66 | F24: High efficiency reduces savings
A26: Bill savings per household (kWh or £) | C26: kWh/year | F26: £/year
C27: Low | D27: Medium | E27: High | F27: Low | G27: Medium | H27: High
A28: Reduce DHW temperature | B28: Gas | C28: =B20/B23 -> 103.43146 | D28: =C20/C23 -> 250.57503 | E28: =D20/D23 -> 463.42144 | F28: =ROUND(C28*gasPricePerkWh/100,0) -> 8 | G28: =ROUND(D28*gasPricePerkWh/100,0) -> 20 | H28: =ROUND(E28*gasPricePerkWh/100,0) -> 37
B29: Oil | C29: =B20/B24 -> 106.30456 | D29: =C20/C24 -> 254.20656 | E29: =D20/D24 -> 449.37837 | F29: =ROUND(C29*oilPriceP/100,0) -> 10 | G29: =ROUND(D29*oilPriceP/100,0) -> 25 | H29: =ROUND(E29*oilPriceP/100,0) -> 43
A31: Potential uptake | C31: Low | D31: Medium | E31: High
A32: Proportion of homes with a gas combi boiler | B32: Gas | C32: =D32*0.95 -> 0.53988262 | D32: =propHomesGasHeating*(1-propGasRegular) -> 0.5682975 | E32: =D32*1.05 -> 0.59671238
A33: Proportion of homes with an oil combi boiler | B33: Oil | C33: =D33*0.95 -> 0.01116257 | D33: =propHomesOilHeating*(1-propOilRegular) -> 0.011750073 | E33: =D33*1.05 -> 0.012337577
A37: Summary | B37: Bill savings per participating household kWh/year | K37: Number of participating households (thousands) | T37: Comfort Improvement
B38: Gas | E38: Oil | H38: Electricity | K38: Gas | N38: Oil | Q38: Electricity
B39: Low | C39: Medium | D39: High | E39: Low | F39: Medium | G39: High | H39: Low | I39: Medium | J39: High | K39: Low | L39: Medium | M39: High | N39: Low | O39: Medium | P39: High | Q39: Low | R39: Medium | S39: High
A40: Reduce DHW temperature to 45°C (low savings), 42°C, or 40°C (high savings) | B40: =C28 -> 103.43146 | C40: =D28 -> 250.57503 | D40: =E28 -> 463.42144 | E40: =C29 -> 106.30456 | F40: =D29 -> 254.20656 | G40: =E29 -> 449.37837 | H40: 0 | I40: 0 | J40: 0 | K40: =C32*numberDwellingsUK/1000 -> 16548.374 | L40: =D32*numberDwellingsUK/1000 -> 17419.341 | M40: =E32*numberDwellingsUK/1000 -> 18290.308 | N40: =C33*numberDwellingsUK/1000 -> 342.15285 | O40: =D33*numberDwellingsUK/1000 -> 360.1609 | P40: =E33*numberDwellingsUK/1000 -> 378.16895 | Q40: 0 | R40: 0 | S40: 0 | T40: -

Sheet Moving furniture
A1: Moving furniture away from radiators
A2: This measure could apply to most homes with wet heating systems.
A3: When a radiator is obstructed by furniture it is less effective at transferring heat into the room. Radiators transfer heat by a combination of radiation and convection. The obstruction restricts convection, because this relies on free air flow. This means a higher proportion of the transfer is by convection. Radiant transfer is also intercepted by the obstruction, which warms as a result. This heat is ultimately transferred into the room but it takes longer to get there.
A4: The obstructed radiators give lower thermal comfort too, because there is less radiant heat falling on the occupants.
A5: We adapted the CODE model to examine the effects of adding obstacles in front of a radiator. We introduced radiator obstructions by reducing the capacity of the radiator and by increasing the radiative component in step. Initially, radiators transfer 30% by radiation and 70% by convection. The capacity reduction is taken from the convection only, so when capacity is reduced by 20% we increase the radiatiant fraction from 30% to 37.5%.
A6: When an obstacle is removed, the radiator becomes more efficient and heats the room more quickly. This uses more energy rather than less. Also, the radiant heat absorbed by an obstruction it continues to heat the room when the heating is off. This uses more energy and when the obstruction is removed the effect reverses, giving savings. For small obstacles, the stored radiant heat has the greater effect and gas consumption increases, but the effect is small. With significant obstacles, the increased capacity wins out and heating energy demand increases.
A7: There are two other potential effects from the clearing obstructions from the radiators. These are indirect and require additional behaviours. It is possible that the household has turned up the thermostat in an attempt to offset the problem with heating. If this is the case, they could turn down the thermostat a little, which will save energy. In addition, it is possible that improvement in radiator efficiency could enable turning down the flow temperature, with improvement in boiler efficiency. We have not included these effects in the modelling here.
A8: Overall, our modelling indicates that there are no significant heat savings from removing obstructions from radiators and if anything heating demand is likely to increase.
A10: Modelling with 12 CODE archetypes | C10: Savings (%)
B11: Reduction in capacity | C11: median | D11: lower quartile | E11: upper quartile | F11: weighted mean
B12: 0.1 | C12: 0 | D12: 0.002 | E12: -0.001 | F12: 0
B13: 0.2 | C13: 0 | D13: 0.003 | E13: -0.002 | F13: 0
A14: For this case we excluded one archetype where the effect of the obstruction was so great it did not heat the house effectively. | B14: 0.4 | C14: -0.007 | D14: -0.001 | E14: -0.013 | F14: -0.009
A17: Impact of furniture on radiator heating capacity | B17: Low | C17: Medium | D17: High
A18: According to CIBSE a radiator in a cabinet with a grill at the front has 30% less heating emissions. This is our medium case - perhaps equivalent to a radiator half blocked by armchairs. The high case could be a radiator largely obstructed by a sofa and the low case, a radiator with a table in front. | B18: 0.1 | C18: 0.3 | D18: 0.5 | E18: CAR expert opinion as described, left
A19: Proportion of radiators impacted per house | B19: 0.2 | C19: 0.4 | D19: 0.8 | E19: CAR expert opinion as described, left
A20: Overall impact on radiator capacity in affected homes | B20: =B18*B19 -> 0.02 | C20: =C18*C19 -> 0.12 | D20: =D18*D19 -> 0.4
A22: Impact of furniture on gas use in affected homes, for gas heated homes - from the modelling above | B22: =MIN(C12:F12) -> -0.001 | C22: =F1 | D22: =MIN(C14:F14) -> -0.013

Sheet Closing curtains
A1: Closing curtains at night
A2: This measure could apply to all homes who do not already close curtains at night.
A3: SAP 10.2 assumes that all windows have curtains and curtains are closed for half the time. They assume curtains have an effective resistance of 0.04 m2K/W (based on. 0.08 m2K/W for half the time, i.e. 12/24 hours).
A4: We have used the Cambridge Housing Model, which is based on SAP and has the same curtain resistance factor, to test the annual saving by area and type of window.
A5: In practice, the savings vary considerably depending on the curtain and other factors. Savings are greatest for a single-glazed window above a radiator and the curtains are tucked behind it (up to 30%). Savings are lower for double-glazed windows, or where there is no radiator, or where the curtain is not well fitted into the reveal so that air can move freely around it. [Salford]
A6: Our approach starts with using the CHM to estimate the annual energy savings by area of window, single or double and by fuel type. The CHM was run with and without the closed curtains assumption. Differences by fuel are mainly to do with efficiency. We then scale up to a household using the average area of windows and the average proportion of single and double glazing.
A7: Closing curtains at night improves thermal comfort because it increases the radiative temperature in the room, by hiding the cold glass surface, and it also reduces draughts in the vicinity of the window
A9: In this table and chart, low and high levels are the 25% and 75% quantiles for savings across the stock.
A10: Savings (modelled in the CHM) by window area | B10: Gas low | C10: Gas Mean | D10: Gas high | E10: Oil low | F10: Oil Mean | G10: Oil high | H10: Elec low | I10: Elec Mean | J10: Elec high
A11: Closing curtains on single glazed windows | B11: 28 | C11: 34 | D11: 37 | E11: 26 | F11: 30 | G11: 33 | H11: 32 | I11: 33 | J11: 34 | K11: kWh/m2/year
